Workbook
Name \0: #REF!
Name \A: #REF!
Name \B: #REF!
Name \C: #REF!
Name \M: #REF!
Name ______UAG99: #REF!
Name _____cpi1: #REF!
Name _____CPI2: #REF!
Name _____IRR1: #REF!
Name _____LUT1: #REF!
Name _____NPV1: #REF!
Name _____UAG99: #REF!
Name ____cpi1: #REF!
Name ____CPI2: #REF!
Name ____IRR1: #REF!
Name ____IZS2: #REF!
Name ____LUT1: #REF!
Name ____NPV1: #REF!
Name ____NPV2: #REF!
Name ____UAG99: #REF!
Name ___cpi1: #REF!
Name ___CPI2: #REF!
Name ___IRR1: #REF!
Name ___IZS2: #REF!
Name ___LUT1: #REF!
Name ___May08: #REF!
Name ___NPV1: #REF!
Name ___NPV2: #REF!
Name ___Tot220: #REF!
Name ___Tot237: #REF!
Name ___Tot257: #REF!
Name ___Tot258: #REF!
Name ___UAG99: #REF!
Name __cpi1: #REF!
Name __CPI2: #REF!
Name __DAT1: #REF!
Name __DAT14: #REF!
Name __DAT5: #REF!
Name __DAT6: #REF!
Name __DataSet1__: #REF!
Name __DataSet2__: #REF!
Name __DataSet3__: #REF!
Name __DataSet4__: #REF!
Name __int997: #REF!
Name __IRR1: #REF!
Name __IZS2: #REF!
Name __JUN09: #REF!
Name __LUT1: #REF!
Name __MAIN__: #REF!
Name __May08: #REF!
Name __NPV1: #REF!
Name __NPV2: #REF!
Name __PL1: #REF!
Name __TableData__: #REF!
Name __TB1: #REF!
Name __Tot220: #REF!
Name __Tot221: #REF!
Name __Tot232: #REF!
Name __Tot237: #REF!
Name __Tot257: #REF!

Sheet Cover
A1: Gas Pipeline Operator
A2: Reporting template
A4: This template is to be uploaded by a Gas Pipeline Operator to its website to fulfil its annual reporting obligations.
A6: Colour coding of input sheets:
A7: Dark cyan = ERA instructions/headings
A8: Yellow = Input cells
A9: Grey - Not applicable/No inputs required
A11: Leave coloured cells blank if no information exists - PLEASE DO NOT ENTER TEXT unless specifically requested to do so.
A12: All dollar amounts are to be unrounded, and in nominal terms.
A15: Service provider: | C15: APA NORTHERN GOLDFIELDS INTERCONNECT PTY LTD
A17: Australian business number: | C17: 33 646 298 142
A19: Pipeline name: | C19: Northern Goldfields Interconnect
A21: Reporting period start date: | C21: 45839
A23: Reporting period end date: | C23: 46203
A25: Publication date of this report: | C25: 46325
A27: Reported information is current at: | C27: 46203
A29: Has any information in this template been amended since last published within this current reporting period? | C29: No | F29: Amendment reference
A33: Business address | B33: Address | D33: Level 10, 121 Castlereagh Street
B34: Suburb | D34: Sydney
C35: State | D35: NSW | E35: Postcode | F35: 2000
A37: Postal address | B37: Address | D37: PO Box R41
B38: Suburb | D38: Royal Exchange
C39: State | D39: NSW | E39: Postcode | F39: 1225
A42: Contact name/s | B42: Andrew Nairn (General Manager Investor Relations)
A43: Contact phone/s | B43: +61 (03) 8416 2887
A44: Contact email address/s | B44: APARegReporting@apa.com.au

Sheet Contents
F3: Table of contents

Sheet Summary
B1: Summary
B2: =Tradingname -> APA NORTHERN GOLDFIELDS INTERCONNECT PTY LTD
B3: Year ending | C3: =TEXT(Yearstart,"dd/mm/yyyy")&" to "&TEXT(Yearending,"dd/mm/yyyy") -> 01/07/2025 to 30/06/2026
B4: All numbers are expressed in $nominal
B8: Revenues and expenses (Table 2.1) | C8: Amounts excluding related party transactions | D8: Related party transactions | E8: Total
B9: Direct revenue | C9: ='2. Revenues and expenses'!D16 -> 16744265 | D9: ='2. Revenues and expenses'!E16 -> 30839.52 | E9: ='2. Revenues and expenses'!F16 -> 16775105
B10: Indirect revenue allocated | C10: ='2. Revenues and expenses'!D19 -> 0 | D10: ='2. Revenues and expenses'!E19 -> 0 | E10: ='2. Revenues and expenses'!F19 -> 0
B11: Total revenue | C11: ='2. Revenues and expenses'!D20 -> 16744265 | D11: ='2. Revenues and expenses'!E20 -> 30839.52 | E11: ='2. Revenues and expenses'!F20 -> 16775105
B12: Direct costs | C12: ='2. Revenues and expenses'!D30 -> -12781116 | D12: ='2. Revenues and expenses'!E30 -> -23540.208 | E12: ='2. Revenues and expenses'!F30 -> -12804656
B13: Shared costs allocated | C13: ='2. Revenues and expenses'!D41 -> -1549785.4 | D13: ='2. Revenues and expenses'!E41 -> 0 | E13: ='2. Revenues and expenses'!F41 -> -1549785.4
B14: Total costs | C14: ='2. Revenues and expenses'!D42 -> -14330901 | D14: ='2. Revenues and expenses'!E42 -> -23540.208 | E14: ='2. Revenues and expenses'!F42 -> -14354442
B15: Earnings before interest and tax (EBIT) | C15: ='2. Revenues and expenses'!D43 -> 2413363.9 | D15: ='2. Revenues and expenses'!E43 -> 7299.3125 | E15: ='2. Revenues and expenses'!F43 -> 2420663.2
B18: Statement of pipeline assets (Table 3.1) | C18: Cumulative value as at current reporting period | D18: Cumulative value as at previous reporting period
B19: Pipelines | C19: ='3. Statement of pipeline assets'!D16 -> 4.2532132e+08 | D19: ='3. Statement of pipeline assets'!E16 -> 0
B20: Compressors | C20: ='3. Statement of pipeline assets'!D23 -> 68860789 | D20: ='3. Statement of pipeline assets'!E23 -> 0
B21: City Gates, supply regulators and valve stations | C21: ='3. Statement of pipeline assets'!D30 -> 7494046.9 | D21: ='3. Statement of pipeline assets'!E30 -> 0
B22: Metering | C22: ='3. Statement of pipeline assets'!D37 -> 27552220 | D22: ='3. Statement of pipeline assets'!E37 -> 0
B23: Odourant plants | C23: ='3. Statement of pipeline assets'!D44 -> 0 | D23: ='3. Statement of pipeline assets'!E44 -> 0
B24: SCADA (Communications) | C24: ='3. Statement of pipeline assets'!D51 -> 1380134.4 | D24: ='3. Statement of pipeline assets'!E51 -> 0
B25: Buildings | C25: ='3. Statement of pipeline assets'!D58 -> 622180.75 | D25: ='3. Statement of pipeline assets'!E58 -> 0
B26: Land and easements | C26: ='3. Statement of pipeline assets'!D64 -> 70427.6 | D26: ='3. Statement of pipeline assets'!E64 -> 0
B27: Other depreciable pipeline assets | C27: ='3. Statement of pipeline assets'!D71 -> 1041496.7 | D27: ='3. Statement of pipeline assets'!E71 -> 0
B28: Leased Assets | C28: ='3. Statement of pipeline assets'!D78 -> 13810.44 | D28: ='3. Statement of pipeline assets'!E78 -> 0
B29: Other non-depreciable pipeline assets | C29: ='3. Statement of pipeline assets'!D79 -> 1903281.4 | D29: ='3. Statement of pipeline assets'!E79 -> 0
B30: Total pipeline assets | C30: ='3. Statement of pipeline assets'!D80 -> 5.3425971e+08 | D30: ='3. Statement of pipeline assets'!E80 -> 0
B31: Shared property, plant and equipment | C31: ='3. Statement of pipeline assets'!D88 -> 1397763.5 | D31: ='3. Statement of pipeline assets'!E88 -> 0
B32: Shared leased assets | C32: ='3. Statement of pipeline assets'!D95 -> 85692.592 | D32: ='3. Statement of pipeline assets'!E95 -> 0
B33: Inventories | C33: ='3. Statement of pipeline assets'!D96 -> 0 | D33: ='3. Statement of pipeline assets'!E96 -> 0
B34: Deferred tax assets | C34: ='3. Statement of pipeline assets'!D97 -> 0 | D34: ='3. Statement of pipeline assets'!E97 -> 0
B35: Other shared assets | C35: ='3. Statement of pipeline assets'!D98 -> 0 | D35: ='3. Statement of pipeline assets'!E98 -> 0
B36: Total shared assets allocated | C36: ='3. Statement of pipeline assets'!D99 -> 1483456.1 | D36: ='3. Statement of pipeline assets'!E99 -> 0
B37: Total assets | C37: ='3. Statement of pipeline assets'!D100 -> 5.3574316e+08 | D37: ='3. Statement of pipeline assets'!E100 -> 0
B38: Return on assets (EBIT/Total assets value) (Table 1.1.1) | C38: ='1.1 Financial performance'!C10 -> 0.0045183278
B41: Recovered capital value (Table 4.1) | C41: Cumulative value as at current reporting period | D41: =VALUE(RIGHT(TEXT(Yearending,"dd/mm/yyyy"),4)) -> 2026
B42: Pipeline assets cost base | C42: ='4. Recovered capital'!E16 -> 5.838768e+08
B43: Shared assets allocated cost base | C43: ='4. Recovered capital'!E23 -> 2071859.5
B44: Total assets | C44: ='4. Recovered capital'!E24 -> 5.8594866e+08
B45: Return of capital
B46: Revenue | C46: ='4. Recovered capital'!E26 -> 47719713 | D46: =IFERROR(INDEX('4. Recovered capital'!$I$8:$BK$34,MATCH($B46,'4. Recovered capital'!$D$8:$D$34,0),MATCH(D$41,'4. Recovered capital'!$I$8:$BK$8,0)),) -> 16775105
B47: Operating expenses | C47: ='4. Recovered capital'!E27 -> -17732557 | D47: =IFERROR(INDEX('4. Recovered capital'!$I$8:$BK$34,MATCH($B47,'4. Recovered capital'!$D$8:$D$34,0),MATCH(D$41,'4. Recovered capital'!$I$8:$BK$8,0)),) -> -5245196.4
B48: Net tax liabilities | C48: ='4. Recovered capital'!E28 -> 0 | D48: =IFERROR(INDEX('4. Recovered capital'!$I$8:$BK$34,MATCH($B48,'4. Recovered capital'!$D$8:$D$34,0),MATCH(D$41,'4. Recovered capital'!$I$8:$BK$8,0)),) -> 0
B49: Leased Asset Interest/Financing Charge | C49: ='4. Recovered capital'!E29 -> -45900.641 | D49: =IFERROR(INDEX('4. Recovered capital'!$I$8:$BK$34,MATCH($B49,'4. Recovered capital'!$D$8:$D$34,0),MATCH(D$41,'4. Recovered capital'!$I$8:$BK$8,0)),) -> -26380.464
B50: Return on capital | C50: ='4. Recovered capital'!E30 -> -1.7927167e+08 | D50: =IFERROR(INDEX('4. Recovered capital'!$I$8:$BK$34,MATCH($B50,'4. Recovered capital'!$D$8:$D$34,0),MATCH(D$41,'4. Recovered capital'!$I$8:$BK$8,0)),) -> -57825362
B51: Total return of capital | C51: ='4. Recovered capital'!E31 -> -1.4933042e+08 | D51: =IFERROR(INDEX('4. Recovered capital'!$I$8:$BK$34,MATCH($B51,'4. Recovered capital'!$D$8:$D$34,0),MATCH(D$41,'4. Recovered capital'!$I$8:$BK$8,0)),) -> -46321834
B52: Recovered capital method total asset value | C52: ='4. Recovered capital'!E32 -> 7.3527908e+08 | D52: =IFERROR(INDEX('4. Recovered capital'!$I$8:$BK$34,MATCH($B52,'4. Recovered capital'!$D$8:$D$34,0),MATCH(D$41,'4. Recovered capital'!$I$8:$BK$8,0)),) -> 48037835
B53: Opening asset value | D53: =IFERROR(INDEX('4. Recovered capital'!$I$8:$BK$34,MATCH($B53,'4. Recovered capital'!$D$8:$D$34,0),MATCH(D$41,'4. Recovered capital'!$I$8:$BK$8,0)),) -> 6.8724124e+08
B54: Rate of return (WACC) | D54: =IFERROR(INDEX('4. Recovered capital'!$I$8:$BK$34,MATCH($B54,'4. Recovered capital'!$D$8:$D$34,0),MATCH(D$41,'4. Recovered capital'!$I$8:$BK$8,0)),) -> 0.084141286
B57: For information only - yearly percentage change | C57: =D57-1 -> 2022 | D57: =E57-1 -> 2023 | E57: =F57-1 -> 2024 | F57: =G57-1 -> 2025 | G57: =VALUE(RIGHT(TEXT(Yearending,"dd/mm/yyyy"),4)) -> 2026
B58: Revenue | C58: =IFERROR(INDEX('4. Recovered capital'!$I$8:$BK$32,MATCH($B58,'4. Recovered capital'!$D$8:$D$32,0),MATCH(C$57,'4. Recovered capital'!$I$8:$BK$8,0))/INDEX('4. Recovered capital'!$I$8:$BK$32,MATCH($B58,'4. Recovered capital'!$D$8:$D$32,0),MATCH(C$57-1,'4. Recovered capital'!$I$8:$BK$8,0))-1,"NA") -> NA | D58: =IFERROR(INDEX('4. Recovered capital'!$I$8:$BK$32,MATCH($B58,'4. Recovered capital'!$D$8:$D$32,0),MATCH(D$57,'4. Recovered capital'!$I$8:$BK$8,0))/INDEX('4. Recovered capital'!$I$8:$BK$32,MATCH($B58,'4. Recovered capital'!$D$8:$D$32,0),MATCH(D$57-1,'4. Recovered capital'!$I$8:$BK$8,0))-1,"NA") -> NA | E58: =IFERROR(INDEX('4. Recovered capital'!$I$8:$BK$32,MATCH($B58,'4. Recovered capital'!$D$8:$D$32,0),MATCH(E$57,'4. Recovered capital'!$I$8:$BK$8,0))/INDEX('4. Recovered capital'!$I$8:$BK$32,MATCH($B58,'4. Recovered capital'!$D$8:$D$32,0),MATCH(E$57-1,'4. Recovered capital'!$I$8:$BK$8,0))-1,"NA") -> NA | F58: =IFERROR(INDEX('4. Recovered capital'!$I$8:$BK$32,MATCH($B58,'4. Recovered capital'!$D$8:$D$32,0),MATCH(F$57,'4. Recovered capital'!$I$8:$BK$8,0))/INDEX('4. Recovered capital'!$I$8:$BK$32,MATCH($B58,'4. Recovered capital'!$D$8:$D$32,0),MATCH(F$57-1,'4. Recovered capital'!$I$8:$BK$8,0))-1,"NA") -> 0.37104655 | G58: =IFERROR(INDEX('4. Recovered capital'!$I$8:$BK$32,MATCH($B58,'4. Recovered capital'!$D$8:$D$32,0),MATCH(G$57,'4. Recovered capital'!$I$8:$BK$8,0))/INDEX('4. Recovered capital'!$I$8:$BK$32,MATCH($B58,'4. Recovered capital'!$D$8:$D$32,0),MATCH(G$57-1,'4. Recovered capital'!$I$8:$BK$8,0))-1,"NA") -> -0.062506781
B59: Operating expenses | C59: =IFERROR(INDEX('4. Recovered capital'!$I$8:$BK$32,MATCH($B59,'4. Recovered capital'!$D$8:$D$32,0),MATCH(C$57,'4. Recovered capital'!$I$8:$BK$8,0))/INDEX('4. Recovered capital'!$I$8:$BK$32,MATCH($B59,'4. Recovered capital'!$D$8:$D$32,0),MATCH(C$57-1,'4. Recovered capital'!$I$8:$BK$8,0))-1,"NA") -> NA | D59: =IFERROR(INDEX('4. Recovered capital'!$I$8:$BK$32,MATCH($B59,'4. Recovered capital'!$D$8:$D$32,0),MATCH(D$57,'4. Recovered capital'!$I$8:$BK$8,0))/INDEX('4. Recovered capital'!$I$8:$BK$32,MATCH($B59,'4. Recovered capital'!$D$8:$D$32,0),MATCH(D$57-1,'4. Recovered capital'!$I$8:$BK$8,0))-1,"NA") -> NA | E59: =IFERROR(INDEX('4. Recovered capital'!$I$8:$BK$32,MATCH($B59,'4. Recovered capital'!$D$8:$D$32,0),MATCH(E$57,'4. Recovered capital'!$I$8:$BK$8,0))/INDEX('4. Recovered capital'!$I$8:$BK$32,MATCH($B59,'4. Recovered capital'!$D$8:$D$32,0),MATCH(E$57-1,'4. Recovered capital'!$I$8:$BK$8,0))-1,"NA") -> NA | F59: =IFERROR(INDEX('4. Recovered capital'!$I$8:$BK$32,MATCH($B59,'4. Recovered capital'!$D$8:$D$32,0),MATCH(F$57,'4. Recovered capital'!$I$8:$BK$8,0))/INDEX('4. Recovered capital'!$I$8:$BK$32,MATCH($B59,'4. Recovered capital'!$D$8:$D$32,0),MATCH(F$57-1,'4. Recovered capital'!$I$8:$BK$8,0))-1,"NA") -> -0.15538569 | G59: =IFERROR(INDEX('4. Recovered capital'!$I$8:$BK$32,MATCH($B59,'4. Recovered capital'!$D$8:$D$32,0),MATCH(G$57,'4. Recovered capital'!$I$8:$BK$8,0))/INDEX('4. Recovered capital'!$I$8:$BK$32,MATCH($B59,'4. Recovered capital'!$D$8:$D$32,0),MATCH(G$57-1,'4. Recovered capital'!$I$8:$BK$8,0))-1,"NA") -> 0.12452868
B60: Net tax liabilities | C60: =IFERROR(INDEX('4. Recovered capital'!$I$8:$BK$32,MATCH($B60,'4. Recovered capital'!$D$8:$D$32,0),MATCH(C$57,'4. Recovered capital'!$I$8:$BK$8,0))/INDEX('4. Recovered capital'!$I$8:$BK$32,MATCH($B60,'4. Recovered capital'!$D$8:$D$32,0),MATCH(C$57-1,'4. Recovered capital'!$I$8:$BK$8,0))-1,"NA") -> NA | D60: =IFERROR(INDEX('4. Recovered capital'!$I$8:$BK$32,MATCH($B60,'4. Recovered capital'!$D$8:$D$32,0),MATCH(D$57,'4. Recovered capital'!$I$8:$BK$8,0))/INDEX('4. Recovered capital'!$I$8:$BK$32,MATCH($B60,'4. Recovered capital'!$D$8:$D$32,0),MATCH(D$57-1,'4. Recovered capital'!$I$8:$BK$8,0))-1,"NA") -> NA | E60: =IFERROR(INDEX('4. Recovered capital'!$I$8:$BK$32,MATCH($B60,'4. Recovered capital'!$D$8:$D$32,0),MATCH(E$57,'4. Recovered capital'!$I$8:$BK$8,0))/INDEX('4. Recovered capital'!$I$8:$BK$32,MATCH($B60,'4. Recovered capital'!$D$8:$D$32,0),MATCH(E$57-1,'4. Recovered capital'!$I$8:$BK$8,0))-1,"NA") -> NA | F60: =IFERROR(INDEX('4. Recovered capital'!$I$8:$BK$32,MATCH($B60,'4. Recovered capital'!$D$8:$D$32,0),MATCH(F$57,'4. Recovered capital'!$I$8:$BK$8,0))/INDEX('4. Recovered capital'!$I$8:$BK$32,MATCH($B60,'4. Recovered capital'!$D$8:$D$32,0),MATCH(F$57-1,'4. Recovered capital'!$I$8:$BK$8,0))-1,"NA") -> NA | G60: =IFERROR(INDEX('4. Recovered capital'!$I$8:$BK$32,MATCH($B60,'4. Recovered capital'!$D$8:$D$32,0),MATCH(G$57,'4. Recovered capital'!$I$8:$BK$8,0))/INDEX('4. Recovered capital'!$I$8:$BK$32,MATCH($B60,'4. Recovered capital'!$D$8:$D$32,0),MATCH(G$57-1,'4. Recovered capital'!$I$8:$BK$8,0))-1,"NA") -> NA
B61: Leased Asset Interest/Financing Charge | C61: =IFERROR(INDEX('4. Recovered capital'!$I$8:$BK$32,MATCH($B61,'4. Recovered capital'!$D$8:$D$32,0),MATCH(C$57,'4. Recovered capital'!$I$8:$BK$8,0))/INDEX('4. Recovered capital'!$I$8:$BK$32,MATCH($B61,'4. Recovered capital'!$D$8:$D$32,0),MATCH(C$57-1,'4. Recovered capital'!$I$8:$BK$8,0))-1,"NA") -> NA | D61: =IFERROR(INDEX('4. Recovered capital'!$I$8:$BK$32,MATCH($B61,'4. Recovered capital'!$D$8:$D$32,0),MATCH(D$57,'4. Recovered capital'!$I$8:$BK$8,0))/INDEX('4. Recovered capital'!$I$8:$BK$32,MATCH($B61,'4. Recovered capital'!$D$8:$D$32,0),MATCH(D$57-1,'4. Recovered capital'!$I$8:$BK$8,0))-1,"NA") -> NA | E61: =IFERROR(INDEX('4. Recovered capital'!$I$8:$BK$32,MATCH($B61,'4. Recovered capital'!$D$8:$D$32,0),MATCH(E$57,'4. Recovered capital'!$I$8:$BK$8,0))/INDEX('4. Recovered capital'!$I$8:$BK$32,MATCH($B61,'4. Recovered capital'!$D$8:$D$32,0),MATCH(E$57-1,'4. Recovered capital'!$I$8:$BK$8,0))-1,"NA") -> NA | F61: =IFERROR(INDEX('4. Recovered capital'!$I$8:$BK$32,MATCH($B61,'4. Recovered capital'!$D$8:$D$32,0),MATCH(F$57,'4. Recovered capital'!$I$8:$BK$8,0))/INDEX('4. Recovered capital'!$I$8:$BK$32,MATCH($B61,'4. Recovered capital'!$D$8:$D$32,0),MATCH(F$57-1,'4. Recovered capital'!$I$8:$BK$8,0))-1,"NA") -> 0.018099668 | G61: =IFERROR(INDEX('4. Recovered capital'!$I$8:$BK$32,MATCH($B61,'4. Recovered capital'!$D$8:$D$32,0),MATCH(G$57,'4. Recovered capital'!$I$8:$BK$8,0))/INDEX('4. Recovered capital'!$I$8:$BK$32,MATCH($B61,'4. Recovered capital'!$D$8:$D$32,0),MATCH(G$57-1,'4. Recovered capital'!$I$8:$BK$8,0))-1,"NA") -> 1.6788661
B62: Return on capital | C62: =IFERROR(INDEX('4. Recovered capital'!$I$8:$BK$32,MATCH($B62,'4. Recovered capital'!$D$8:$D$32,0),MATCH(C$57,'4. Recovered capital'!$I$8:$BK$8,0))/INDEX('4. Recovered capital'!$I$8:$BK$32,MATCH($B62,'4. Recovered capital'!$D$8:$D$32,0),MATCH(C$57-1,'4. Recovered capital'!$I$8:$BK$8,0))-1,"NA") -> NA | D62: =IFERROR(INDEX('4. Recovered capital'!$I$8:$BK$32,MATCH($B62,'4. Recovered capital'!$D$8:$D$32,0),MATCH(D$57,'4. Recovered capital'!$I$8:$BK$8,0))/INDEX('4. Recovered capital'!$I$8:$BK$32,MATCH($B62,'4. Recovered capital'!$D$8:$D$32,0),MATCH(D$57-1,'4. Recovered capital'!$I$8:$BK$8,0))-1,"NA") -> NA | E62: =IFERROR(INDEX('4. Recovered capital'!$I$8:$BK$32,MATCH($B62,'4. Recovered capital'!$D$8:$D$32,0),MATCH(E$57,'4. Recovered capital'!$I$8:$BK$8,0))/INDEX('4. Recovered capital'!$I$8:$BK$32,MATCH($B62,'4. Recovered capital'!$D$8:$D$32,0),MATCH(E$57-1,'4. Recovered capital'!$I$8:$BK$8,0))-1,"NA") -> NA | F62: =IFERROR(INDEX('4. Recovered capital'!$I$8:$BK$32,MATCH($B62,'4. Recovered capital'!$D$8:$D$32,0),MATCH(F$57,'4. Recovered capital'!$I$8:$BK$8,0))/INDEX('4. Recovered capital'!$I$8:$BK$32,MATCH($B62,'4. Recovered capital'!$D$8:$D$32,0),MATCH(F$57-1,'4. Recovered capital'!$I$8:$BK$8,0))-1,"NA") -> 0.14313634 | G62: =IFERROR(INDEX('4. Recovered capital'!$I$8:$BK$32,MATCH($B62,'4. Recovered capital'!$D$8:$D$32,0),MATCH(G$57,'4. Recovered capital'!$I$8:$BK$8,0))/INDEX('4. Recovered capital'!$I$8:$BK$32,MATCH($B62,'4. Recovered capital'!$D$8:$D$32,0),MATCH(G$57-1,'4. Recovered capital'!$I$8:$BK$8,0))-1,"NA") -> 0.12657538
B63: Total Return of Capital | C63: =IFERROR(INDEX('4. Recovered capital'!$I$8:$BK$32,MATCH($B63,'4. Recovered capital'!$D$8:$D$32,0),MATCH(C$57,'4. Recovered capital'!$I$8:$BK$8,0))/INDEX('4. Recovered capital'!$I$8:$BK$32,MATCH($B63,'4. Recovered capital'!$D$8:$D$32,0),MATCH(C$57-1,'4. Recovered capital'!$I$8:$BK$8,0))-1,"NA") -> NA | D63: =IFERROR(INDEX('4. Recovered capital'!$I$8:$BK$32,MATCH($B63,'4. Recovered capital'!$D$8:$D$32,0),MATCH(D$57,'4. Recovered capital'!$I$8:$BK$8,0))/INDEX('4. Recovered capital'!$I$8:$BK$32,MATCH($B63,'4. Recovered capital'!$D$8:$D$32,0),MATCH(D$57-1,'4. Recovered capital'!$I$8:$BK$8,0))-1,"NA") -> NA | E63: =IFERROR(INDEX('4. Recovered capital'!$I$8:$BK$32,MATCH($B63,'4. Recovered capital'!$D$8:$D$32,0),MATCH(E$57,'4. Recovered capital'!$I$8:$BK$8,0))/INDEX('4. Recovered capital'!$I$8:$BK$32,MATCH($B63,'4. Recovered capital'!$D$8:$D$32,0),MATCH(E$57-1,'4. Recovered capital'!$I$8:$BK$8,0))-1,"NA") -> NA | F63: =IFERROR(INDEX('4. Recovered capital'!$I$8:$BK$32,MATCH($B63,'4. Recovered capital'!$D$8:$D$32,0),MATCH(F$57,'4. Recovered capital'!$I$8:$BK$8,0))/INDEX('4. Recovered capital'!$I$8:$BK$32,MATCH($B63,'4. Recovered capital'!$D$8:$D$32,0),MATCH(F$57-1,'4. Recovered capital'!$I$8:$BK$8,0))-1,"NA") -> 0.019435479 | G63: =IFERROR(INDEX('4. Recovered capital'!$I$8:$BK$32,MATCH($B63,'4. Recovered capital'!$D$8:$D$32,0),MATCH(G$57,'4. Recovered capital'!$I$8:$BK$8,0))/INDEX('4. Recovered capital'!$I$8:$BK$32,MATCH($B63,'4. Recovered capital'!$D$8:$D$32,0),MATCH(G$57-1,'4. Recovered capital'!$I$8:$BK$8,0))-1,"NA") -> 0.21550685
B66: Weighted average price (Table 5.1) | C66: Capacity based charges | F66: Volumetric based charges
B67: Service description | C67: Revenue $'000 | D67: MDQ Total TJ | E67: WAP $/GJ | F67: Revenue $'000 | G67: Total TJ | H67: WAP $/GJ
B68: Transportation services
B69: Firm forward haul transportation services
B70: Postage Stamp | C70: ='5. Weighted average price'!M12 -> 15445.277 | D70: ='5. Weighted average price'!N12 -> 4880.7 | E70: ='5. Weighted average price'!O12 -> 3.1645618 | F70: ='5. Weighted average price'!P12 -> 0 | G70: ='5. Weighted average price'!Q12 -> 0 | H70: ='5. Weighted average price'!R12 -> 0
B71: Zonal based - Zone 1 | C71: ='5. Weighted average price'!T12 -> 0 | D71: ='5. Weighted average price'!U12 -> 0 | E71: ='5. Weighted average price'!V12 -> 0 | F71: ='5. Weighted average price'!W12 -> 0 | G71: ='5. Weighted average price'!X12 -> 0 | H71: ='5. Weighted average price'!Y12 -> 0
B72: Zonal based - Zone 2 | C72: ='5. Weighted average price'!Z12 -> 0 | D72: ='5. Weighted average price'!AA12 -> 0 | E72: ='5. Weighted average price'!AB12 -> 0 | F72: ='5. Weighted average price'!AC12 -> 0 | G72: ='5. Weighted average price'!AD12 -> 0 | H72: ='5. Weighted average price'!AE12 -> 0
B73: Zonal based - Zone 3 | C73: ='5. Weighted average price'!AF12 -> 0 | D73: ='5. Weighted average price'!AG12 -> 0 | E73: ='5. Weighted average price'!AH12 -> 0 | F73: ='5. Weighted average price'!AI12 -> 0 | G73: ='5. Weighted average price'!AJ12 -> 0 | H73: ='5. Weighted average price'!AK12 -> 0
B74: Distance based - Major delivery point 1 | C74: ='5. Weighted average price'!AM12 -> 0 | D74: ='5. Weighted average price'!AN12 -> 0 | E74: ='5. Weighted average price'!AO12 -> 0 | F74: ='5. Weighted average price'!AP12 -> 0 | G74: ='5. Weighted average price'!AQ12 -> 0 | H74: ='5. Weighted average price'!AR12 -> 0
B75: Distance based - Major delivery point 2 | C75: ='5. Weighted average price'!AS12 -> 0 | D75: ='5. Weighted average price'!AT12 -> 0 | E75: ='5. Weighted average price'!AU12 -> 0 | F75: ='5. Weighted average price'!AV12 -> 0 | G75: ='5. Weighted average price'!AW12 -> 0 | H75: ='5. Weighted average price'!AX12 -> 0
B76: Distance based - Major delivery point 3 | C76: ='5. Weighted average price'!AY12 -> 0 | D76: ='5. Weighted average price'!AZ12 -> 0 | E76: ='5. Weighted average price'!BA12 -> 0 | F76: ='5. Weighted average price'!BB12 -> 0 | G76: ='5. Weighted average price'!BC12 -> 0 | H76: ='5. Weighted average price'!BD12 -> 0
B77: Distance based - Other delivery points | C77: ='5. Weighted average price'!BE12 -> 0 | D77: ='5. Weighted average price'!BF12 -> 0 | E77: ='5. Weighted average price'!BG12 -> 0 | F77: ='5. Weighted average price'!BH12 -> 0 | G77: ='5. Weighted average price'!BI12 -> 0 | H77: ='5. Weighted average price'!BJ12 -> 0
B78: Interruptible or as available transportation services
B79: Postage Stamp | C79: ='5. Weighted average price'!M13 -> 0 | D79: ='5. Weighted average price'!N13 -> 0 | E79: ='5. Weighted average price'!O13 -> 0 | F79: ='5. Weighted average price'!P13 -> 616.01876 | G79: ='5. Weighted average price'!Q13 -> 121.395 | H79: ='5. Weighted average price'!R13 -> 5.0744986
B80: Zonal based - Zone 1 | C80: ='5. Weighted average price'!T13 -> 0 | D80: ='5. Weighted average price'!U13 -> 0 | E80: ='5. Weighted average price'!V13 -> 0 | F80: ='5. Weighted average price'!W13 -> 0 | G80: ='5. Weighted average price'!X13 -> 0 | H80: ='5. Weighted average price'!Y13 -> 0
B81: Zonal based - Zone 2 | C81: ='5. Weighted average price'!Z13 -> 0 | D81: ='5. Weighted average price'!AA13 -> 0 | E81: ='5. Weighted average price'!AB13 -> 0 | F81: ='5. Weighted average price'!AC13 -> 0 | G81: ='5. Weighted average price'!AD13 -> 0 | H81: ='5. Weighted average price'!AE13 -> 0
B82: Zonal based - Zone 3 | C82: ='5. Weighted average price'!AF13 -> 0 | D82: ='5. Weighted average price'!AG13 -> 0 | E82: ='5. Weighted average price'!AH13 -> 0 | F82: ='5. Weighted average price'!AI13 -> 0 | G82: ='5. Weighted average price'!AJ13 -> 0 | H82: ='5. Weighted average price'!AK13 -> 0
B83: Distance based - Major delivery point 1 | C83: ='5. Weighted average price'!AM13 -> 0 | D83: ='5. Weighted average price'!AN13 -> 0 | E83: ='5. Weighted average price'!AO13 -> 0 | F83: ='5. Weighted average price'!AP13 -> 0 | G83: ='5. Weighted average price'!AQ13 -> 0 | H83: ='5. Weighted average price'!AR13 -> 0
B84: Distance based - Major delivery point 2 | C84: ='5. Weighted average price'!AS13 -> 0 | D84: ='5. Weighted average price'!AT13 -> 0 | E84: ='5. Weighted average price'!AU13 -> 0 | F84: ='5. Weighted average price'!AV13 -> 0 | G84: ='5. Weighted average price'!AW13 -> 0 | H84: ='5. Weighted average price'!AX13 -> 0
B85: Distance based - Major delivery point 3 | C85: ='5. Weighted average price'!AY13 -> 0 | D85: ='5. Weighted average price'!AZ13 -> 0 | E85: ='5. Weighted average price'!BA13 -> 0 | F85: ='5. Weighted average price'!BB13 -> 0 | G85: ='5. Weighted average price'!BC13 -> 0 | H85: ='5. Weighted average price'!BD13 -> 0
B86: Distance based - Other delivery points | C86: ='5. Weighted average price'!BE13 -> 0 | D86: ='5. Weighted average price'!BF13 -> 0 | E86: ='5. Weighted average price'!BG13 -> 0 | F86: ='5. Weighted average price'!BH13 -> 0 | G86: ='5. Weighted average price'!BI13 -> 0 | H86: ='5. Weighted average price'!BJ13 -> 0
B87: Backhaul services
B88: Postage Stamp | C88: ='5. Weighted average price'!M14 -> 0 | D88: ='5. Weighted average price'!N14 -> 0 | E88: ='5. Weighted average price'!O14 -> 0 | F88: ='5. Weighted average price'!P14 -> 0 | G88: ='5. Weighted average price'!Q14 -> 0 | H88: ='5. Weighted average price'!R14 -> 0
B89: Zonal based - Zone 1 | C89: ='5. Weighted average price'!T14 -> 0 | D89: ='5. Weighted average price'!U14 -> 0 | E89: ='5. Weighted average price'!V14 -> 0 | F89: ='5. Weighted average price'!W14 -> 0 | G89: ='5. Weighted average price'!X14 -> 0 | H89: ='5. Weighted average price'!Y14 -> 0
B90: Zonal based - Zone 2 | C90: ='5. Weighted average price'!Z14 -> 0 | D90: ='5. Weighted average price'!AA14 -> 0 | E90: ='5. Weighted average price'!AB14 -> 0 | F90: ='5. Weighted average price'!AC14 -> 0 | G90: ='5. Weighted average price'!AD14 -> 0 | H90: ='5. Weighted average price'!AE14 -> 0
B91: Zonal based - Zone 3 | C91: ='5. Weighted average price'!AF14 -> 0 | D91: ='5. Weighted average price'!AG14 -> 0 | E91: ='5. Weighted average price'!AH14 -> 0 | F91: ='5. Weighted average price'!AI14 -> 0 | G91: ='5. Weighted average price'!AJ14 -> 0 | H91: ='5. Weighted average price'!AK14 -> 0
B92: Distance based - Major delivery point 1 | C92: ='5. Weighted average price'!AM14 -> 0 | D92: ='5. Weighted average price'!AN14 -> 0 | E92: ='5. Weighted average price'!AO14 -> 0 | F92: ='5. Weighted average price'!AP14 -> 0 | G92: ='5. Weighted average price'!AQ14 -> 0 | H92: ='5. Weighted average price'!AR14 -> 0
B93: Distance based - Major delivery point 2 | C93: ='5. Weighted average price'!AS14 -> 0 | D93: ='5. Weighted average price'!AT14 -> 0 | E93: ='5. Weighted average price'!AU14 -> 0 | F93: ='5. Weighted average price'!AV14 -> 0 | G93: ='5. Weighted average price'!AW14 -> 0 | H93: ='5. Weighted average price'!AX14 -> 0
B94: Distance based - Major delivery point 3 | C94: ='5. Weighted average price'!AY14 -> 0 | D94: ='5. Weighted average price'!AZ14 -> 0 | E94: ='5. Weighted average price'!BA14 -> 0 | F94: ='5. Weighted average price'!BB14 -> 0 | G94: ='5. Weighted average price'!BC14 -> 0 | H94: ='5. Weighted average price'!BD14 -> 0
B95: Distance based - Other delivery points | C95: ='5. Weighted average price'!BE14 -> 0 | D95: ='5. Weighted average price'!BF14 -> 0 | E95: ='5. Weighted average price'!BG14 -> 0 | F95: ='5. Weighted average price'!BH14 -> 0 | G95: ='5. Weighted average price'!BI14 -> 0 | H95: ='5. Weighted average price'!BJ14 -> 0
B96: Stand alone compression services
B97: Firm stand alone compression services | C97: ='5. Weighted average price'!F16 -> 0 | D97: ='5. Weighted average price'!G16 -> 0 | E97: ='5. Weighted average price'!H16 -> 0 | F97: ='5. Weighted average price'!I16 -> 0 | G97: ='5. Weighted average price'!J16 -> 0 | H97: ='5. Weighted average price'!K16 -> 0
B98: Storage services
B99: Firm park/park and loan services | C99: ='5. Weighted average price'!F18 -> 0 | D99: ='5. Weighted average price'!G18 -> 0 | E99: ='5. Weighted average price'!H18 -> 0 | F99: ='5. Weighted average price'!I18 -> 0 | G99: ='5. Weighted average price'!J18 -> 0 | H99: ='5. Weighted average price'!K18 -> 0
B100: Exempt services | C100: ='5. Weighted average price'!F19 -> 0 | F100: ='5. Weighted average price'!I19 -> 0
B103: For information only | C103: As reported in 'Statement of pipeline assets' | D103: As reported in 'Recovered capital'
B104: Total asset value (depreciated book value vs. recovered capital method asset value) | C104: =C37 -> 5.3574316e+08 | D104: =C52 -> 7.3527908e+08
B105: Shared asset value as a % of total asset value | C105: =IFERROR('3. Statement of pipeline assets'!D99/'3. Statement of pipeline assets'!D100,0) -> 0.0027689689 | D105: =IFERROR('4. Recovered capital'!E23/'4. Recovered capital'!E24,0) -> 0.0035359061
B106: Pipeline asset value as a % of total asset value | C106: =IFERROR('3. Statement of pipeline assets'!D80/'3. Statement of pipeline assets'!D100,0) -> 0.99723103 | D106: =IFERROR('4. Recovered capital'!E16/'4. Recovered capital'!E24,0) -> 0.99646409
C107: As reported in 'Revenue and expenses'
B108: Direct revenue as a % of total revenue | C108: =IFERROR('2. Revenues and expenses'!D16/'2. Revenues and expenses'!D20,0) -> 1
B109: Indirect revenue as a % of total revenue | C109: =IFERROR('2. Revenues and expenses'!D19/'2. Revenues and expenses'!D20,0) -> 0
B110: Direct costs as a % of total costs | C110: =IFERROR('2. Revenues and expenses'!D30/'2. Revenues and expenses'!D42,0) -> 0.89185709
B111: Shared costs as a % of total costs | C111: =IFERROR('2. Revenues and expenses'!D41/'2. Revenues and expenses'!D42,0) -> 0.10814291
B114: For reconciliation | C114: As reported in 'Revenue and expenses' | D114: As reported in 'Depreciation amortisation'
B115: Depreciation for pipeline assets | C115: ='2. Revenues and expenses'!F24 -> -8746259.1 | D115: ='3.3 Depreciation amortisation'!N53 -> -8746259.1
...

Sheet 1. Pipeline information
B1: Pipeline information
B2: =Tradingname -> APA NORTHERN GOLDFIELDS INTERCONNECT PTY LTD
B3: Reporting Period | C3: =TEXT(Yearstart,"dd/mm/yyyy")&" to "&TEXT(Yearending,"dd/mm/yyyy") -> 01/07/2025 to 30/06/2026
B5: Table 1.1: Pipeline details
B7: Pipeline location | C7: Western Australia
B8: Pipeline length (km) | C8: 579
B9: Number of customers | C9: 11
B10: Service type | C10: Transmission
B12: Table 1.2: Pipeline services provided
B14: Service description | C14: Provided to non related parties | D14: Provided to related parties
B15: Transportation services
B16: Firm forward haul transportation service | C16: Yes | D16: No
B17: Interruptible or as available transportation service | C17: Yes | D17: No
B18: Backhaul services | C18: No | D18: No
B19: Stand-alone compression services
B20: Firm stand-alone compression service | C20: No | D20: No
B21: Interruptible or as available stand-alone compression service | C21: No | D21: No
B22: Storage services
B23: Park services | C23: No | D23: No
B24: Park and loan services | C24: No | D24: No
B25: Trading services
B26: Capacity trading service | C26: No | D26: No
B27: In pipe trading service | C27: Yes | D27: No
B28: Other (please specify)
B29: other service (insert description)
B30: other service (insert description)
B31: other service (insert description)
B32: other service (insert description)
B33: other service (insert description)
B34: other service (insert description)
B35: other service (insert description)
B36: other service (insert description)

Sheet 1.1 Financial performance
B1: Financial performance measures
B2: =Tradingname -> APA NORTHERN GOLDFIELDS INTERCONNECT PTY LTD
B3: Reporting Period | C3: =TEXT(Yearstart,"dd/mm/yyyy")&" to "&TEXT(Yearending,"dd/mm/yyyy") -> 01/07/2025 to 30/06/2026
B5: Table 1.1.1: Return on assets
C7: Pipeline
B8: Earnings before interest and tax | C8: ='2. Revenues and expenses'!F43 -> 2420663.2
B9: Total assets | C9: ='3. Statement of pipeline assets'!$D$100 -> 5.3574316e+08
B10: Return on assets | C10: =IFERROR(C8/C9,0) -> 0.0045183278

Sheet 2. Revenues and expenses
B1: Statement of pipeline revenues and expenses
B2: =Tradingname -> APA NORTHERN GOLDFIELDS INTERCONNECT PTY LTD
B3: Reporting Period | C3: =TEXT(Yearstart,"dd/mm/yyyy")&" to "&TEXT(Yearending,"dd/mm/yyyy") -> 01/07/2025 to 30/06/2026
B5: Table 2.1: Statement of pipeline revenues and expenses
D7: Reporting period | G7: Previous reporting period
B8: Basis of Preparation reference | C8: Description | D8: Amounts excluding related party transactions | E8: Related party transactions | F8: Total | G8: Amounts excluding related party transactions | H8: Related party transactions | I8: Total
D9: $ nominal | E9: $ nominal | F9: $ nominal | G9: $ nominal | H9: $ nominal | I9: $ nominal
C10: Direct revenue
B11: 2.3.1 & 2.3.1.1 | C11: Total service revenue | D11: ='2.1 Revenue by service'!D21 -> 16660864 | E11: ='2.1 Revenue by service'!E21 -> 30839.52 | F11: =SUM(D11:E11) -> 16691703 | G11: ='2.1 Revenue by service'!G21 -> 0 | H11: ='2.1 Revenue by service'!H21 -> 0 | I11: =SUM(G11:H11) -> 0
C12: Customer contribution revenue | D12: ='2.2 Revenue contributions '!C15 -> 0 | E12: ='2.2 Revenue contributions '!D15 -> 0 | F12: =SUM(D12:E12) -> 0 | I12: =SUM(G12:H12) -> 0
C13: Government contribution revenue | D13: ='2.2 Revenue contributions '!D27 -> 0 | F13: =SUM(D13:E13) -> 0 | I13: =SUM(G13:H13) -> 0
C14: Profit from sale of fixed assets | D14: 0 | F14: =SUM(D14:E14) -> 0 | I14: =SUM(G14:H14) -> 0
B15: 2.3.1 | C15: Other direct revenue | D15: 83401.28 | F15: =SUM(D15:E15) -> 83401.28 | I15: =SUM(G15:H15) -> 0
C16: Total direct revenue | D16: =SUM(D11:D15) -> 16744265 | E16: =SUM(E11:E15) -> 30839.52 | F16: =SUM(D16:E16) -> 16775105 | G16: =SUM(G11:G15) -> 0 | H16: =SUM(H11:H15) -> 0 | I16: =SUM(I11:I15) -> 0
C17: Indirect revenue allocated
C18: Other revenue | D18: ='2.3 Indirect revenue'!G36 -> 0 | E18: ='2.3 Indirect revenue'!H36 -> 0 | F18: =SUM(D18:E18) -> 0 | I18: =SUM(G18:H18) -> 0
C19: Total indirect revenue allocated | D19: =SUM(D18:D18) -> 0 | E19: =SUM(E18:E18) -> 0 | F19: =SUM(F18:F18) -> 0 | G19: =SUM(G18:G18) -> 0 | H19: =SUM(H18:H18) -> 0 | I19: =SUM(I18:I18) -> 0
C20: Total revenue | D20: =D16+D19 -> 16744265 | E20: =E16+E19 -> 30839.52 | F20: =F16+F19 -> 16775105 | G20: =G16+G19 -> 0 | H20: =H16+H19 -> 0 | I20: =I16+I19 -> 0
C21: Direct costs
B22: 2.3.2 | C22: Repairs and maintenance | D22: 0 | E22: 0 | F22: =SUM(D22:E22) -> 0 | I22: =SUM(G22:H22) -> 0
B23: 2.3.2 | C23: Wages | D23: -2983009.2 | E23: -5494.0943 | F23: =SUM(D23:E23) -> -2988503.3 | I23: =SUM(G23:H23) -> 0
B24: 2.3.2.1 | C24: Depreciation | D24: -8730179.9 | E24: -16079.21 | F24: =SUM(D24:E24) -> -8746259.1 | I24: =SUM(G24:H24) -> 0
B25: 2.3.2 | C25: Insurance | D25: -130124.05 | E25: -239.66195 | F25: =SUM(D25:E25) -> -130363.71 | I25: =SUM(G25:H25) -> 0
B26: 2.3.2 | C26: Licence and regulatory costs | D26: -245235.42 | E26: -451.6736 | F26: =SUM(D26:E26) -> -245687.09 | I26: =SUM(G26:H26) -> 0
B27: 2.3.2 | C27: Directly attributable finance charges | D27: -1139.0321 | E27: -2.0978648 | F27: =SUM(D27:E27) -> -1141.13 | I27: =SUM(G27:H27) -> 0
B28: 2.3.2 | C28: Leasing and rental costs | D28: -132682.55 | E28: -244.37418 | F28: =SUM(D28:E28) -> -132926.92 | I28: =SUM(G28:H28) -> 0
B29: 2.3.2 | C29: Other direct costs | D29: -558745.69 | E29: -1029.0956 | F29: =SUM(D29:E29) -> -559774.79 | I29: =SUM(G29:H29) -> 0
C30: Total direct costs | D30: =SUM(D22:D29) -> -12781116 | E30: =SUM(E22:E29) -> -23540.208 | F30: =SUM(F22:F29) -> -12804656 | G30: =SUM(G22:G29) -> 0 | H30: =SUM(H22:H29) -> 0 | I30: =SUM(I22:I29) -> 0
C31: Shared costs
C32: Employee costs | D32: =SUMIF('2.4 Shared costs'!$C$9:$C$35,'2. Revenues and expenses'!$C32,'2.4 Shared costs'!$H$9:$H$35) -> 0 | E32: =SUMIF('2.4 Shared costs'!$C$9:$C$35,'2. Revenues and expenses'!$C32,'2.4 Shared costs'!$I$9:$I$35) -> 0 | F32: =SUM(D32:E32) -> 0 | I32: =SUM(G32:H32) -> 0
C33: Information technology and communication costs | D33: =SUMIF('2.4 Shared costs'!$C$9:$C$35,'2. Revenues and expenses'!$C33,'2.4 Shared costs'!$H$9:$H$35) -> 0 | E33: =SUMIF('2.4 Shared costs'!$C$9:$C$35,'2. Revenues and expenses'!$C33,'2.4 Shared costs'!$I$9:$I$35) -> 0 | F33: =SUM(D33:E33) -> 0 | I33: =SUM(G33:H33) -> 0
C34: Indirect operating expenses | D34: =SUMIF('2.4 Shared costs'!$C$9:$C$35,'2. Revenues and expenses'!$C34,'2.4 Shared costs'!$H$9:$H$35) -> 0 | E34: =SUMIF('2.4 Shared costs'!$C$9:$C$35,'2. Revenues and expenses'!$C34,'2.4 Shared costs'!$I$9:$I$35) -> 0 | F34: =SUM(D34:E34) -> 0 | I34: =SUM(G34:H34) -> 0
B35: 2.3.2.1 | C35: Shared asset depreciation | D35: =SUMIF('2.4 Shared costs'!$C$9:$C$35,'2. Revenues and expenses'!$C35,'2.4 Shared costs'!$H$9:$H$35) -> -203889.96 | E35: =SUMIF('2.4 Shared costs'!$C$9:$C$35,'2. Revenues and expenses'!$C35,'2.4 Shared costs'!$I$9:$I$35) -> 0 | F35: =SUM(D35:E35) -> -203889.96 | I35: =SUM(G35:H35) -> 0
C36: Rental and leasing costs | D36: =SUMIF('2.4 Shared costs'!$C$9:$C$35,'2. Revenues and expenses'!$C36,'2.4 Shared costs'!$H$9:$H$35) -> 0 | E36: =SUMIF('2.4 Shared costs'!$C$9:$C$35,'2. Revenues and expenses'!$C36,'2.4 Shared costs'!$I$9:$I$35) -> 0 | F36: =SUM(D36:E36) -> 0 | I36: =SUM(G36:H36) -> 0
C37: Borrowing costs | D37: =SUMIF('2.4 Shared costs'!$C$9:$C$35,'2. Revenues and expenses'!$C37,'2.4 Shared costs'!$H$9:$H$35) -> 0 | E37: =SUMIF('2.4 Shared costs'!$C$9:$C$35,'2. Revenues and expenses'!$C37,'2.4 Shared costs'!$I$9:$I$35) -> 0 | F37: =SUM(D37:E37) -> 0 | I37: =SUM(G37:H37) -> 0
C38: Loss from sale of shared fixed assets | D38: =SUMIF('2.4 Shared costs'!$C$9:$C$35,'2. Revenues and expenses'!$C38,'2.4 Shared costs'!$H$9:$H$35) -> 0 | E38: =SUMIF('2.4 Shared costs'!$C$9:$C$35,'2. Revenues and expenses'!$C38,'2.4 Shared costs'!$I$9:$I$35) -> 0 | F38: =SUM(D38:E38) -> 0 | I38: =SUM(G38:H38) -> 0
B39: 2.4.4 | C39: Impairment losses (nature of the impairment loss) | D39: =SUMIF('2.4 Shared costs'!$C$9:$C$35,'2. Revenues and expenses'!$C39,'2.4 Shared costs'!$H$9:$H$35) -> 0 | E39: =SUMIF('2.4 Shared costs'!$C$9:$C$35,'2. Revenues and expenses'!$C39,'2.4 Shared costs'!$I$9:$I$35) -> 0 | F39: =SUM(D39:E39) -> 0 | I39: =SUM(G39:H39) -> 0
B40: 2.3.2.2 | C40: Other shared costs | D40: =SUMIF('2.4 Shared costs'!$C$9:$C$35,'2. Revenues and expenses'!$C40,'2.4 Shared costs'!$H$9:$H$35) -> -1345895.5 | E40: =SUMIF('2.4 Shared costs'!$C$9:$C$35,'2. Revenues and expenses'!$C40,'2.4 Shared costs'!$I$9:$I$35) -> 0 | F40: =SUM(D40:E40) -> -1345895.5 | I40: =SUM(G40:H40) -> 0
C41: Total shared costs allocated | D41: =SUM(D32:D40) -> -1549785.4 | E41: =SUM(E32:E40) -> 0 | F41: =SUM(F32:F40) -> -1549785.4 | I41: =SUM(I32:I40) -> 0
C42: Total costs | D42: =D30+D41 -> -14330901 | E42: =E30+E41 -> -23540.208 | F42: =F30+F41 -> -14354442 | I42: =I30+I41 -> 0
C43: Earnings before Interest and tax (EBIT) | D43: =D20+D42 -> 2413363.9 | E43: =E20+E42 -> 7299.3125 | F43: =F20+F42 -> 2420663.2 | I43: =I20+I42 -> 0

Sheet 2.1 Revenue by service
B1: Revenue by service
B2: =Tradingname -> APA NORTHERN GOLDFIELDS INTERCONNECT PTY LTD
B3: Reporting Period | C3: =TEXT(Yearstart,"dd/mm/yyyy")&" to "&TEXT(Yearending,"dd/mm/yyyy") -> 01/07/2025 to 30/06/2026
B5: Table 2.1.1: Revenue by service
D7: Reporting period | G7: Previous reporting period
B8: Basis of Preparation reference | C8: Description | D8: Amounts excluding related party transactions | E8: Related party transactions | F8: Total | G8: Amounts excluding related party transactions | H8: Related party transactions | I8: Total
D9: $ nominal | E9: $ nominal | F9: $ nominal | G9: $ nominal | H9: $ nominal | I9: $ nominal
C10: Revenue by service
B11: 2.3.1 & 2.3.1.1 | C11: Firm forward haul transportation services | D11: 15445277 | F11: =SUM(D11:E11) -> 15445277 | I11: =SUM(G11:H11) -> 0
B12: 2.3.1 | C12: Interruptible or as available transportation services | D12: 616018.76 | F12: =SUM(D12:E12) -> 616018.76 | I12: =SUM(G12:H12) -> 0
B13: 2.3.1 | C13: Backhaul services | D13: 0 | F13: =SUM(D13:E13) -> 0 | I13: =SUM(G13:H13) -> 0
B14: 2.3.1 | C14: Firm stand-alone compression service | D14: 0 | F14: =SUM(D14:E14) -> 0 | I14: =SUM(G14:H14) -> 0
B15: 2.3.1 | C15: Interruptible or as available stand-alone compression service | D15: 0 | F15: =SUM(D15:E15) -> 0 | I15: =SUM(G15:H15) -> 0
B16: 2.3.1 | C16: Park services | D16: 0 | F16: =SUM(D16:E16) -> 0 | I16: =SUM(G16:H16) -> 0
B17: 2.3.1 | C17: Park and loan services | D17: 0 | F17: =SUM(D17:E17) -> 0 | I17: =SUM(G17:H17) -> 0
B18: 2.3.1 | C18: Capacity trading service | D18: 0 | F18: =SUM(D18:E18) -> 0 | I18: =SUM(G18:H18) -> 0
B19: 2.3.1 | C19: In pipe trading service | D19: 6.6 | F19: =SUM(D19:E19) -> 6.6 | I19: =SUM(G19:H19) -> 0
B20: 2.3.1 | C20: Other pipeline revenue (if relevant) | D20: 599562.02 | E20: 30839.52 | F20: =SUM(D20:E20) -> 630401.54 | I20: =SUM(G20:H20) -> 0
C21: Total service revenue | D21: =SUM(D11:D20) -> 16660864 | E21: =SUM(E11:E20) -> 30839.52 | F21: =SUM(F11:F20) -> 16691703 | G21: =SUM(G11:G20) -> 0 | H21: =SUM(H11:H20) -> 0 | I21: =SUM(I11:I20) -> 0

Sheet 2.2 Revenue contributions 
B1: Revenue - contributions
B2: =Tradingname -> APA NORTHERN GOLDFIELDS INTERCONNECT PTY LTD
B3: Reporting Period | C3: =TEXT(Yearstart,"dd/mm/yyyy")&" to "&TEXT(Yearending,"dd/mm/yyyy") -> 01/07/2025 to 30/06/2026
B5: Table 2.2.1: Customer contributions received
B7: Description | C7: Amounts excluding related party transactions | D7: Related party transactions | E7: Total
C8: $ nominal | D8: $ nominal | E8: $ nominal
B9: Customer Contributions | C9: 0 | D9: 0 | E9: =SUM(C9:D9) -> 0
E10: =SUM(C10:D10) -> 0
E11: =SUM(C11:D11) -> 0
E12: =SUM(C12:D12) -> 0
E13: =SUM(C13:D13) -> 0
E14: =SUM(C14:D14) -> 0
B15: Total | C15: =SUM(C9:C14) -> 0 | D15: =SUM(D9:D14) -> 0 | E15: =SUM(E9:E14) -> 0
B17: Table 2.2.2: Government contributions received
B19: Source | C19: Description | D19: Total
D20: $ nominal
B27: Total | D27: =SUM(D21:D26) -> 0

Sheet 2.3 Indirect revenue
B1: Indirect revenue
B2: =Tradingname -> APA NORTHERN GOLDFIELDS INTERCONNECT PTY LTD | E2: Please ensure allocation methodologies are explained in sufficient detail in the Basis of Preparation as required under section 3.2.4 of the Guideline
B3: Reporting Period | C3: =TEXT(Yearstart,"dd/mm/yyyy")&" to "&TEXT(Yearending,"dd/mm/yyyy") -> 01/07/2025 to 30/06/2026
B5: Table 2.3.1: Indirect revenue allocation
B7: Basis of Preparation reference | C7: Description | D7: Indirect revenue excluding related parties | E7: Indirect revenue from related parties | F7: % allocated to pipeline | G7: Total allocated to pipeline excluding related parties | H7: Total related party amounts allocated to pipeline
C8: (list each individual revenue item) | D8: $ nominal | E8: $ nominal | G8: $ nominal | H8: $ nominal
G9: =D9*F9 -> 0 | H9: =E9*F9 -> 0
G10: =D10*F10 -> 0 | H10: =E10*F10 -> 0
G11: =D11*F11 -> 0 | H11: =E11*F11 -> 0
G12: =D12*F12 -> 0 | H12: =E12*F12 -> 0
G13: =D13*F13 -> 0 | H13: =E13*F13 -> 0
G14: =D14*F14 -> 0 | H14: =E14*F14 -> 0
G15: =D15*F15 -> 0 | H15: =E15*F15 -> 0
G16: =D16*F16 -> 0 | H16: =E16*F16 -> 0
G17: =D17*F17 -> 0 | H17: =E17*F17 -> 0
G18: =D18*F18 -> 0 | H18: =E18*F18 -> 0
G19: =D19*F19 -> 0 | H19: =E19*F19 -> 0
G20: =D20*F20 -> 0 | H20: =E20*F20 -> 0
... G35: =D35*F35 -> 0 | H35: =E35*F35 -> 0
C36: Total | D36: =SUM(D9:D35) -> 0 | E36: =SUM(E9:E35) -> 0 | G36: =SUM(G9:G35) -> 0 | H36: =SUM(H9:H35) -> 0

Sheet 2.4 Shared costs
B1: Shared costs
B2: =Tradingname -> APA NORTHERN GOLDFIELDS INTERCONNECT PTY LTD | E2: Please ensure allocation methodologies are explained in sufficient detail in the Basis of Preparation as required under section 3.2.4 of the Guideline
B3: Reporting Period | C3: =TEXT(Yearstart,"dd/mm/yyyy")&" to "&TEXT(Yearending,"dd/mm/yyyy") -> 01/07/2025 to 30/06/2026
B5: Table 2.4.1: Shared cost allocation
B7: Basis of Preparation reference | C7: Description | D7: Income statement account applied to | E7: Shared costs excluding related parties | F7: Shared costs paid to related parties | G7: % allocated to pipeline | H7: Total allocated to pipeline excluding related parties | I7: Total related party amounts allocated to pipeline
C8: (list each individual cost) | E8: $ nominal | F8: $ nominal | H8: $ nominal | I8: $ nominal
C9: Employee costs | H9: =E9*G9 -> 0 | I9: =F9*G9 -> 0
C10: Information technology and communication costs | H10: =E10*G10 -> 0 | I10: =F10*G10 -> 0
C11: Indirect operating expenses | H11: =E11*G11 -> 0 | I11: =F11*G11 -> 0
B12: 2.3.2.1 | C12: Shared asset depreciation | E12: -55832677 | G12: 0.0036518034 | H12: =E12*G12 -> -203889.96 | I12: =F12*G12 -> 0
C13: Rental and leasing costs | H13: =E13*G13 -> 0 | I13: =F13*G13 -> 0
C14: Borrowing costs | H14: =E14*G14 -> 0 | I14: =F14*G14 -> 0
C15: Loss from sale of shared fixed assets | H15: =E15*G15 -> 0 | I15: =F15*G15 -> 0
C16: Impairment losses (nature of the impairment loss) | H16: =E16*G16 -> 0 | I16: =F16*G16 -> 0
C17: Other shared costs | E17: =SUM(E18:E35) -> -1.5817367e+08 | F17: =SUM(F18:F35) -> 0 | H17: =SUM(H18:H35) -> -1345895.5 | I17: =SUM(I18:I35) -> 0
B18: 2.3.2.2 | C18: Corporate operating expenditure | E18: -1.3961034e+08 | G18: 0.0085089727 | H18: =E18*G18 -> -1187940.6 | I18: =F18*G18 -> 0
B19: 2.3.2.2 | C19: Shared leased interest | E19: -2966202.3 | G19: 0.0085089727 | H19: =E19*G19 -> -25239.334 | I19: =F19*G19 -> 0
B20: 2.3.2.1 | C20: Shared leased asset depreciation | E20: -15597130 | G20: 0.0085089727 | H20: =E20*G20 -> -132715.55 | I20: =F20*G20 -> 0
H21: =E21*G21 -> 0 | I21: =F21*G21 -> 0
H22: =E22*G22 -> 0 | I22: =F22*G22 -> 0
H23: =E23*G23 -> 0 | I23: =F23*G23 -> 0
H24: =E24*G24 -> 0 | I24: =F24*G24 -> 0
H25: =E25*G25 -> 0 | I25: =F25*G25 -> 0
H26: =E26*G26 -> 0 | I26: =F26*G26 -> 0
H27: =E27*G27 -> 0 | I27: =F27*G27 -> 0
H28: =E28*G28 -> 0 | I28: =F28*G28 -> 0
H29: =E29*G29 -> 0 | I29: =F29*G29 -> 0
H30: =E30*G30 -> 0 | I30: =F30*G30 -> 0
H31: =E31*G31 -> 0 | I31: =F31*G31 -> 0
H32: =E32*G32 -> 0 | I32: =F32*G32 -> 0
... H35: =E35*G35 -> 0 | I35: =F35*G35 -> 0
C36: Total | E36: =SUM(E9:E17) -> -2.1400635e+08 | F36: =SUM(F9:F17) -> 0 | H36: =SUM(H9:H17) -> -1549785.4 | I36: =SUM(I9:I17) -> 0

Sheet 3. Statement of pipeline assets
B1: Statement of pipeline assets
B2: =Tradingname -> APA NORTHERN GOLDFIELDS INTERCONNECT PTY LTD
B3: Reporting Period | C3: =TEXT(Yearstart,"dd/mm/yyyy")&" to "&TEXT(Yearending,"dd/mm/yyyy") -> 01/07/2025 to 30/06/2026
B5: Table 3.1: Pipeline assets
B7: Basis of Preparation reference | C7: Description | D7: Reporting period | E7: Previous reporting period
C8: Pipeline Assets
C9: Pipelines | D9: $ nominal | E9: $ nominal
B10: 2.4 | C10: Initial construction or acquisition costs | D10: =SUMIF('3.3 Depreciation amortisation'!$D$9:$D$52,'3. Statement of pipeline assets'!C9,'3.3 Depreciation amortisation'!$H$9:$H$52) -> 4.1082743e+08
B11: 2.4 | C11: Additions | D11: =SUMIF('3.3 Depreciation amortisation'!$D$9:$D$52,'3. Statement of pipeline assets'!C9,'3.3 Depreciation amortisation'!$I$9:$I$52) -> 31423952
B12: 2.4 | C12: Capitalised maintenance or improvements | D12: =SUMIF('3.3 Depreciation amortisation'!$D$9:$D$52,'3. Statement of pipeline assets'!C9,'3.3 Depreciation amortisation'!$J$9:$J$52) -> 0
C13: Total capitalised pipeline construction costs | D13: =SUM(D10:D12) -> 4.4225138e+08 | E13: =SUM(E10:E12) -> 0
B14: 2.4 | C14: Depreciation | D14: =SUMIF('3.3 Depreciation amortisation'!$D$9:$D$52,'3. Statement of pipeline assets'!C9,'3.3 Depreciation amortisation'!$M$9:$M$52)+SUMIF('3.3 Depreciation amortisation'!$D$9:$D$52,'3. Statement of pipeline assets'!C9,'3.3 Depreciation amortisation'!$N$9:$N$52) -> -16930062
B15: 2.4 | C15: Disposals or early termination (at cost) | D15: =SUMIF('3.3 Depreciation amortisation'!$D$9:$D$52,'3. Statement of pipeline assets'!C9,'3.3 Depreciation amortisation'!$K$9:$K$52) -> 0
C16: Closing pipeline carrying value | D16: =SUM(D13:D15) -> 4.2532132e+08 | E16: =SUM(E13:E15) -> 0
C17: Compressors
B18: 2.4 | C18: Initial construction or acquisition costs | D18: =SUMIF('3.3 Depreciation amortisation'!$D$9:$D$52,'3. Statement of pipeline assets'!C17,'3.3 Depreciation amortisation'!$H$9:$H$52) -> 72654244
B19: 2.4 | C19: Additions | D19: =SUMIF('3.3 Depreciation amortisation'!$D$9:$D$52,'3. Statement of pipeline assets'!C17,'3.3 Depreciation amortisation'!$I$9:$I$52) -> 2858892.7
B20: 2.4 | C20: Capitalised maintenance or improvements | D20: =SUMIF('3.3 Depreciation amortisation'!$D$9:$D$52,'3. Statement of pipeline assets'!C17,'3.3 Depreciation amortisation'!$J$9:$J$52) -> 0
B21: 2.4 | C21: Depreciation | D21: =SUMIF('3.3 Depreciation amortisation'!$D$9:$D$52,'3. Statement of pipeline assets'!C17,'3.3 Depreciation amortisation'!$M$9:$M$52)+SUMIF('3.3 Depreciation amortisation'!$D$9:$D$52,'3. Statement of pipeline assets'!C17,'3.3 Depreciation amortisation'!$N$9:$N$52) -> -6652347.7
B22: 2.4 | C22: Disposal or early termination (at cost) | D22: =SUMIF('3.3 Depreciation amortisation'!$D$9:$D$52,'3. Statement of pipeline assets'!C17,'3.3 Depreciation amortisation'!$K$9:$K$52) -> 0
C23: Closing compressors carrying value | D23: =SUM(D18:D22) -> 68860789 | E23: =SUM(E18:E22) -> 0
C24: City Gates, supply regulators and valve stations
B25: 2.4 | C25: Initial construction or acquisition costs | D25: =SUMIF('3.3 Depreciation amortisation'!$D$9:$D$52,'3. Statement of pipeline assets'!C24,'3.3 Depreciation amortisation'!$H$9:$H$52) -> 7639323
B26: 2.4 | C26: Additions | D26: =SUMIF('3.3 Depreciation amortisation'!$D$9:$D$52,'3. Statement of pipeline assets'!C24,'3.3 Depreciation amortisation'!$I$9:$I$52) -> 347227.97
B27: 2.4 | C27: Capitalised maintenance or improvements | D27: =SUMIF('3.3 Depreciation amortisation'!$D$9:$D$52,'3. Statement of pipeline assets'!C24,'3.3 Depreciation amortisation'!$J$9:$J$52) -> 0
B28: 2.4 | C28: Depreciation | D28: =SUMIF('3.3 Depreciation amortisation'!$D$9:$D$52,'3. Statement of pipeline assets'!C24,'3.3 Depreciation amortisation'!$M$9:$M$52)+SUMIF('3.3 Depreciation amortisation'!$D$9:$D$52,'3. Statement of pipeline assets'!C24,'3.3 Depreciation amortisation'!$N$9:$N$52) -> -492503.99
B29: 2.4 | C29: Disposal or early termination (at cost) | D29: =SUMIF('3.3 Depreciation amortisation'!$D$9:$D$52,'3. Statement of pipeline assets'!C24,'3.3 Depreciation amortisation'!$K$9:$K$52) -> 0
C30: Closing city gates, supply regulators and valve stations carrying value | D30: =SUM(D25:D29) -> 7494046.9 | E30: =SUM(E25:E29) -> 0
C31: Metering
B32: 2.4 | C32: Initial construction or acquisition costs | D32: =SUMIF('3.3 Depreciation amortisation'!$D$9:$D$52,'3. Statement of pipeline assets'!C31,'3.3 Depreciation amortisation'!$H$9:$H$52) -> 26295577
B33: 2.4 | C33: Additions | D33: =SUMIF('3.3 Depreciation amortisation'!$D$9:$D$52,'3. Statement of pipeline assets'!C31,'3.3 Depreciation amortisation'!$I$9:$I$52) -> 3067357.1
B34: 2.4 | C34: Capitalised maintenance or improvements | D34: =SUMIF('3.3 Depreciation amortisation'!$D$9:$D$52,'3. Statement of pipeline assets'!C31,'3.3 Depreciation amortisation'!$J$9:$J$52) -> 0
B35: 2.4 | C35: Depreciation | D35: =SUMIF('3.3 Depreciation amortisation'!$D$9:$D$52,'3. Statement of pipeline assets'!C31,'3.3 Depreciation amortisation'!$M$9:$M$52)+SUMIF('3.3 Depreciation amortisation'!$D$9:$D$52,'3. Statement of pipeline assets'!C31,'3.3 Depreciation amortisation'!$N$9:$N$52) -> -1810714.3
B36: 2.4 | C36: Disposal or early termination (at cost) | D36: =SUMIF('3.3 Depreciation amortisation'!$D$9:$D$52,'3. Statement of pipeline assets'!C31,'3.3 Depreciation amortisation'!$K$9:$K$52) -> 0
C37: Closing Metering | D37: =SUM(D32:D36) -> 27552220 | E37: =SUM(E32:E36) -> 0
C38: Odorant plants
B39: 2.4 | C39: Initial construction or acquisition costs | D39: =SUMIF('3.3 Depreciation amortisation'!$D$9:$D$52,'3. Statement of pipeline assets'!C38,'3.3 Depreciation amortisation'!$H$9:$H$52) -> 0
B40: 2.4 | C40: Additions | D40: =SUMIF('3.3 Depreciation amortisation'!$D$9:$D$52,'3. Statement of pipeline assets'!C38,'3.3 Depreciation amortisation'!$I$9:$I$52) -> 0
B41: 2.4 | C41: Capitalised maintenance or improvements | D41: =SUMIF('3.3 Depreciation amortisation'!$D$9:$D$52,'3. Statement of pipeline assets'!C38,'3.3 Depreciation amortisation'!$J$9:$J$52) -> 0
B42: 2.4 | C42: Depreciation | D42: =SUMIF('3.3 Depreciation amortisation'!$D$9:$D$52,'3. Statement of pipeline assets'!C38,'3.3 Depreciation amortisation'!$M$9:$M$52)+SUMIF('3.3 Depreciation amortisation'!$D$9:$D$52,'3. Statement of pipeline assets'!C38,'3.3 Depreciation amortisation'!$N$9:$N$52) -> 0
B43: 2.4 | C43: Disposal or early termination (at cost) | D43: =SUMIF('3.3 Depreciation amortisation'!$D$9:$D$52,'3. Statement of pipeline assets'!C38,'3.3 Depreciation amortisation'!$K$9:$K$52) -> 0
C44: Closing odorant plants carrying value | D44: =SUM(D39:D43) -> 0 | E44: =SUM(E39:E43) -> 0
C45: SCADA (Communications)
B46: 2.4 | C46: Initial construction or acquisition costs | D46: =SUMIF('3.3 Depreciation amortisation'!$D$9:$D$52,'3. Statement of pipeline assets'!C45,'3.3 Depreciation amortisation'!$H$9:$H$52) -> 1669735.5
B47: 2.4 | C47: Additions | D47: =SUMIF('3.3 Depreciation amortisation'!$D$9:$D$52,'3. Statement of pipeline assets'!C45,'3.3 Depreciation amortisation'!$I$9:$I$52) -> 67496.58
B48: 2.4 | C48: Capitalised maintenance or improvements | D48: =SUMIF('3.3 Depreciation amortisation'!$D$9:$D$52,'3. Statement of pipeline assets'!C45,'3.3 Depreciation amortisation'!$J$9:$J$52) -> 0
B49: 2.4 | C49: Depreciation | D49: =SUMIF('3.3 Depreciation amortisation'!$D$9:$D$52,'3. Statement of pipeline assets'!C45,'3.3 Depreciation amortisation'!$M$9:$M$52)+SUMIF('3.3 Depreciation amortisation'!$D$9:$D$52,'3. Statement of pipeline assets'!C45,'3.3 Depreciation amortisation'!$N$9:$N$52) -> -357097.72
B50: 2.4 | C50: Disposal or early termination (at cost) | D50: =SUMIF('3.3 Depreciation amortisation'!$D$9:$D$52,'3. Statement of pipeline assets'!C45,'3.3 Depreciation amortisation'!$K$9:$K$52) -> 0
C51: Closing SCADA carrying value | D51: =SUM(D46:D50) -> 1380134.4 | E51: =SUM(E46:E50) -> 0
C52: Buildings
B53: 2.4 | C53: Initial construction or acquisition costs | D53: =SUMIF('3.3 Depreciation amortisation'!$D$9:$D$52,'3. Statement of pipeline assets'!C52,'3.3 Depreciation amortisation'!$H$9:$H$52) -> 449166.9
B54: 2.4 | C54: Additions | D54: =SUMIF('3.3 Depreciation amortisation'!$D$9:$D$52,'3. Statement of pipeline assets'!C52,'3.3 Depreciation amortisation'!$I$9:$I$52) -> 197955.01
B55: 2.4 | C55: Capitalised maintenance or improvements | D55: =SUMIF('3.3 Depreciation amortisation'!$D$9:$D$52,'3. Statement of pipeline assets'!C52,'3.3 Depreciation amortisation'!$J$9:$J$52) -> 0
B56: 2.4 | C56: Depreciation | D56: =SUMIF('3.3 Depreciation amortisation'!$D$9:$D$52,'3. Statement of pipeline assets'!C52,'3.3 Depreciation amortisation'!$M$9:$M$52)+SUMIF('3.3 Depreciation amortisation'!$D$9:$D$52,'3. Statement of pipeline assets'!C52,'3.3 Depreciation amortisation'!$N$9:$N$52) -> -24941.16
B57: 2.4 | C57: Disposal or early termination (at cost) | D57: =SUMIF('3.3 Depreciation amortisation'!$D$9:$D$52,'3. Statement of pipeline assets'!C52,'3.3 Depreciation amortisation'!$K$9:$K$52) -> 0
C58: Closing buildings carrying value | D58: =SUM(D53:D57) -> 622180.75 | E58: =SUM(E53:E57) -> 0
C59: Land and easements
B60: 2.4 | C60: Initial construction or acquisition costs | D60: =SUMIF('3.3 Depreciation amortisation'!$D$9:$D$52,'3. Statement of pipeline assets'!C59,'3.3 Depreciation amortisation'!$H$9:$H$52) -> 70427.6
B61: 2.4 | C61: Additions | D61: =SUMIF('3.3 Depreciation amortisation'!$D$9:$D$52,'3. Statement of pipeline assets'!C59,'3.3 Depreciation amortisation'!$I$9:$I$52) -> 0
B62: 2.4 | C62: Capitalised maintenance or improvements | D62: =SUMIF('3.3 Depreciation amortisation'!$D$9:$D$52,'3. Statement of pipeline assets'!C59,'3.3 Depreciation amortisation'!$J$9:$J$52) -> 0
B63: 2.4 | C63: Disposal or early termination (at cost) | D63: =SUMIF('3.3 Depreciation amortisation'!$D$9:$D$52,'3. Statement of pipeline assets'!C59,'3.3 Depreciation amortisation'!$K$9:$K$52) -> 0
C64: Closing land and easements carrying value | D64: =SUM(D60:D63) -> 70427.6 | E64: =SUM(E60:E63) -> 0
C65: Other depreciable pipeline assets
B66: 2.4 | C66: Initial construction or acquisition costs | D66: =SUMIF('3.3 Depreciation amortisation'!$D$9:$D$52,'3. Statement of pipeline assets'!C65,'3.3 Depreciation amortisation'!$H$9:$H$52) -> 11470410
B67: 2.4 | C67: Additions | D67: =SUMIF('3.3 Depreciation amortisation'!$D$9:$D$52,'3. Statement of pipeline assets'!C65,'3.3 Depreciation amortisation'!$I$9:$I$52) -> -10152649
B68: 2.4 | C68: Capitalised maintenance or improvements | D68: =SUMIF('3.3 Depreciation amortisation'!$D$9:$D$52,'3. Statement of pipeline assets'!C65,'3.3 Depreciation amortisation'!$J$9:$J$52) -> 0
B69: 2.4 | C69: Depreciation | D69: =SUMIF('3.3 Depreciation amortisation'!$D$9:$D$52,'3. Statement of pipeline assets'!C65,'3.3 Depreciation amortisation'!$M$9:$M$52)+SUMIF('3.3 Depreciation amortisation'!$D$9:$D$52,'3. Statement of pipeline assets'!C65,'3.3 Depreciation amortisation'!$N$9:$N$52) -> -276264.37
B70: 2.4 | C70: Disposal or early termination (at cost) | D70: =SUMIF('3.3 Depreciation amortisation'!$D$9:$D$52,'3. Statement of pipeline assets'!C65,'3.3 Depreciation amortisation'!$K$9:$K$52) -> 0
C71: Closing other depreciable pipeline assets carrying value | D71: =SUM(D66:D70) -> 1041496.7 | E71: =SUM(E66:E70) -> 0
C72: Leased Assets
B73: 2.4 | C73: Initial construction or acquisition costs | D73: =SUMIF('3.3 Depreciation amortisation'!$D$9:$D$52,'3. Statement of pipeline assets'!C72,'3.3 Depreciation amortisation'!$H$9:$H$52) -> 0
B74: 2.4 | C74: Additions | D74: =SUMIF('3.3 Depreciation amortisation'!$D$9:$D$52,'3. Statement of pipeline assets'!C72,'3.3 Depreciation amortisation'!$I$9:$I$52) -> 109659.14
B75: 2.4 | C75: Capitalised maintenance or improvements | D75: =SUMIF('3.3 Depreciation amortisation'!$D$9:$D$52,'3. Statement of pipeline assets'!C72,'3.3 Depreciation amortisation'!$J$9:$J$52) -> 0
B76: 2.4 | C76: Depreciation (Amortisation) | D76: =SUMIF('3.3 Depreciation amortisation'!$D$9:$D$52,'3. Statement of pipeline assets'!C72,'3.3 Depreciation amortisation'!$M$9:$M$52)+SUMIF('3.3 Depreciation amortisation'!$D$9:$D$52,'3. Statement of pipeline assets'!C72,'3.3 Depreciation amortisation'!$N$9:$N$52) -> -95848.7
B77: 2.4 | C77: Disposal or early termination (at cost) | D77: =SUMIF('3.3 Depreciation amortisation'!$D$9:$D$52,'3. Statement of pipeline assets'!C72,'3.3 Depreciation amortisation'!$K$9:$K$52) -> 0
C78: Closing leased asset carrying value | D78: =SUM(D73:D77) -> 13810.44 | E78: =SUM(E73:E77) -> 0
B79: 2.4 | C79: Other non-depreciable pipeline assets | D79: 1903281.4
C80: Total pipeline assets | D80: =SUM(D16,D23,D30,D37,D44,D51,D58,D64,D71,D78, D79) -> 5.3425971e+08 | E80: =SUM(E16,E23,E30,E37,E44,E51,E58,E64,E71,E78, E79) -> 0
C81: Shared supporting assets allocated
C82: Shared property, plant and equipment
B83: 2.4.5 | C83: Initial construction or acquisition costs | D83: =SUMIF('3.3 Depreciation amortisation'!$D$60:$D$84,$C$82,'3.3 Depreciation amortisation'!$G$60:$G$84) -> 1727433.3
B84: 2.4.5 | C84: Additions | D84: =SUMIF('3.3 Depreciation amortisation'!$D$60:$D$84,$C$82,'3.3 Depreciation amortisation'!$H$60:$H$84) -> 0
B85: 2.4.5 | C85: Capitalised maintenance or improvements | D85: =SUMIF('3.3 Depreciation amortisation'!$D$60:$D$84,$C$82,'3.3 Depreciation amortisation'!$I$60:$I$84) -> 0
B86: 2.4.5 | C86: Depreciation | D86: =SUMIF('3.3 Depreciation amortisation'!$D$60:$D$84,$C$82,'3.3 Depreciation amortisation'!$L$60:$L$84)+SUMIF('3.3 Depreciation amortisation'!$D$60:$D$84,$C$82,'3.3 Depreciation amortisation'!$M$60:$M$84) -> -228002.49
B87: 2.4.5 | C87: Disposal or early termination (at cost) | D87: =SUMIF('3.3 Depreciation amortisation'!$D$60:$D$84,$C$82,'3.3 Depreciation amortisation'!$J$60:$J$84) -> -101667.26
C88: Closing shared property, plant and equipment carrying value | D88: =SUM(D83:D87) -> 1397763.5 | E88: =SUM(E83:E87) -> 0
C89: Shared leased assets
B90: 2.4.5 | C90: Initial construction or acquisition costs | D90: =SUMIF('3.3 Depreciation amortisation'!$D$60:$D$84,$C$89,'3.3 Depreciation amortisation'!$G$60:$G$84) -> 0
B91: 2.4.5 | C91: Additions | D91: =SUMIF('3.3 Depreciation amortisation'!$D$60:$D$84,$C$89,'3.3 Depreciation amortisation'!$H$60:$H$84) -> 554108.41
B92: 2.4.5 | C92: Capitalised maintenance or improvements | D92: =SUMIF('3.3 Depreciation amortisation'!$D$60:$D$84,$C$89,'3.3 Depreciation amortisation'!$I$60:$I$84) -> 0
B93: 2.4.5 | C93: Depreciation (amortisation) | D93: =SUMIF('3.3 Depreciation amortisation'!$D$60:$D$84,$C$89,'3.3 Depreciation amortisation'!$L$60:$L$84)+SUMIF('3.3 Depreciation amortisation'!$D$60:$D$84,$C$89,'3.3 Depreciation amortisation'!$M$60:$M$84) -> -283174.68
B94: 2.4.5 | C94: Disposal or early termination (at cost) | D94: =SUMIF('3.3 Depreciation amortisation'!$D$60:$D$84,$C$89,'3.3 Depreciation amortisation'!$J$60:$J$84) -> -185241.14
C95: Closing shared leased asset carrying value | D95: =SUM(D90:D94) -> 85692.592 | E95: =SUM(E90:E94) -> 0
C96: Inventories | D96: 0
C97: Deferred tax assets | D97: 0
C98: Other assets | D98: 0
C99: Total shared supporting assets allocated | D99: =SUM(D88,D95:D98) -> 1483456.1 | E99: =SUM(E88,E95:E98) -> 0
C100: TOTAL ASSETS | D100: =SUM(D80,D99) -> 5.3574316e+08 | E100: =SUM(E80,E99) -> 0

Sheet 3.1 Asset useful life
B1: Asset useful life
B2: =Tradingname -> APA NORTHERN GOLDFIELDS INTERCONNECT PTY LTD
B3: Reporting Period | C3: =TEXT(Yearstart,"dd/mm/yyyy")&" to "&TEXT(Yearending,"dd/mm/yyyy") -> 01/07/2025 to 30/06/2026
B5: Table 3.1.1: Asset useful life
B7: Basis of Preparation reference | C7: Description (list each individual balance sheet item) | D7: Acquisition date | E7: Useful life | F7: Reason for choosing this useful life
E8: years
B9: 2.4 | C9: ='3. Statement of pipeline assets'!C9 -> Pipelines | D9: =CONCATENATE("1/7/2023"," to ",TEXT(Yearending,"d/m/yyyy")) -> 1/7/2023 to 30/6/2026 | E9: 80 | F9: Per Appendix A - Pipeline asset lives
B10: 2.4 | C10: ='3. Statement of pipeline assets'!C17 -> Compressors | D10: =CONCATENATE("1/7/2023"," to ",TEXT(Yearending,"d/m/yyyy")) -> 1/7/2023 to 30/6/2026 | E10: 35 | F10: Per Appendix A - Pipeline asset lives
B11: 2.4 | C11: ='3. Statement of pipeline assets'!C24 -> City Gates, supply regulators and valve stations | D11: =CONCATENATE("1/7/2023"," to ",TEXT(Yearending,"d/m/yyyy")) -> 1/7/2023 to 30/6/2026 | E11: 50 | F11: Per Appendix A - Pipeline asset lives
B12: 2.4 | C12: ='3. Statement of pipeline assets'!C31 -> Metering | D12: =CONCATENATE("1/7/2023"," to ",TEXT(Yearending,"d/m/yyyy")) -> 1/7/2023 to 30/6/2026 | E12: 50 | F12: Per Appendix A - Pipeline asset lives
B13: 2.4 | C13: ='3. Statement of pipeline assets'!C38 -> Odorant plants | E13: 80 | F13: Per Appendix A - Pipeline asset lives
B14: 2.4 | C14: ='3. Statement of pipeline assets'!C45 -> SCADA (Communications) | D14: =CONCATENATE("1/7/2023"," to ",TEXT(Yearending,"d/m/yyyy")) -> 1/7/2023 to 30/6/2026 | E14: 15 | F14: Per Appendix A - Pipeline asset lives
B15: 2.4 | C15: ='3. Statement of pipeline assets'!C52 -> Buildings | D15: =CONCATENATE("1/7/2023"," to ",TEXT(Yearending,"d/m/yyyy")) -> 1/7/2023 to 30/6/2026 | E15: 80 | F15: Per Appendix A - Pipeline asset lives
B16: 2.4 | C16: ='3. Statement of pipeline assets'!C65 -> Other depreciable pipeline assets | D16: =CONCATENATE("1/7/2023"," to ",TEXT(Yearending,"d/m/yyyy")) -> 1/7/2023 to 30/6/2026 | E16: 5-80 | F16: Per Appendix A - Pipeline asset lives
B17: 2.4 | C17: Land and easements | E17: N/A | F17: Indefinite
C18: insert asset description
C19: insert asset description
C20: insert asset description
B21: 2.4.6 | C21: ='3. Statement of pipeline assets'!C72 -> Leased Assets | D21: =CONCATENATE("1/7/2019"," to ",TEXT(Yearending,"d/m/yyyy")) -> 1/7/2019 to 30/6/2026 | E21: Various | F21: Per leased asset life
C22: insert asset description
C23: insert asset description
C24: insert asset description
C25: insert asset description
C26: insert asset description
B27: 2.4 | C27: ='3. Statement of pipeline assets'!C82 -> Shared property, plant and equipment | D27: =CONCATENATE("1/12/2015"," to ",TEXT(Yearending,"d/m/yyyy")) -> 1/12/2015 to 30/6/2026 | E27: 5 | F27: Per Appendix A - Pipeline asset lives
C28: insert asset description
C29: insert asset description
C30: insert asset description
C31: insert asset description
C32: insert asset description
B33: 2.4.5 | C33: ='3. Statement of pipeline assets'!C89 -> Shared leased assets | D33: =CONCATENATE("1/7/2019"," to ",TEXT(Yearending,"d/m/yyyy")) -> 1/7/2019 to 30/6/2026 | E33: Various | F33: Per leased asset life
C34: insert asset description
C35: insert asset description
C36: insert asset description
C37: insert asset description
C38: insert asset description

Sheet 3.2 Asset impairment
B1: Asset impairment
B2: =Tradingname -> APA NORTHERN GOLDFIELDS INTERCONNECT PTY LTD
B3: Reporting Period | C3: =TEXT(Yearstart,"dd/mm/yyyy")&" to "&TEXT(Yearending,"dd/mm/yyyy") -> 01/07/2025 to 30/06/2026
B5: Table 3.2.1: Assets impaired
B7: Asset description | C7: Impairment amount $ nominal | D7: Impairment date | E7: Basis for impairment
B25: Table 3.2.2: Asset impairment reversals
B27: Asset description | C27: Prior Impairment amount $ nominal | D27: Impairment date | E27: Basis for impairment | F27: Reversal amount $nominal | G27: Reversal date | H27: Basis for Reversal

Sheet 3.3 Depreciation amortisation
B1: Depreciation and amortisation
B2: =Tradingname -> APA NORTHERN GOLDFIELDS INTERCONNECT PTY LTD
B3: Reporting Period | C3: =TEXT(Yearstart,"dd/mm/yyyy")&" to "&TEXT(Yearending,"dd/mm/yyyy") -> 01/07/2025 to 30/06/2026
B5: Table 3.3.1: Pipeline assets at cost | I5: Additions, capitalised maintenance and disposals must be reported on a cumulative basis
B7: Basis of Preparation reference | C7: Description | D7: Category | E7: Acquisition date | F7: Useful life | G7: Estimated residual value | H7: Initial construction or acquisition cost | I7: Additions | J7: Capitalised maintenance or improvements | K7: Disposals or Early termination | L7: Cost base | M7: Prior years' accumulated depreciation | N7: Current year depreciation | O7: Written down value
F8: Years | G8: $ nominal | H8: $ nominal | I8: $ nominal | J8: $ nominal | K8: $ nominal | L8: $ nominal | M8: $ nominal | N8: $ nominal | O8: $ nominal
B9: 2.4 | D9: Pipelines | E9: ='3.1 Asset useful life'!D9 -> 1/7/2023 to 30/6/2026 | F9: 80 | G9: 0 | H9: 4.1082743e+08 | I9: 31423952 | J9: 0 | K9: 0 | L9: =SUM(H9:K9) -> 4.4225138e+08 | M9: -11331483 | N9: -5598579 | O9: =SUM(L9:N9) -> 4.2532132e+08
B10: 2.4 | D10: Compressors | E10: ='3.1 Asset useful life'!D10 -> 1/7/2023 to 30/6/2026 | F10: 35 | G10: 0 | H10: 72654244 | I10: 2858892.7 | J10: 0 | K10: 0 | L10: =SUM(H10:K10) -> 75513136 | M10: -4494829.6 | N10: -2157518.2 | O10: =SUM(L10:N10) -> 68860789
B11: 2.4 | D11: City Gates, supply regulators and valve stations | E11: ='3.1 Asset useful life'!D11 -> 1/7/2023 to 30/6/2026 | F11: 50 | G11: 0 | H11: 7639323 | I11: 347227.97 | J11: 0 | K11: 0 | L11: =SUM(H11:K11) -> 7986550.9 | M11: -332772.95 | N11: -159731.04 | O11: =SUM(L11:N11) -> 7494046.9
B12: 2.4 | D12: Metering | E12: ='3.1 Asset useful life'!D12 -> 1/7/2023 to 30/6/2026 | F12: 50 | G12: 0 | H12: 26295577 | I12: 3067357.1 | J12: 0 | K12: 0 | L12: =SUM(H12:K12) -> 29362934 | M12: -1223455.6 | N12: -587258.67 | O12: =SUM(L12:N12) -> 27552220
B13: 2.4 | D13: Odorant plants | F13: 80 | G13: 0 | H13: 0 | I13: 0 | J13: 0 | K13: 0 | L13: =SUM(H13:K13) -> 0 | M13: 0 | N13: 0 | O13: =SUM(L13:N13) -> 0
B14: 2.4 | D14: SCADA (Communications) | E14: ='3.1 Asset useful life'!D14 -> 1/7/2023 to 30/6/2026 | F14: 15 | G14: 0 | H14: 1669735.5 | I14: 67496.58 | J14: 0 | K14: 0 | L14: =SUM(H14:K14) -> 1737232.1 | M14: -241282.24 | N14: -115815.48 | O14: =SUM(L14:N14) -> 1380134.4
B15: 2.4 | D15: Buildings | E15: ='3.1 Asset useful life'!D15 -> 1/7/2023 to 30/6/2026 | F15: 80 | G15: 0 | H15: 449166.9 | I15: 197955.01 | J15: 0 | K15: 0 | L15: =SUM(H15:K15) -> 647121.91 | M15: -14804.5 | N15: -10136.66 | O15: =SUM(L15:N15) -> 622180.75
B16: 2.4 | D16: Other depreciable pipeline assets | E16: ='3.1 Asset useful life'!D16 -> 1/7/2023 to 30/6/2026 | F16: 5-80 | G16: 0 | H16: 11470410 | I16: -10152649 | J16: 0 | K16: 0 | L16: =SUM(H16:K16) -> 1317761 | M16: -186665.13 | N16: -89599.24 | O16: =SUM(L16:N16) -> 1041496.7
B17: 2.4 | D17: Land and easements | F17: N/A | G17: 0 | H17: 70427.6 | I17: 0 | J17: 0 | K17: 0 | L17: =SUM(H17:K17) -> 70427.6 | M17: 0 | N17: 0 | O17: =SUM(L17:N17) -> 70427.6
B18: 2.4.6 | D18: Leased assets | E18: ='3.1 Asset useful life'!D21 -> 1/7/2019 to 30/6/2026 | F18: Various | G18: 0 | H18: 0 | I18: 109659.14 | J18: 0 | K18: 0 | L18: =SUM(H18:K18) -> 109659.14 | M18: -68227.82 | N18: -27620.88 | O18: =SUM(L18:N18) -> 13810.44
L19: =SUM(H19:K19) -> 0 | O19: =SUM(L19:N19) -> 0
L20: =SUM(H20:K20) -> 0 | O20: =SUM(L20:N20) -> 0
L21: =SUM(H21:K21) -> 0 | O21: =SUM(L21:N21) -> 0
L22: =SUM(H22:K22) -> 0 | O22: =SUM(L22:N22) -> 0
L23: =SUM(H23:K23) -> 0 | O23: =SUM(L23:N23) -> 0
L24: =SUM(H24:K24) -> 0 | O24: =SUM(L24:N24) -> 0
L25: =SUM(H25:K25) -> 0 | O25: =SUM(L25:N25) -> 0
L26: =SUM(H26:K26) -> 0 | O26: =SUM(L26:N26) -> 0
L27: =SUM(H27:K27) -> 0 | O27: =SUM(L27:N27) -> 0
L28: =SUM(H28:K28) -> 0 | O28: =SUM(L28:N28) -> 0
L29: =SUM(H29:K29) -> 0 | O29: =SUM(L29:N29) -> 0
L30: =SUM(H30:K30) -> 0 | O30: =SUM(L30:N30) -> 0
... L52: =SUM(H52:K52) -> 0 | O52: =SUM(L52:N52) -> 0
D53: Total pipeline assets | G53: =SUM(G9:G52) -> 0 | H53: =SUM(H9:H52) -> 5.3107631e+08 | I53: =SUM(I9:I52) -> 27919891 | J53: =SUM(J9:J52) -> 0 | K53: =SUM(K9:K52) -> 0 | L53: =SUM(L9:L52) -> 5.589962e+08 | M53: =SUM(M9:M52) -> -17893520 | N53: =SUM(N9:N52) -> -8746259.1 | O53: =SUM(O9:O52) -> 5.3235642e+08
B56: Table 3.3.2: Shared assets at cost
B58: Basis of Preparation reference | C58: Description | D58: Category | E58: Acquisition date | F58: Useful life | G58: Initial construction or acquisition cost | H58: Additions | I58: Capitalised maintenance or improvements | J58: Disposals or Early termination | K58: Cost base | L58: Prior years' accumulated depreciation | M58: Current year depreciation | N58: Written down value
F59: Years | G59: $ nominal | H59: $ nominal | I59: $ nominal | J59: $ nominal | K59: $ nominal | L59: $ nominal | M59: $ nominal | N59: $ nominal
B60: 2.4.5 | C60: Information Technology | D60: Shared property, plant and equipment | E60: During FY24 | F60: ='3.1 Asset useful life'!$E$27 -> 5 | G60: 144563.13 | H60: 0 | I60: 0 | J60: -24000.49 | K60: =SUM(G60:J60) -> 120562.64 | L60: -24112.527 | M60: -24112.527 | N60: =SUM(K60:M60) -> 72337.582
B61: 2.4.5 | C61: Information Technology | D61: Shared property, plant and equipment | E61: During FY25 | F61: ='3.1 Asset useful life'!$E$27 -> 5 | G61: 908796.93 | H61: 0 | I61: 0 | J61: -9909.775 | K61: =SUM(G61:J61) -> 898887.16 | L61: 0 | M61: -179777.43 | N61: =SUM(K61:M61) -> 719109.73
B62: 2.4.5 | C62: Information Technology | D62: Shared property, plant and equipment | E62: During FY26 | F62: ='3.1 Asset useful life'!$E$27 -> 5 | G62: 674073.23 | H62: 0 | I62: 0 | J62: -67756.99 | K62: =SUM(G62:J62) -> 606316.24 | L62: 0 | M62: 0 | N62: =SUM(K62:M62) -> 606316.24
B63: 2.4.5 | C63: Shared leased assets | D63: Shared leased assets | E63: During FY24 | F63: ='3.1 Asset useful life'!$E$33 -> Various | H63: 93285.864 | I63: 0 | J63: 181.37358 | K63: =SUM(G63:J63) -> 93467.237 | L63: -34998.624 | M63: 0 | N63: =SUM(K63:M63) -> 58468.613
B64: 2.4.5 | C64: Shared leased assets | D64: Shared leased assets | E64: During FY25 | F64: ='3.1 Asset useful life'!$E$33 -> Various | H64: 121073.76 | I64: 0 | J64: -2735.6362 | K64: =SUM(G64:J64) -> 118338.12 | L64: -115460.5 | M64: 0 | N64: =SUM(K64:M64) -> 2877.6179
B65: 2.4.5 | C65: Shared leased assets | D65: Shared leased assets | E65: During FY26 | F65: ='3.1 Asset useful life'!$E$33 -> Various | H65: 339748.79 | I65: 0 | J65: -182686.88 | K65: =SUM(G65:J65) -> 157061.91 | L65: 0 | M65: -132715.55 | N65: =SUM(K65:M65) -> 24346.361
K66: =SUM(G66:J66) -> 0 | N66: =SUM(K66:M66) -> 0
K67: =SUM(G67:J67) -> 0 | N67: =SUM(K67:M67) -> 0
K68: =SUM(G68:J68) -> 0 | N68: =SUM(K68:M68) -> 0
K69: =SUM(G69:J69) -> 0 | N69: =SUM(K69:M69) -> 0
K70: =SUM(G70:J70) -> 0 | N70: =SUM(K70:M70) -> 0
K71: =SUM(G71:J71) -> 0 | N71: =SUM(K71:M71) -> 0
K72: =SUM(G72:J72) -> 0 | N72: =SUM(K72:M72) -> 0
K73: =SUM(G73:J73) -> 0 | N73: =SUM(K73:M73) -> 0
K74: =SUM(G74:J74) -> 0 | N74: =SUM(K74:M74) -> 0
K75: =SUM(G75:J75) -> 0 | N75: =SUM(K75:M75) -> 0
K76: =SUM(G76:J76) -> 0 | N76: =SUM(K76:M76) -> 0
K77: =SUM(G77:J77) -> 0 | N77: =SUM(K77:M77) -> 0
... K84: =SUM(G84:J84) -> 0 | N84: =SUM(K84:M84) -> 0
D85: Total fixed assets | G85: =SUM(G60:G84) -> 1727433.3 | H85: =SUM(H60:H84) -> 554108.41 | I85: =SUM(I60:I83) -> 0 | J85: =SUM(J60:J84) -> -286908.39 | K85: =SUM(K60:K84) -> 1994633.3 | L85: =SUM(L60:L84) -> -174571.65 | M85: =SUM(M60:M84) -> -336605.51 | N85: =SUM(N60:N84) -> 1483456.1

Sheet 3.4 Shared supporting assets
B1: Shared supporting assets
B2: =Tradingname -> APA NORTHERN GOLDFIELDS INTERCONNECT PTY LTD | E2: Please ensure allocation methodologies are explained in sufficient detail in the Basis of Preparation as required under section 3.2.4 of the Guideline
B3: Reporting Period | C3: =TEXT(Yearstart,"dd/mm/yyyy")&" to "&TEXT(Yearending,"dd/mm/yyyy") -> 01/07/2025 to 30/06/2026
B5: Table 3.4.1: Shared supporting asset allocation
B7: Basis of Preparation reference | C7: Description (list each individual shared asset category greater than 5%) | D7: Category of shared assets | E7: Total amount | F7: % allocated to pipeline | G7: Total allocated to pipeline
E8: $ nominal | G8: $ nominal
B9: 2.4.5 | C9: Information Technology | D9: Shared property, plant and equipment | E9: 2.4594632e+08 | F9: 0.0066102474 | G9: =E9*F9 -> 1625766
B10: 2.4.5 | C10: Shared leased assets | D10: Shared leased assets | E10: 48389275 | F10: 0.0076229138 | G10: =E10*F10 -> 368867.27
G11: =E11*F11 -> 0
G12: =E12*F12 -> 0
G13: =E13*F13 -> 0
G14: =E14*F14 -> 0
G15: =E15*F15 -> 0
G16: =E16*F16 -> 0
G17: =E17*F17 -> 0
G18: =E18*F18 -> 0
G19: =E19*F19 -> 0
G20: =E20*F20 -> 0
G21: =E21*F21 -> 0
G22: =E22*F22 -> 0
... G35: =E35*F35 -> 0
C36: Total | E36: =SUM(E9:E35) -> 2.943356e+08 | G36: =SUM(G9:G35) -> 1994633.3

Sheet Auditor's Report Statements

Sheet 4. Recovered capital
B1: Recovered capital method (rule 569(4))
B2: =Tradingname -> APA NORTHERN GOLDFIELDS INTERCONNECT PTY LTD
B3: Reporting Period | C3: =TEXT(Yearstart,"dd/mm/yyyy")&" to "&TEXT(Yearending,"dd/mm/yyyy") -> 01/07/2025 to 30/06/2026
B5: Table 4.1: Recovered capital method - pipeline assets
B7: Basis of Preparation reference | C7: Asset description | E7: Total | BL7: Drag and drop columns if required
F8: =G8-1 -> 2020 | G8: =H8-1 -> 2021 | H8: =I8-1 -> 2022 | I8: =RIGHT(TEXT(C38,"dd/mm/yyyy"),4) -> 2023 | J8: =I8+1 -> 2024 | K8: =J8+1 -> 2025 | L8: =K8+1 -> 2026 | M8: =L8+1 -> 2027 | N8: =M8+1 -> 2028 | O8: =N8+1 -> 2029 | P8: =O8+1 -> 2030 | Q8: =P8+1 -> 2031 | ... BK8: =BJ8+1 -> 2077
B9: 3 | C9: Pipeline assets
D10: Construction cost | E10: =SUM(F10:BK10) -> 5.7487446e+08 | F10: 1032453.4 | G10: 51424875 | H10: 2.2331477e+08 | I10: 2.658672e+08 | J10: 33235157 | K10: 0 | L10: 0
D11: Negative residual value | E11: =SUM(F11:BK11) -> 5923813.5 | F11: 0 | G11: 0 | H11: 0 | I11: 5445292 | J11: 136131.92 | K11: 116614.76 | L11: 225774.82
D12: Additions | E12: =SUM(F12:BK12) -> 2964708.9 | F12: 0 | G12: 0 | H12: 0 | I12: 0 | J12: 0 | K12: 2268015.3 | L12: 696693.59
D13: Maintenance capitalised | E13: =SUM(F13:BK13) -> 0 | F13: 0 | G13: 0 | H13: 0 | I13: 0 | J13: 0 | K13: 0 | L13: 0
D14: Disposal (at cost) | E14: =SUM(F14:BK14) -> 0 | F14: 0 | G14: 0 | H14: 0 | I14: 0 | J14: 0 | K14: 0 | L14: 0
D15: Leased Asset | E15: =SUM(F15:BK15) -> 113820.64 | F15: 0 | G15: 0 | H15: 0 | I15: 54724.813 | J15: 1751.7865 | K15: 57344.043 | L15: 0
D16: Cost base | E16: =SUM(F16:BK16) -> 5.838768e+08 | F16: =SUM(F9:F15) -> 1032453.4 | G16: =SUM(G9:G15) -> 51424875 | H16: =SUM(H9:H15) -> 2.2331477e+08 | I16: =SUM(I9:I15) -> 2.7136722e+08 | J16: =SUM(J9:J15) -> 33373040 | K16: =SUM(K9:K15) -> 2441974.1 | L16: =SUM(L9:L15) -> 922468.41 | M16: =SUM(M9:M15) -> 0 | ... BK16: =SUM(BK9:BK15) -> 0
B17: 3.2.3 | C17: Shared assets
D18: Construction cost or acquisition cost (where allowed) apportioned | E18: =SUM(F18:BK18) -> 0 | F18: 0 | G18: 0 | H18: 0 | I18: 0 | J18: 0 | K18: 0 | L18: 0
D19: Additions | E19: =SUM(F19:BK19) -> 1794326.1 | F19: 0 | G19: 0 | H19: 0 | I19: 0 | J19: 150104.17 | K19: 943521.52 | L19: 700700.43
D20: Maintenance capitalised | E20: =SUM(F20:BK20) -> 0 | F20: 0 | G20: 0 | H20: 0 | I20: 0 | J20: 0 | K20: 0 | L20: 0
D21: Disposal (at cost) | E21: =SUM(F21:BK21) -> -298197.56 | F21: 0 | G21: 0 | H21: 0 | I21: 0 | J21: -24732.093 | K21: -13128.585 | L21: -260336.89
D22: Leased Asset | E22: =SUM(F22:BK22) -> 575730.91 | F22: 0 | G22: 0 | H22: 0 | I22: 0 | J22: 96861.469 | K22: 125699.91 | L22: 353169.53
D23: Cost base | E23: =SUM(F23:BK23) -> 2071859.5 | F23: =SUM(F18:F22) -> 0 | G23: =SUM(G18:G22) -> 0 | H23: =SUM(H18:H22) -> 0 | I23: =SUM(I18:I22) -> 0 | J23: =SUM(J18:J22) -> 222233.54 | K23: =SUM(K18:K22) -> 1056092.8 | L23: =SUM(L18:L22) -> 793533.07 | M23: =SUM(M18:M22) -> 0 | ... BK23: =SUM(BK18:BK22) -> 0
D24: Total assets | E24: =SUM(F24:BK24) -> 5.8594866e+08 | F24: =F16+F23 -> 1032453.4 | G24: =G16+G23 -> 51424875 | H24: =H16+H23 -> 2.2331477e+08 | I24: =I16+I23 -> 2.7136722e+08 | J24: =J16+J23 -> 33595274 | K24: =K16+K23 -> 3498067 | L24: =L16+L23 -> 1716001.5 | M24: =M16+M23 -> 0 | ... BK24: =BK16+BK23 -> 0
C25: Return of capital
B26: 3.2.2 | D26: Revenue | E26: =SUM(F26:BK26) -> 47719713 | F26: 0 | G26: 0 | H26: 0 | I26: 0 | J26: 13051034 | K26: 17893575 | L26: 16775105
B27: 3.2.2 | D27: Operating expenses | E27: =SUM(F27:BK27) -> -17732557 | F27: 0 | G27: 0 | H27: 0 | I27: -2300547.4 | J27: -5522462.7 | K27: -4664351 | L27: -5245196.4
B28: 3.2.5 | D28: Net tax liabilities | E28: =SUM(F28:BK28) -> 0 | F28: 0 | G28: 0 | H28: 0 | I28: 0 | J28: 0 | K28: 0 | L28: 0
D29: Leased Asset Interest/Financing Charge | E29: =SUM(F29:BK29) -> -45900.641 | F29: 0 | G29: 0 | H29: 0 | I29: 0 | J29: -9672.5533 | K29: -9847.6233 | L29: -26380.464
B30: 3.2.4 | D30: Return on capital | E30: =SUM(F30:BK30) -> -1.7927167e+08 | F30: 0 | G30: -69637.951 | H30: -3953211.7 | I30: -21193596 | J30: -44901420 | K30: -51328444 | L30: -57825362
D31: Total Return of Capital | E31: =SUM(F31:BK31) -> -1.4933042e+08 | F31: =SUM(F26:F30) -> 0 | G31: =SUM(G26:G30) -> -69637.951 | H31: =SUM(H26:H30) -> -3953211.7 | I31: =SUM(I26:I30) -> -23494144 | J31: =SUM(J26:J30) -> -37382521 | K31: =SUM(K26:K30) -> -38109068 | L31: =SUM(L26:L30) -> -46321834 | M31: =SUM(M26:M30) -> 0 | ... BK31: =SUM(BK26:BK30) -> 0
D32: Recovered capital method total asset value | E32: =SUM(F32:BK32) -> 7.3527908e+08 | F32: =F16+F23-F31 -> 1032453.4 | G32: =G16+G23-G31 -> 51494513 | H32: =H16+H23-H31 -> 2.2726798e+08 | I32: =I16+I23-I31 -> 2.9486136e+08 | J32: =J16+J23-J31 -> 70977795 | K32: =K16+K23-K31 -> 41607135 | L32: =L16+L23-L31 -> 48037835 | M32: =M16+M23-M31 -> 0 | ... BK32: =BK16+BK23-BK31 -> 0
C33: For information | D33: Opening asset value | G33: =F24+F33-F31 -> 1032453.4 | H33: =G24+G33-G31 -> 52526966 | I33: =H24+H33-H31 -> 2.7979495e+08 | J33: =I24+I33-I31 -> 5.7465631e+08 | K33: =J24+J33-J31 -> 6.4563411e+08 | L33: =K24+K33-K31 -> 6.8724124e+08 | M33: =L24+L33-L31 -> 7.3527908e+08 | N33: =M24+M33-M31 -> 7.3527908e+08 | ... BK33: =BJ24+BJ33-BJ31 -> 7.3527908e+08
C34: For information | D34: Rate of return (WACC) | F34: N/A | G34: 0.067449 | H34: 0.075260614 | I34: 0.075746886 | J34: 0.078136129 | K34: 0.079500825 | L34: 0.084141286
B36: Table 4.2: Pipeline details
B38: Construction date | C38: 45103
B39: Negative residual value | C39: =E11 -> 5923813.5

Sheet 4.1 Pipelines capex
B1: Capital expenditure
B2: =Tradingname -> APA NORTHERN GOLDFIELDS INTERCONNECT PTY LTD
B3: Reporting Period | C3: =TEXT(Yearstart,"dd/mm/yyyy")&" to "&TEXT(Yearending,"dd/mm/yyyy") -> 01/07/2025 to 30/06/2026
B5: Table 4.1.1: Capital expenditure greater than 5% of construction cost
B7: Basis of Preparation reference | C7: Description of works | D7: Date recognised | E7: Expenditure ($ nominal)

Sheet Auditor's Review Report RCM

Sheet 5. Weighted average price
B1: Weighted average prices
B2: =Tradingname -> APA NORTHERN GOLDFIELDS INTERCONNECT PTY LTD
B3: Reporting Period | C3: =TEXT(Yearstart,"dd/mm/yyyy")&" to "&TEXT(Yearending,"dd/mm/yyyy") -> 01/07/2025 to 30/06/2026
B5: Table 5.1: Weighted average prices
B7: Basis of preparation reference | C7: Service description | E7: Has there been any use of estimates to allocate revenue to each transportation service? | F7: Other Services | L7: Postage Stamp Transportation Services | S7: Zonal Based Transportation Services | AL7: Distance Based Transportation Services (to major delivery points)
T8: Zone 1 | Z8: Zone 2 | AF8: Zone 3 | AM8: Major Delivery Point 1 | AS8: Major Delivery Point 2 | AY8: Major Delivery Point 3 | BE8: Other Delivery Points
D9: Total revenue | F9: Capacity based charges | I9: Volumetric based charges | L9: Total Postage Stamp Revenue | M9: Capacity based | P9: Volumetric based | S9: Total Zonal Revenue | T9: Capacity based | W9: Volumetric based | Z9: Capacity based | AC9: Volumetric based | AF9: Capacity based | AI9: Volumetric based | AL9: Total Distance Based Revenue | AM9: Capacity based | AP9: Volumetric based | AS9: Capacity based | AV9: Volumetric based | AY9: Capacity based | BB9: Volumetric based | BE9: Capacity based | BH9: Volumetric based
D10: $'000 | F10: Revenue $'000 | G10: MDQ Total TJ* | H10: WAP $/GJ | I10: Revenue $'000 | J10: Total TJ | K10: WAP $/GJ | L10: $ '000 | M10: Revenue $'000 | N10: MDQ Total TJ* | O10: WAP $/GJ | P10: Revenue $'000 | Q10: Total TJ | R10: WAP $/GJ | S10: $'000 | T10: Revenue $'000 | U10: MDQ Total TJ* | V10: WAP $/GJ | W10: Revenue $'000 | X10: Total TJ | Y10: WAP $/GJ | Z10: Revenue $'000 | AA10: MDQ Total TJ* | AB10: WAP $/GJ | AC10: Revenue $'000 | AD10: Total TJ | AE10: WAP $/GJ | AF10: Revenue $'000 | AG10: MDQ Total TJ* | AH10: WAP $/GJ | AI10: Revenue $'000 | AJ10: Total TJ | AK10: WAP $/GJ | AL10: $'000 | AM10: Revenue $'000 | AN10: MDQ Total TJ* | AO10: WAP $/GJ | AP10: Revenue $'000 | AQ10: Total TJ | AR10: WAP $/GJ | AS10: Revenue $'000 | AT10: MDQ Total TJ* | AU10: WAP $/GJ | AV10: Revenue $'000 | AW10: Total TJ | AX10: WAP $/GJ | AY10: Revenue $'000 | AZ10: MDQ Total TJ* | BA10: WAP $/GJ | BB10: Revenue $'000 | BC10: Total TJ | BD10: WAP $/GJ | BE10: Revenue $'000 | BF10: MDQ Total TJ* | BG10: WAP $/GJ | BH10: Revenue $'000 | BI10: Total TJ | BJ10: WAP $/GJ
C11: Transportation services
B12: 4.4.1 | C12: Firm forward haul transportation services | D12: =L12+S12+AL12 -> 15445.277 | L12: =M12+P12 -> 15445.277 | M12: 15445.277 | N12: 4880.7 | O12: =IFERROR(M12/N12,0) -> 3.1645618 | R12: =IFERROR(P12/Q12,0) -> 0 | S12: =T12+W12+Z12+AC12+AF12+AI12 -> 0 | V12: =IFERROR(T12/U12,0) -> 0 | Y12: =IFERROR(W12/X12,0) -> 0 | AB12: =IFERROR(Z12/AA12,0) -> 0 | AE12: =IFERROR(AC12/AD12,0) -> 0 | AH12: =IFERROR(AF12/AG12,0) -> 0 | AK12: =IFERROR(AI12/AJ12,0) -> 0 | AL12: =AM12+AP12+AS12+AV12+AY12+BB12+BE12+BH12 -> 0 | AO12: =IFERROR(AM12/AN12,0) -> 0 | AR12: =IFERROR(AP12/AQ12,0) -> 0 | AU12: =IFERROR(AS12/AT12,0) -> 0 | AX12: =IFERROR(AV12/AW12,0) -> 0 | BA12: =IFERROR(AY12/AZ12,0) -> 0 | BD12: =IFERROR(BB12/BC12,0) -> 0 | BG12: =IFERROR(BE12/BF12,0) -> 0 | BJ12: =IFERROR(BH12/BI12,0) -> 0
B13: 4.4.1 | C13: Interruptible or as available transportation services | D13: =L13+S13+AL13 -> 616.01876 | L13: =M13+P13 -> 616.01876 | O13: =IFERROR(M13/N13,0) -> 0 | P13: 616.01876 | Q13: 121.395 | R13: =IFERROR(P13/Q13,0) -> 5.0744986 | S13: =T13+W13+Z13+AC13+AF13+AI13 -> 0 | V13: =IFERROR(T13/U13,0) -> 0 | Y13: =IFERROR(W13/X13,0) -> 0 | AB13: =IFERROR(Z13/AA13,0) -> 0 | AE13: =IFERROR(AC13/AD13,0) -> 0 | AH13: =IFERROR(AF13/AG13,0) -> 0 | AK13: =IFERROR(AI13/AJ13,0) -> 0 | AL13: =AM13+AP13+AS13+AV13+AY13+BB13+BE13+BH13 -> 0 | AO13: =IFERROR(AM13/AN13,0) -> 0 | AR13: =IFERROR(AP13/AQ13,0) -> 0 | AU13: =IFERROR(AS13/AT13,0) -> 0 | AX13: =IFERROR(AV13/AW13,0) -> 0 | BA13: =IFERROR(AY13/AZ13,0) -> 0 | BD13: =IFERROR(BB13/BC13,0) -> 0 | BG13: =IFERROR(BE13/BF13,0) -> 0 | BJ13: =IFERROR(BH13/BI13,0) -> 0
B14: 4.4.1 | C14: Backhaul services | D14: =L14+S14+AL14 -> 0 | L14: =M14+P14 -> 0 | O14: =IFERROR(M14/N14,0) -> 0 | R14: =IFERROR(P14/Q14,0) -> 0 | S14: =T14+W14+Z14+AC14+AF14+AI14 -> 0 | V14: =IFERROR(T14/U14,0) -> 0 | Y14: =IFERROR(W14/X14,0) -> 0 | AB14: =IFERROR(Z14/AA14,0) -> 0 | AE14: =IFERROR(AC14/AD14,0) -> 0 | AH14: =IFERROR(AF14/AG14,0) -> 0 | AK14: =IFERROR(AI14/AJ14,0) -> 0 | AL14: =AM14+AP14+AS14+AV14+AY14+BB14+BE14+BH14 -> 0 | AO14: =IFERROR(AM14/AN14,0) -> 0 | AR14: =IFERROR(AP14/AQ14,0) -> 0 | AU14: =IFERROR(AS14/AT14,0) -> 0 | AX14: =IFERROR(AV14/AW14,0) -> 0 | BA14: =IFERROR(AY14/AZ14,0) -> 0 | BD14: =IFERROR(BB14/BC14,0) -> 0 | BG14: =IFERROR(BE14/BF14,0) -> 0 | BJ14: =IFERROR(BH14/BI14,0) -> 0
C15: Stand alone compression services
B16: 4.4.2 | C16: Firm stand alone compression services | D16: =F16+I16 -> 0 | H16: =IFERROR(F16/G16,0) -> 0 | I16: 0 | J16: 0 | K16: =IFERROR(I16/J16,0) -> 0
C17: Storage services
B18: 4.4.3 | C18: Firm park/park and loan services | D18: =F18+I18 -> 0 | H18: =IFERROR(F18/G18,0) -> 0 | I18: 0 | J18: 0 | K18: =IFERROR(I18/J18,0) -> 0
B19: 4.7 | C19: Total exempt services | D19: =F19+I19 -> 0
C20: Total | D20: =SUM(D12:D19) -> 16061.295 | F20: =SUM(F12:F19) -> 0 | G20: =SUM(G12:G19) -> 0 | I20: =SUM(I12:I19) -> 0 | J20: =SUM(J12:J19) -> 0 | L20: =SUM(L12:L19) -> 16061.295 | M20: =SUM(M12:M19) -> 15445.277 | N20: =SUM(N12:N19) -> 4880.7 | P20: =SUM(P12:P19) -> 616.01876 | Q20: =SUM(Q12:Q19) -> 121.395 | S20: =SUM(S12:S19) -> 0 | T20: =SUM(T12:T19) -> 0 | U20: =SUM(U12:U19) -> 0 | W20: =SUM(W12:W19) -> 0 | X20: =SUM(X12:X19) -> 0 | Z20: =SUM(Z12:Z19) -> 0 | AA20: =SUM(AA12:AA19) -> 0 | AC20: =SUM(AC12:AC19) -> 0 | AD20: =SUM(AD12:AD19) -> 0 | AF20: =SUM(AF12:AF19) -> 0 | AG20: =SUM(AG12:AG19) -> 0 | AI20: =SUM(AI12:AI19) -> 0 | AJ20: =SUM(AJ12:AJ19) -> 0 | AL20: =SUM(AL12:AL19) -> 0 | AM20: =SUM(AM12:AM19) -> 0 | AN20: =SUM(AN12:AN19) -> 0 | AP20: =SUM(AP12:AP19) -> 0 | AQ20: =SUM(AQ12:AQ19) -> 0 | AS20: =SUM(AS12:AS19) -> 0 | AT20: =SUM(AT12:AT19) -> 0 | AV20: =SUM(AV12:AV19) -> 0 | AW20: =SUM(AW12:AW19) -> 0 | AY20: =SUM(AY12:AY19) -> 0 | AZ20: =SUM(AZ12:AZ19) -> 0 | BB20: =SUM(BB12:BB19) -> 0 | BC20: =SUM(BC12:BC19) -> 0 | BE20: =SUM(BE12:BE19) -> 0 | BF20: =SUM(BF12:BF19) -> 0 | BH20: =SUM(BH12:BH19) -> 0 | BI20: =SUM(BI12:BI19) -> 0
B22: * MDQ (Total TJ) = sum of MDQ’s over the reporting period in TJs

Sheet 5.1 Exempt WAP services
B1: Services exemption granted from ERA for Weighted Average Price disclosure
B2: =Tradingname -> APA NORTHERN GOLDFIELDS INTERCONNECT PTY LTD
B3: Reporting Period | C3: =TEXT(Yearstart,"dd/mm/yyyy")&" to "&TEXT(Yearending,"dd/mm/yyyy") -> 01/07/2025 to 30/06/2026
B5: Table 5.1.1: ERA exemptions
B7: Service category

Sheet Auditor's Review Report WAP

Sheet 6. Notes
B1: Additional (optional) notes and information
B2: =Tradingname -> APA NORTHERN GOLDFIELDS INTERCONNECT PTY LTD
B3: Year ending | C3: =Yearending -> 46203
B5: Table reference
B7: Cover | C7: The financial reporting under the non scheme guideline is an annual reporting requirement for APA's non scheme pipelines, requiring annual publishing by 30 October 2026. This information was published on Friday 30th October 2026.
B8: 1.1 | C8: APA has counted each contracting entity as a separate customer to determine customer numbers for each pipeline.
B9: 1.2 | C9: Pipeline Services listed are those contracted to customers within the reporting period for the pipeline. Some services, in particular non-firm services, may be contracted but not used.
B10: 2.2.1 | C10: Customer contribution in table 2.2.1 represents revenue in instances where a customer with an underlying GTA contributes to the capital expenditure of the pipeline.
B11: 3.1 | C11: Other non-depreciable pipeline assets include other elements of total assets reported in Balance Sheet (e.g. debtors, capital work in progress, contract intangibles etc.).
B12: 3.1.1 | C12: Other depreciable pipeline assets include items such as information technology systems, motor vehicles, office and pipeline related costs which have different useful lives ranging from 5 to 80 years. APA has reported the information by asset categories in a summary line reflective of all assets acquired at inception to 30 June 2026.
B13: 3.3.1 | C13: APA has reported the information by asset categories in a summary line reflective of all assets acquired from inception to 30 June 2026.
C14: New assets are reported as commissioned with depreciation assumed from the date of service.
B15: 3.3.2 | C15: APA has reported the shared assets information per fiscal year from date of acquisition.
C16: New assets are reported as commissioned with depreciation assumed in the next fiscal year.
B17: 3.4 | C17: The majority of total shared assets reported represent Information Technology assets and other assets such as office related assets and motor vehicles. The values are reported on a gross book basis.
B19: 4.1 | C19: Net tax liabilities incorporates mid-year tax depreciation for capital expenditure incurred during the fiscal year.
C20: Capital additions will be as follows: • For pipelines assets, capital expenditure will be reported “as incurred”. • For shared support assets and shared leased asset, capital expenditure will be reported “as commissioned”.
C21: The interest component of the leased assets (both Directly attributable and Shared RoU) has been included as part of Leased assets Interest/ Financing charges.
C22: Disposals and early terminations recognised include a half year capitalised WACC.
B23: 4.1.1 | C23: APA has reported the aggregate capital expenditure (inclusive of Stay-in-business capital expenditure) incurred each fiscal year. The 5% threshold of capital expenditure does not include leased asset, shared leased asset or shared assets. Any assets that might have had immaterial shared assets included in prior years reporting have been removed for consistency. Capital expenditure greater than 5% generally relates to significant expenditure for each non-scheme pipeline. Lease-funded pipeline capital expenditure could be included in the capital expenditure for comparison. The projects reported in excess of 5% capital expenditure for any given year is capital expenditure at cost (excluding the half year capitalised WACC) in relation to the total construction cost (which is inclusive of capitalised WACC).
B24: 5.1 | C24: In accordance with the Guideline, APA has not reported revenue in respect of exempt services against the relevant service category in Table 5.1. Instead, revenue associated with exempt services is aggregated and reported under “Total exempt services” in Table 5.1.

Sheet Amendment record
A2: Date | B2: ERA amendment# | C2: Worksheet | D2: Table | E2: Cell | F2: Change | G2: Reason
A3: 44084 | B3: 1 | C3: Amendment record | F3: New worksheet inserted | G3: This sheet captures the changes made to this non scheme financial reporting template.
A4: 44084 | B4: =B3+1 -> 2 | C4: 2. Revenue and expenses | D4: 2.1 | E4: F13 | F4: Formula corrected | G4: Formula amended to sum both elements of 'Direct revenue' to get 'Total direct revenue'.
A5: 44084 | B5: =B4+1 -> 3 | C5: 3. Statement of pipeline assets | D5: 3.1 | E5: D33:E33 | F5: Formula inserted | G5: Formula to aggregate relevant rows (Metering) to determine Closing value for metering assets
A6: 44084 | B6: =B5+1 -> 4 | C6: 3.3 Depreciation | D6: 3.3.1 | E6: D9:D52 | F6: List amended | G6: The term 'other depreciable assets' has been replaced with ' other depreciable pipeline assets' to match the terms used on worksheet 3.
A7: 44084 | B7: =B6+1 -> 5 | C7: 3.3 Depreciation | D7: 3.3.1 | E7: M7 and N7 | F7: Heading amended | G7: The heading has been amended to make it clear that accumulated depreciation is to be reported for both the current reporting period and the prior period.
A8: 44084 | B8: =B7+1 -> 6 | C8: 3.3 Depreciation | D8: 3.3.1 | E8: I5:K5 | F8: Guidance note added | G8: A guidance note has been added to the worksheet, clarifying that additions, capitalised maintenance and disposals must all be reported on a cumulative basis in this worksheet. Closing asset values are derived in each year with reference to the initial construction cost. Therefore all amendments to this value must be reported on a cumulative basis, to ensure the closing value is adjusted for all additions, disposals or capitalised maintenance.
A9: 44084 | B9: =B8+1 -> 7 | C9: 3. Statement of pipeline assets | D9: 3.1 | E9: Rows 63-67 and 74-78 | F9: rows inserted | G9: New items inserted to record Leased Assets as per AASB16.
A10: 44084 | B10: =B9+1 -> 8 | C10: 3. Statement of pipeline assets | D10: 3.1 | E10: D69:E69 and D84:E84 | F10: Formula updated | G10: Formulae updated to include leased assets
A11: 44084 | B11: =B10+1 -> 9 | C11: 3. Statement of pipeline assets | D11: 3.1 | E11: D14, D19, D25, D31, D37, D43, D49, D59 | F11: Formulae corrected | G11: Formulae amended to include prior year accumulated depreciation plus current year depreciation. It was only picking up current year depreciation.
A12: 44084 | B12: =B11+1 -> 10 | C12: 3.1 Pipeline asset useful life | D12: 3.1.1 | E12: B21:F26 and B33:F38 | F12: rows inserted | G12: Allow for lease asset information
A13: 44084 | B13: =B12+1 -> 11 | C13: Cover | D13: Reporting template | E13: D31:F32 | F13: Formatting | G13: To be visible.
A14: 44084 | B14: =B13+1 -> 12 | C14: 1.1 Financial performance | D14: 1.1.1 | E14: C10 | F14: Formatting - changed from Accounting Comma to Percentage Percent | G14: To disclose percentage with appropriate signage
A15: 44084 | B15: =B14+1 -> 13 | C15: 3.3 Depreciation | G15: Tab renamed 3.3 Depreciation amortisation
A16: 44084 | B16: =B15+1 -> 14 | C16: 3.3 Depreciation amortisation | D16: 3.3.2 | E16: L58:L78 | F16: Insert column | G16: To explicitly allow for prior period depreciation
A17: 44084 | B17: =B16+1 -> 15 | C17: 3. Statement of pipeline assets | D17: 3.1 | E17: Row 59 | F17: rows inserted | G17: To record additions and improvements capitalised
A18: 44084 | B18: =B17+1 -> 16 | C18: 3. Statement of pipeline assets | D18: 3.1 | E18: D58 | F18: Formula updated | G18: To only pick up initial acquisition costs
A19: 44084 | B19: =B18+1 -> 17 | C19: 3.3 Depreciation amortisation | D19: 3.3.1 | E19: D9:D52 | F19: List updated | G19: Added Leased assets to drop list
A20: 44084 | B20: =B19+1 -> 18 | C20: 3.3 Depreciation amortisation | D20: 3.3.2 | E20: D60:D77 | F20: List updated | G20: Added Shared leased assets to drop list
A21: 44084 | B21: =B20+1 -> 19 | C21: 4 Recovered Capital | D21: 4.1 | E21: Rows 15, 22, 29 | F21: rows inserted | G21: New items inserted to record Leased Assets
A22: 44084 | B22: =B21+1 -> 20 | C22: 4 Recovered Capital | D22: 4.1 | E22: E15, E22 and E29 | F22: Formula added | G22: To sum columns F to BH for respective items
A23: 44084 | B23: =B22+1 -> 21 | C23: 4 Recovered Capital | D23: 4.1 | E23: F16:BH16 and F23:BH23 | F23: Formula updated | G23: To include Leased Assets in total
A24: 44084 | B24: =B23+1 -> 22 | C24: 3.3 Depreciation amortisation | D24: 3.3.1 and 3.3.2 | E24: B5, B56, K7, G58, J58 and M58 | F24: Heading amended | G24: Headings updated for clarity
A25: 44084 | B25: =B24+1 -> 23 | C25: 3.3 Depreciation | D25: 3.3.1 | E25: E9:E52 | F25: Reformat | G25: The cells have been reformatted to show dd/mm/yyyy
A26: 44084 | B26: =B25+1 -> 24 | C26: 3.3 Depreciation | D26: 3.3.2 | E26: E60:E77 | F26: Reformat | G26: The cells have been reformatted to show dd/mm/yyyy
A27: 44084 | B27: =B26+1 -> 25 | C27: 3.1 Pipeline asset useful life | D27: 3.1.1 | E27: D9:D38 | F27: Reformat | G27: The cells have been reformatted to show dd/mm/yyyy
A28: 44109 | B28: =B27+1 -> 26 | C28: Cover | D28: Reporting template | E28: A7 | F28: a typographical error fixed. | G28: Corrected the spelling from 'insructions' to 'instructions'.
A29: 44109 | B29: =B28+1 -> 27 | C29: 3.1 Pipeline asset useful life | D29: 3.1.1 | E29: D7 | F29: a typographical error fixed. | G29: Corrected the spelling from 'acqusition' to 'acquisition'.
A30: 44109 | B30: =B29+1 -> 28 | C30: 4 Recovered Capital | D30: 3.1.1 | E30: D18 | F30: a typographical error fixed. | G30: Corrected the spelling from 'acqusition' to 'acquisition'.
A31: 44377 | B31: =B30+1 -> 29 | C31: Cover | E31: A25:E25 | F31: Question added | G31: To record publication date of the report
A32: 44377 | B32: =B31+1 -> 30 | C32: Cover | E32: A27:E27 | F32: Question added | G32: To record the date to which the reported information is current
A33: 44377 | B33: =B32+1 -> 31 | C33: Cover | E33: A29:K29 | F33: Questions added | G33: To record if there has been any change to the reported information within the current reporting period since publication date, and identify which part of the ‘basis of preparation’ document captures or explains the change in the published information.
A34: 44377 | B34: =B33+1 -> 32 | C34: Contents | F34: Contents updated | G34: To add hyperlink to Summary worksheet and reflect changes in worksheet names (3.1, 3.2 and 3.3)
A35: 44377 | B35: =B34+1 -> 33 | C35: Summary | F35: New worksheet added | G35: To enhance accessibility and transparency of the reported information by providing a 'quick glance' view of the key information reported in the template.
A36: 44377 | B36: =B35+1 -> 34 | C36: 1. Pipeline information | D36: 1.2 | E36: B16, B20, B21 | F36: Heading renamed | G36: To be consistent with the pipeline service categories in Table 2.1.1.
A37: 44377 | B37: =B36+1 -> 35 | C37: 1. Pipeline information | D37: 1.2 | E37: C29:D36 | F37: List added | G37: To add a yes/no dropdown list, consistent with other rows.
A38: 44377 | B38: =B37+1 -> 36 | C38: 1.1 Financial performance | D38: 1.1.1 | E38: C10 | F38: Formatting changed | G38: To express percentage in two decimal places
A39: 44377 | B39: =B38+1 -> 37 | C39: 2. Revenue and expenses | D39: 2.1 | E39: Row 12:14 / C12:C14 | F39: Rows added | G39: New categories are added to improve the clarity and consistency of revenue streams. - Customer contribution revenue (removed from Table 2.1.1) - Government contribution revenue (removed rom (Table 2.1.1) - Profit from sale of fixed assets
A40: 44377 | B40: =B39+1 -> 38 | C40: 2. Revenue and expenses | D40: 2.1 | E40: D32:D40 E32:E40 | F40: Formula corrected | G40: To correctly populate data from Table 2.4.1
A41: 44377 | B41: =B40+1 -> 39 | C41: 2. Revenue and expenses | D41: 2.1 | E41: C34 and C39 | F41: Formatting changed | G41: Remove uppercase in some words. Corresponding cells in original template are C31 and C36.
A42: 44377 | B42: =B41+1 -> 40 | C42: 2. Revenue and expenses | D42: 2.1 | E42: F11 and I11 | F42: Formula corrected | G42: To amend formula to sum up D11 and E11 and G11 and H11, respectively
A43: 44377 | B43: =B42+1 -> 41 | C43: 2. Revenue and expenses | D43: 2.1 | E43: I16 | F43: Formula corrected | G43: To include new revenue categories and correctly calculate the ‘total direct revenue’
A44: 44377 | B44: =B43+1 -> 42 | C44: 2.1 Revenue by service | D44: 2.1.1 | E44: C10 and C21 | F44: Heading/label renamed | G44: Headings changed from 'Direct Revenue' to ‘Revenue by service’ and from 'Total revenue (C24) to ‘Total service revenue’ (C21) to clarify that Table 2.1.1 only captures service revenue rather than all direct revenue.
A45: 44377 | B45: =B44+1 -> 43 | C45: 2.1 Revenue by service | D45: 2.1.1 | E45: Rows 21:23/ C21:C23 | F45: Rows removed | G45: To delete categories that do not fall under 'service revenue': - 'Customer contribution revenue' - 'Profit from sale of fixed assets' - ‘Other direct revenue’ These categories are moved to Table 2.1. See amendment # 37.
A46: 44377 | B46: =B45+1 -> 44 | C46: 2.1 Revenue by service | D46: 2.1.1 | E46: Row 16 | F46: Row split | G46: “Park and park and loan services” is split into two rows: “Park services” (row 16) and “Park and loan services (row 17) to be consistent with service categories in Table 1.2.
A47: 44377 | B47: =B46+1 -> 45 | C47: 2.1 Revenue by service | D47: 2.1.1 | E47: Row 20 | F47: Description renamed | G47: Replaced "Distribution/transmission revenue" (originally C19) with "Other pipeline services (if relevant)" (now C20) to be consistent with Table 2.1.
A48: 44377 | B48: =B47+1 -> 46 | C48: 2.1 Revenue by service | D48: 2.1.1 | E48: I21 | F48: Formula updated | G48: To correctly calculate the ‘total service revenue’.
A49: 44377 | B49: =B48+1 -> 47 | C49: 2.2 Revenue contributions | D49: 2.2.1 | E49: E9:E14 | F49: Formula added Formatting changed | G49: To add sum formula (E=C+D)
A50: 44377 | B50: =B49+1 -> 48 | C50: 2.3 Indirect revenue | D50: 2.3.1 | E50: E2:G4 | F50: Guidance note added | G50: To prompt operators to include sufficient information on their basis of preparation, explaining allocation methodologies and basis of allocators.
A51: 44377 | B51: =B50+1 -> 49 | C51: 2.3 Indirect revenue | D51: 2.3.1 | E51: Row 36 | F51: Formatting changed | G51: Change format of totals to 'bold' font
A52: 44377 | B52: =B51+1 -> 50 | C52: 2.4 Shared costs | D52: 2.4.1 | E52: E2:G4 | F52: Guidance note added | G52: To prompt operators to include sufficient information on their basis of preparation, explaining allocation methodologies and basis of allocators.
A53: 44377 | B53: =B52+1 -> 51 | C53: 2.4 Shared costs | D53: 2.4.1 | E53: H36 and I36 | F53: Formula corrected | G53: To correct double counting of other shared costs.
A54: 44377 | B54: =B53+1 -> 52 | C54: 2.4 Shared costs | D54: 2.4.1 | E54: C11 and C16 | F54: Formatting changed | G54: To remove uppercase in some words.
A55: 44377 | B55: =B54+1 -> 53 | C55: 2.4 Shared costs | D55: 2.4.1 | E55: Row 36 | F55: Formatting changed | G55: Change format of totals to 'bold' font
A56: 44377 | B56: =B55+1 -> 54 | C56: 3. Statement of pipeline assets | D56: 3.1 | E56: C8 and C81 | F56: Headings added | G56: Add headings ‘Pipeline assets’ and ‘Shared supporting assets allocated’ to improve clarity of asset categories.
A57: 44377 | B57: =B56+1 -> 55 | C57: 3. Statement of pipeline assets | D57: 3.1 | E57: C82 | F57: Heading renamed | G57: Renamed 'shared supporting assets' to 'shared property, plant and equipment' to be consistent with the labelling between worksheets
A58: 44377 | B58: =B57+1 -> 56 | C58: 3. Statement of pipeline assets | D58: 3.1 | E58: Column C | F58: Rows added Sub-categories amended Formatting changed | G58: To improve the consistency and structuring of labelling between Table 3.1 and Table 3.3.1. Each asset category will have the following reporting lines, as applicable: - Initial construction or acquisition costs - Additions - Capitalised maintenance or improvements - Depreciation - Disposals or early termination (at cost)
A59: 44377 | B59: =B58+1 -> 57 | C59: 3. Statement of pipeline assets | D59: 3.1 | E59: Columns D and E (D66, D33:E33, D71:E71, D80:E80, D83:D87, D90:D94 and D99:E99) | F59: Formula updated | G59: To update formula following changes in asset categories/ sub-categories, and correct previous errors.
A60: 44377 | B60: =B59+1 -> 58 | C60: 3.1 Asset useful life | F60: Tab renamed | G60: Renamed from 3.1 "Pipeline asset useful life" to "Asset useful life' to be consistent with the heading of the worksheet. Worksheet contains shared assets other than pipeline assets.
A61: 44377 | B61: =B60+1 -> 59 | C61: 3.1 Asset useful life | D61: 3.1.1 | E61: Column D | F61: Data entry deleted | G61: To remove data entries under 'Acquisition date' column
A62: 44377 | B62: =B61+1 -> 60 | C62: 3.1 Asset useful life | D62: 3.1.1 | E62: D9:D38 | F62: Formatting changed | G62: Changed format from number to 'short date'
A63: 44377 | B63: =B62+1 -> 61 | C63: 3.2 Asset impairment | F63: Tab renamed | G63: Renamed from 3.2 "Pipeline asset impairment" to "Asset impairment' to be consistent with the heading of the worksheet. Worksheet contains shared assets other than pipeline assets.
A64: 44377 | B64: =B63+1 -> 62 | C64: 3.2 Asset impairment | D64: 3.2.1 and 3.2.2 | E64: D8:D22 D28:D54 G28:G54 | F64: Formatting changed | G64: Change format to 'short date'
A65: 44377 | B65: =B64+1 -> 63 | C65: 3.3 Depreciation amortisation | E65: B1 | F65: Heading amended | G65: To be consistent with tab name
A66: 44377 | B66: =B65+1 -> 64 | C66: 3.3 Depreciation amortisation | D66: 3.3.1 and 3.3.2 | E66: H7, J7, G58 and L58 | F66: Heading amended | G66: To be consistent with the labelling of categories in Table 3.1
A67: 44377 | B67: =B66+1 -> 65 | C67: 3.3 Depreciation amortisation | D67: 3.3.1 | E67: D9:D52 | F67: List updated | G67: To be consistent with the categories in Table 3.1
A68: 44377 | B68: =B67+1 -> 66 | C68: 3.3 Depreciation amortisation | D68: 3.3.1 | E68: G53 | F68: Formula added | G68: To add sum formula
A69: 44377 | B69: =B68+1 -> 67 | C69: 3.3 Depreciation amortisation | D69: 3.3.1and 3.3.2 | E69: F9:F52 and F60:F77 | F69: Formatting changed | G69: Numbers formatted to the nearest whole number
A70: 44377 | B70: =B69+1 -> 68 | C70: 3.3 Depreciation amortisation | D70: 3.3.1 and 3.3.2 | E70: Column E | F70: Data entry deleted | G70: To remove data entries under Acquisition date column
A71: 44377 | B71: =B70+1 -> 69 | C71: 3.3 Depreciation amortisation | D71: 3.3.2 | E71: B58:N59 | F71: Formatting changed | G71: Cell colour changed to be consistent with other tables
A72: 44377 | B72: =B71+1 -> 70 | C72: 3.3 Depreciation amortisation | D72: 3.3.2 | E72: D60:D77 | F72: List updated | G72: To be consistent with the categories in Table 3.1
A73: 44377 | B73: =B72+1 -> 71 | C73: 3.4 Shared supporting assets | D73: 3.4.1 | E73: D9:D40 | F73: List created | G73: To add dropdown list consistent with the categories in Table 3.1
A74: 44377 | B74: =B73+1 -> 72 | C74: 3.4 Shared supporting assets | D74: 3.4.1 | E74: E2:G4 | F74: Guidance note added | G74: To prompt operators to include sufficient information on their basis of preparation, explaining allocation methodologies and basis of allocators.
A75: 44377 | B75: =B74+1 -> 73 | C75: 3.4 Shared supporting assets | D75: 3.4.1 | E75: Row 36 | F75: Formatting changed | G75: Change format of totals to 'bold' font
A76: 44377 | B76: =B75+1 -> 74 | C76: 4. Recovered Capital | F76: Tab renamed | G76: Minor punctuation amendment
A77: 44377 | B77: =B76+1 -> 75 | C77: 4. Recovered Capital | D77: 4.1 | E77: Rows 33 and 34 | F77: Rows added | G77: To disclose opening asset value and rate of return (WACC) of each year
A78: 44377 | B78: =B77+1 -> 76 | C78: 4. Recovered Capital | D78: 4.1 | E78: E11 | F78: Formula corrected | G78: Revised formula to sum F11:BH11, consistent with the treatment of other cost components that make up the ‘cost base’
A79: 44377 | B79: =B78+1 -> 77 | C79: 4. Recovered Capital | D79: 4.1 | E79: E25 | F79: Formula deleted | G79: Formula not required
A80: 44377 | B80: =B79+1 -> 78 | C80: 4. Recovered Capital | D80: 4.1 | E80: F8:BH8 | F80: Formula corrected | G80: To adjust formula to display year and allow cross-referencing with the Summary tab
A81: 44377 | B81: =B80+1 -> 79 | C81: 4. Recovered Capital | D81: 4.1 | E81: F31:BH31 | F81: Formula corrected | G81: To exclude row 25 which is not an input cell
A82: 44377 | B82: =B81+1 -> 80 | C82: 5. Weighted average price | D82: 5.1 | E82: Column B | F82: Column added | G82: To disclose the reference to the basis of preparation where pipeline operator may have explained the basis of allocation between pipeline and service types
A83: 44377 | B83: =B82+1 -> 81 | C83: 5. Weighted average price | D83: 5.1 | E83: Column E | F83: Column added | G83: To disclose if estimates were used by the pipeline operator to allocate revenue between pipelines and service types.
A84: 44377 | B84: =B83+1 -> 82 | C84: 5. Weighted average price | D84: 5.1 | E84: B2 and C3 | F84: Heading added | G84: To be consistent with other worksheets
A85: 44377 | B85: =B84+1 -> 83 | C85: 5. Weighted average price | D85: 5.1 | E85: F10:BJ10 | F85: Headings amended Formatting changed | G85: Heading (units) amended and format changed for clarity and consistency with formula: - revenues in $'000 - MDQ in Total TJ - WAP in $/GJ
A86: 44377 | B86: =B85+1 -> 84 | C86: 5. Weighted average price | D86: 5.1 | E86: C19:20 | F86: Formatting changed | G86: To be consistent with other tables
A87: 44377 | B87: =B86+1 -> 85 | C87: 5. Weighted average price | D87: 5.1 | E87: Row 22 | F87: Explanatory note added | G87: To clarify the MDQ unit above as: Total TJ = sum of MDQ’s over the reporting period in TJs
A88: 44377 | B88: =B87+1 -> 86 | C88: All worksheets | E88: Numerical cells | F88: Formatting changed | G88: Amend relevant numerical cells to ensure format is in comma style, negative values in brackets and rounded off to nearest whole number
A89: 44377 | B89: =B88+1 -> 87 | C89: All worksheets | E89: Date cells | F89: Formatting changed | G89: Amend relevant date cells to ensure format is in date style
A90: 44377 | B90: =B89+1 -> 88 | C90: All worksheets | E90: Input cells | F90: Formatting changed | G90: Amend relevant input cells to ensure font colour is blue
A91: 44377 | B91: =B90+1 -> 89 | C91: All worksheets | E91: A1 | F91: Formatting changed | G91: Enlarge size to make hyperlink to Contents tab more visible and accessible
A92: 44383 | B92: =B91+1 -> 90 | C92: Summary | E92: Row 86 (C86:H86) | F92: Formula corrected | G92: To correctly populate weighted average prices (WAP) of 'interruptible or as available transportation services' (distance based - other delivery points) from Table 5.1
A93: 44383 | B93: =B92+1 -> 91 | C93: Summary | E93: F100 | F93: Formula corrected | G93: To correctly populate WAP of exempt services (volume based charge) from Table 5.1
A94: 44383 | B94: =B93+1 -> 92 | C94: 3. Statement of pipeline assets | D94: 3.1 | E94: D86:87 | F94: Formula corrected | G94: To correctly populate depreciation and disposal values of 'Shared property, plant and equipment' from Table 3.3.2
A95: 44383 | B95: =B94+1 -> 93 | C95: 3. Statement of pipeline assets | D95: 3.1 | E95: D93:94 | F95: Formula corrected | G95: To correctly populate depreciation and disposal values of 'Shared leased assets' from Table 3.3.2

Sheet APA Amendment record
A2: Date | B2: APA amendment# | C2: Worksheet | D2: Table | E2: Cell | F2: Change | G2: Reason
A3: 44434 | B3: 1 | C3: APA Amendment record | F3: New worksheet inserted | G3: This sheet captures the changes made to this non scheme financial reporting template.
A4: 44434 | B4: =B3+1 -> 2 | C4: 3.3 Depreciation amortisation | D4: 3.3.1 | E4: N7 | F4: Heading amended | G4: The heading has been amended to make it clear that accumulated depreciation is to be reported for both the current reporting period and the prior period.
A5: 44432 | B5: =B4+1 -> 3 | C5: Summary | E5: C116 | F5: Formula change | G5: Formula updated to include shared leased asset depreciation reported under other Other shared costs in tab 2.4 Shared costs
A6: 44482 | B6: =B5+1 -> 4 | C6: Cover | E6: I29 | F6: Wrap text | G6: Wrap text
A7: 44489 | B7: =B6+1 -> 5 | C7: 4. Recovered capital | D7: 4.1 | E7: C39 | F7: Formatting changed | G7: Format changed to comma style and rounded off to nearest whole number

Sheet CrossfireHiddenWorksheet
A3: a75b27de-3cbb-4574-9781-cd0ba0527c5c | B3: 2dec4e6a-58a8-4cf3-9e84-60e2671e300b | C3: 58bbe7f6-0a42-4163-a9ee-8e8f1dd45a47 | D3: 72d07442-14f7-4681-ae1e-c0080db08ef1 | E3: 16447e60-dffe-40ae-85de-e8370d63ed19 | F3: 4deeb268-5a4d-4792-8728-4d44180fb789
A4: 1 | B4: 13 | C4: 43 | D4: 49 | E4: 55 | F4: 61
A5: =#REF! -> #REF! | B5: 1 | C5: =#REF! -> #REF! | D5: 447 | E5: =#REF! -> #REF! | F5: 461 | M5: =#REF! -> #REF! | N5: 1 | O5: =#REF! -> #REF! | P5: 175 | Q5: =#REF! -> #REF! | R5: 210 | AQ5: =#REF! -> #REF! | AR5: 1 | AS5: =#REF! -> #REF! | AT5: 11 | AU5: =#REF! -> #REF! | AV5: 12 | AW5: ='[1]D.3 Trial Balance - FY25'!$5:$5 -> 0 | AX5: 1 | AY5: ='[1]D.3 Trial Balance - FY25'!$E:$E -> 0 | AZ5: 448 | BA5: ='[1]D.3 Trial Balance - FY25'!$E$2 -> 2025 - P12 Jun | BB5: 454 | BC5: ='[1]D.4 Revenue - FY25'!$5:$5 -> 0 | BD5: 1 | BE5: ='[1]D.4 Revenue - FY25'!$V:$V -> 0 | BF5: 176 | BG5: ='[1]D.4 Revenue - FY25'!$I$2 -> 4000 | BH5: 195 | BI5: ='[1]D.5 Expenses - FY25'!$3:$3 -> 0 | BJ5: 1 | BK5: ='[1]D.5 Expenses - FY25'!$O:$O -> 208.02 | BL5: 97 | BM5: ='[1]D.5 Expenses - FY25'!$B$3 -> Regulatory - Depreciation | BN5: 49
A6: =#REF! -> #REF! | B6: 2 | C6: =#REF! -> #REF! | D6: 453 | E6: =#REF! -> #REF! | F6: 467 | M6: =#REF! -> #REF! | N6: 2 | O6: =#REF! -> #REF! | P6: 2605 | Q6: =#REF! -> #REF! | R6: 211 | AQ6: =#REF! -> #REF! | AR6: 2 | AS6: =#REF! -> #REF! | AT6: 44367 | AU6: =#REF! -> #REF! | AV6: 13 | AW6: ='[1]D.3 Trial Balance - FY25'!$6:$6 -> 0 | AX6: 2 | AY6: ='[1]D.3 Trial Balance - FY25'!$F:$F -> 0 | AZ6: 449 | BA6: ='[1]D.3 Trial Balance - FY25'!$F$2 -> 2025 - P12 Jun | BB6: 455 | BC6: ='[1]D.4 Revenue - FY25'!$6:$6 -> 0 | BD6: 2 | BE6: ='[1]D.4 Revenue - FY25'!$I:$I -> 0 | BF6: 177 | BG6: ='[1]D.4 Revenue - FY25'!$J$2 -> 4001 | BH6: 196 | BI6: ='[1]D.5 Expenses - FY25'!$6:$6 -> 0 | BJ6: 2 | BK6: ='[1]D.5 Expenses - FY25'!$N:$N -> 0 | BL6: 674 | BM6: ='[1]D.5 Expenses - FY25'!$B$6 -> Regulatory - Directly Attributable Finance Charges | BN6: 50
A7: =#REF! -> #REF! | B7: 3 | C7: =#REF! -> #REF! | D7: 454 | E7: =#REF! -> #REF! | F7: 468 | M7: =#REF! -> #REF! | N7: 3 | O7: =#REF! -> #REF! | P7: 2606 | Q7: =#REF! -> #REF! | R7: 229 | AQ7: =#REF! -> #REF! | AR7: 3 | AS7: =#REF! -> #REF! | AT7: 44368 | AU7: =#REF! -> #REF! | AV7: 14 | AW7: ='[1]D.3 Trial Balance - FY25'!$7:$7 -> 0 | AX7: 3 | AY7: ='[1]D.3 Trial Balance - FY25'!$G:$G -> 0 | AZ7: 450 | BA7: ='[1]D.3 Trial Balance - FY25'!$E$3 -> A104 Corporate General | BB7: 456 | BC7: ='[1]D.4 Revenue - FY25'!$7:$7 -> 0 | BD7: 3 | BE7: ='[1]D.4 Revenue - FY25'!$J:$J -> 0 | BF7: 178 | BG7: ='[1]D.4 Revenue - FY25'!$K$2 -> 4002 | BH7: 197 | BI7: ='[1]D.5 Expenses - FY25'!$7:$7 -> 0 | BJ7: 3 | BK7: ='[1]D.5 Expenses - FY25'!$M:$M -> 113349.76 | BL7: 675 | BM7: ='[1]D.5 Expenses - FY25'!$B$7 -> Regulatory - Insurance | BN7: 51
A8: =#REF! -> #REF! | B8: 4 | C8: =#REF! -> #REF! | D8: 455 | E8: =#REF! -> #REF! | F8: 474 | M8: =#REF! -> #REF! | N8: 4 | O8: =#REF! -> #REF! | P8: 2607 | Q8: =#REF! -> #REF! | R8: 230 | AQ8: =#REF! -> #REF! | AR8: 4 | AS8: =#REF! -> #REF! | AT8: 44369 | AU8: =#REF! -> #REF! | AV8: 15 | AW8: ='[1]D.3 Trial Balance - FY25'!$8:$8 -> 0 | AX8: 4 | AY8: ='[1]D.3 Trial Balance - FY25'!$H:$H -> 0 | AZ8: 451 | BA8: ='[1]D.3 Trial Balance - FY25'!$F$3 -> A611 Murrin Murrin Pipeline | BB8: 457 | BC8: ='[1]D.4 Revenue - FY25'!$8:$8 -> 0 | BD8: 4 | BE8: ='[1]D.4 Revenue - FY25'!$K:$K -> 0 | BF8: 179 | BG8: ='[1]D.4 Revenue - FY25'!$L$2 -> 4003 | BH8: 198 | BI8: ='[1]D.5 Expenses - FY25'!$9:$9 -> 0 | BJ8: 4 | BK8: ='[1]D.5 Expenses - FY25'!$L:$L -> 104452.36 | BL8: 676 | BM8: ='[1]D.5 Expenses - FY25'!$B$9 -> Regulatory - Leasing and Rental Costs | BN8: 52
A9: =#REF! -> #REF! | B9: 5 | C9: =#REF! -> #REF! | D9: 460 | E9: =#REF! -> #REF! | F9: 475 | M9: =#REF! -> #REF! | N9: 5 | O9: =#REF! -> #REF! | P9: 2608 | Q9: =#REF! -> #REF! | R9: 231 | AQ9: =#REF! -> #REF! | AR9: 5 | AS9: =#REF! -> #REF! | AT9: 44370 | AU9: =#REF! -> #REF! | AV9: 16 | AW9: ='[1]D.3 Trial Balance - FY25'!$9:$9 -> 0 | AX9: 5 | AY9: ='[1]D.3 Trial Balance - FY25'!$I:$I -> 0 | AZ9: 452 | BA9: ='[1]D.3 Trial Balance - FY25'!$G$2 -> 2025 - P12 Jun | BB9: 458 | BC9: ='[1]D.4 Revenue - FY25'!$9:$9 -> 0 | BD9: 5 | BE9: ='[1]D.4 Revenue - FY25'!$L:$L -> 0 | BF9: 180 | BG9: ='[1]D.4 Revenue - FY25'!$M$2 -> 4004 | BH9: 199 | BI9: ='[1]D.5 Expenses - FY25'!$13:$13 -> 0 | BJ9: 5 | BK9: ='[1]D.5 Expenses - FY25'!$K:$K -> 154667.54 | BL9: 677 | BM9: ='[1]D.5 Expenses - FY25'!$B$13 -> Regulatory - Licence and Regulatory Costs | BN9: 53
A10: =#REF! -> #REF! | B10: 6 | C10: =#REF! -> #REF! | D10: 449934 | E10: =#REF! -> #REF! | F10: 476 | M10: =#REF! -> #REF! | N10: 6 | O10: =#REF! -> #REF! | P10: 2609 | Q10: =#REF! -> #REF! | R10: 232 | AQ10: =#REF! -> #REF! | AR10: 6 | AS10: =#REF! -> #REF! | AT10: 44371 | AU10: =#REF! -> #REF! | AV10: 17 | AW10: ='[1]D.3 Trial Balance - FY25'!$10:$10 -> 0 | AX10: 6 | AY10: ='[1]D.3 Trial Balance - FY25'!$K:$K -> 0 | AZ10: 453 | BA10: ='[1]D.3 Trial Balance - FY25'!$H$2 -> 2025 - P12 Jun | BB10: 459 | BC10: ='[1]D.4 Revenue - FY25'!$10:$10 -> 0 | BD10: 6 | BE10: ='[1]D.4 Revenue - FY25'!$M:$M -> 0 | BF10: 181 | BG10: ='[1]D.4 Revenue - FY25'!$N$2 -> 4005 | BH10: 200 | BI10: ='[1]D.5 Expenses - FY25'!$17:$17 -> 0 | BJ10: 6 | BK10: ='[1]D.5 Expenses - FY25'!$J:$J -> 2471.03 | BL10: 678 | BM10: ='[1]D.5 Expenses - FY25'!$B$17 -> Regulatory - Not Reportable | BN10: 54
A11: =#REF! -> #REF! | B11: 7 | E11: =#REF! -> #REF! | F11: 481 | M11: =#REF! -> #REF! | N11: 7 | O11: =#REF! -> #REF! | P11: 2610 | Q11: =#REF! -> #REF! | R11: 233 | AQ11: =#REF! -> #REF! | AR11: 7 | AS11: =#REF! -> #REF! | AT11: 44372 | AU11: =#REF! -> #REF! | AV11: 18 | AW11: ='[1]D.3 Trial Balance - FY25'!$11:$11 -> 0 | AX11: 7 | BA11: ='[1]D.3 Trial Balance - FY25'!$G$3 -> A621 Mondarra gas storage | BB11: 460 | BC11: ='[1]D.4 Revenue - FY25'!$11:$11 -> 0 | BD11: 7 | BE11: ='[1]D.4 Revenue - FY25'!$N:$N -> 0 | BF11: 182 | BG11: ='[1]D.4 Revenue - FY25'!$O$2 -> 4006 | BH11: 201 | BI11: ='[1]D.5 Expenses - FY25'!$21:$21 -> 0 | BJ11: 7 | BK11: ='[1]D.5 Expenses - FY25'!$I:$I -> 319.23 | BL11: 679 | BM11: ='[1]D.5 Expenses - FY25'!$B$21 -> Regulatory - Other Direct Costs | BN11: 55
A12: =#REF! -> #REF! | B12: 8 | E12: =#REF! -> #REF! | F12: 482 | M12: =#REF! -> #REF! | N12: 8 | O12: =#REF! -> #REF! | P12: 2611 | Q12: =#REF! -> #REF! | R12: 234 | AQ12: =#REF! -> #REF! | AR12: 8 | AS12: =#REF! -> #REF! | AT12: 44373 | AU12: =#REF! -> #REF! | AV12: 19 | AW12: ='[1]D.3 Trial Balance - FY25'!$12:$12 -> 0 | AX12: 8 | BA12: ='[1]D.3 Trial Balance - FY25'!$H$3 -> A631 Northern Goldfields Interconnect | BB12: 461 | BC12: ='[1]D.4 Revenue - FY25'!$12:$12 -> 0 | BD12: 8 | BE12: ='[1]D.4 Revenue - FY25'!$O:$O -> 0 | BF12: 183 | BG12: ='[1]D.4 Revenue - FY25'!$P$2 -> 4007 | BH12: 202 | BI12: ='[1]D.5 Expenses - FY25'!$37:$37 -> 0 | BJ12: 8 | BK12: ='[1]D.5 Expenses - FY25'!$H:$H -> 151877.28 | BL12: 680 | BM12: ='[1]D.5 Expenses - FY25'!$B$37 -> Regulatory - Repairs and Maintenance | BN12: 56
A13: =#REF! -> #REF! | B13: 9 | E13: =#REF! -> #REF! | F13: 487 | M13: =#REF! -> #REF! | N13: 9 | O13: =#REF! -> #REF! | P13: 3370 | Q13: =#REF! -> #REF! | R13: 235 | AQ13: =#REF! -> #REF! | AR13: 9 | AS13: =#REF! -> #REF! | AT13: 44374 | AU13: =#REF! -> #REF! | AV13: 20 | AW13: ='[1]D.3 Trial Balance - FY25'!$13:$13 -> 0 | AX13: 9 | BA13: ='[1]D.3 Trial Balance - FY25'!$D$5 -> 1300:ASSETS HELD FOR SALE | BB13: 462 | BC13: ='[1]D.4 Revenue - FY25'!$13:$13 -> 0 | BD13: 9 | BE13: ='[1]D.4 Revenue - FY25'!$P:$P -> 0 | BF13: 184 | BG13: ='[1]D.4 Revenue - FY25'!$Q$2 -> 4008 | BH13: 203 | BI13: ='[1]D.5 Expenses - FY25'!$38:$38 -> 0 | BJ13: 9 | BK13: ='[1]D.5 Expenses - FY25'!$G:$G -> 69536.65 | BL13: 681 | BM13: ='[1]D.5 Expenses - FY25'!$B$38 -> Regulatory - Tax | BN13: 57
A14: =#REF! -> #REF! | B14: 10 | E14: =#REF! -> #REF! | F14: 488 | M14: =#REF! -> #REF! | N14: 10 | O14: =#REF! -> #REF! | P14: 3371 | Q14: =#REF! -> #REF! | R14: 236 | AQ14: =#REF! -> #REF! | AR14: 10 | AS14: =#REF! -> #REF! | AT14: 44375 | AU14: =#REF! -> #REF! | AV14: 21 | AW14: ='[1]D.3 Trial Balance - FY25'!$14:$14 -> 0 | AX14: 10 | BA14: ='[1]D.3 Trial Balance - FY25'!$D$6 -> 1000:CASH AT BANK | BB14: 463 | BC14: ='[1]D.4 Revenue - FY25'!$14:$14 -> 0 | BD14: 10 | BE14: ='[1]D.4 Revenue - FY25'!$Q:$Q -> 0 | BF14: 185 | BG14: ='[1]D.4 Revenue - FY25'!$R$2 -> 4009 | BH14: 204 | BI14: ='[1]D.5 Expenses - FY25'!$41:$41 -> 0 | BJ14: 10 | BK14: ='[1]D.5 Expenses - FY25'!$F:$F -> -16155.13 | BL14: 682 | BM14: ='[1]D.5 Expenses - FY25'!$B$41 -> Regulatory - Wages | BN14: 58
A15: =#REF! -> #REF! | B15: 11 | E15: =#REF! -> #REF! | F15: 489 | M15: =#REF! -> #REF! | N15: 11 | O15: =#REF! -> #REF! | P15: 3372 | Q15: =#REF! -> #REF! | R15: 237 | AQ15: =#REF! -> #REF! | AR15: 44487 | AS15: =#REF! -> #REF! | AT15: 44376 | AU15: =#REF! -> #REF! | AV15: 22 | AW15: ='[1]D.3 Trial Balance - FY25'!$15:$15 -> 0 | AX15: 11 | BA15: ='[1]D.3 Trial Balance - FY25'!$D$7 -> 1001:CBA-APT A/C 4848 DIST. ACCOUNT | BB15: 464 | BC15: ='[1]D.4 Revenue - FY25'!$15:$15 -> 0 | BD15: 11 | BE15: ='[1]D.4 Revenue - FY25'!$R:$R -> 0 | BF15: 186 | BG15: ='[1]D.4 Revenue - FY25'!$S$2 -> 4010 | BH15: 205 | BI15: ='[1]D.5 Expenses - FY25'!$4:$4 -> 0 | BJ15: 490 | BK15: ='[1]D.5 Expenses - FY25'!$E:$E -> 0 | BL15: 683 | BM15: ='[1]D.5 Expenses - FY25'!$O$2 -> 2025 | BN15: 269
A16: =#REF! -> #REF! | B16: 12 | E16: =#REF! -> #REF! | F16: 490 | M16: =#REF! -> #REF! | N16: 12 | O16: =#REF! -> #REF! | P16: 3373 | Q16: =#REF! -> #REF! | R16: 238 | AQ16: =#REF! -> #REF! | AR16: 44488 | AS16: =#REF! -> #REF! | AT16: 44377 | AU16: =#REF! -> #REF! | AV16: 44379 | AW16: ='[1]D.3 Trial Balance - FY25'!$16:$16 -> 0 | AX16: 12 | BA16: ='[1]D.3 Trial Balance - FY25'!$D$8 -> 1002:CBA SUBORDINATED NOTES A/C 2428 | BB16: 465 | BC16: ='[1]D.4 Revenue - FY25'!$16:$16 -> 0 | BD16: 12 | BE16: ='[1]D.4 Revenue - FY25'!$S:$S -> 0 | BF16: 187 | BG16: ='[1]D.4 Revenue - FY25'!$I$3 -> 4000:OPERATING REVENUE | BH16: 206 | BI16: ='[1]D.5 Expenses - FY25'!$5:$5 -> 0 | BJ16: 491 | BK16: ='[1]D.5 Expenses - FY25'!$D:$D -> 18698.63 | BL16: 684 | BM16: ='[1]D.5 Expenses - FY25'!$B$4 -> 6100:DEPRECIATION | BN16: 492
A17: =#REF! -> #REF! | B17: 13 | E17: =#REF! -> #REF! | F17: 491 | M17: =#REF! -> #REF! | N17: 13 | O17: =#REF! -> #REF! | P17: 3374 | Q17: =#REF! -> #REF! | R17: 239 | AQ17: =#REF! -> #REF! | AR17: 44491 | AS17: =#REF! -> #REF! | AT17: 44378 | AU17: =#REF! -> #REF! | AV17: 44380 | AW17: ='[1]D.3 Trial Balance - FY25'!$17:$17 -> 0 | AX17: 13 | BA17: ='[1]D.3 Trial Balance - FY25'!$D$9 -> 1003:GGT - BANK ALLOCATIONS | BB17: 466 | BC17: ='[1]D.4 Revenue - FY25'!$17:$17 -> 0 | BD17: 13 | BE17: ='[1]D.4 Revenue - FY25'!$D:$D -> 0 | BF17: 188 | BG17: ='[1]D.4 Revenue - FY25'!$J$3 -> 4001:REVENUE FROM ASSOCIATE | BH17: 207 | BI17: ='[1]D.5 Expenses - FY25'!$10:$10 -> 0 | BJ17: 494 | BK17: ='[1]D.5 Expenses - FY25'!$C:$C -> 10122.89 | BL17: 685 | BM17: ='[1]D.5 Expenses - FY25'!$B$5 -> 6101:AMORTISATION | BN17: 493
A18: =#REF! -> #REF! | B18: 14 | E18: =#REF! -> #REF! | F18: 492 | M18: =#REF! -> #REF! | N18: 14 | O18: =#REF! -> #REF! | P18: 3375 | Q18: =#REF! -> #REF! | R18: 240 | AQ18: =#REF! -> #REF! | AR18: 44492 | AU18: =#REF! -> #REF! | AV18: 44381 | AW18: ='[1]D.3 Trial Balance - FY25'!$18:$18 -> 0 | AX18: 14 | BA18: ='[1]D.3 Trial Balance - FY25'!$D$10 -> 1004:APA GROUP EQUITY TRUST BANK A/C | BB18: 467 | BC18: ='[1]D.4 Revenue - FY25'!$18:$18 -> 0 | BD18: 14 | BE18: ='[1]D.4 Revenue - FY25'!$E:$E -> 0 | BF18: 189 | BG18: ='[1]D.4 Revenue - FY25'!$K$3 -> 4002:OTHER REVENUE | BH18: 208 | BI18: ='[1]D.5 Expenses - FY25'!$11:$11 -> 0 | BJ18: 495 | BM18: ='[1]D.5 Expenses - FY25'!$B$10 -> 5109:PLANT & EQUIPMENT HIRE | BN18: 497
A19: =#REF! -> #REF! | B19: 15 | E19: =#REF! -> #REF! | F19: 493 | M19: =#REF! -> #REF! | N19: 15 | O19: =#REF! -> #REF! | P19: 3376 | Q19: =#REF! -> #REF! | R19: 241 | AQ19: =#REF! -> #REF! | AR19: 44495 | AU19: =#REF! -> #REF! | AV19: 44382 | AW19: ='[1]D.3 Trial Balance - FY25'!$19:$19 -> 0 | AX19: 15 | BA19: ='[1]D.3 Trial Balance - FY25'!$D$11 -> 1029:CASH AT BANK - CONVERSION | BB19: 468 | BC19: ='[1]D.4 Revenue - FY25'!$19:$19 -> 0 | BD19: 15 | BE19: ='[1]D.4 Revenue - FY25'!$F:$F -> 0 | BF19: 190 | BG19: ='[1]D.4 Revenue - FY25'!$L$3 -> 4003:DIVIDENDS INCOME | BH19: 209 | BI19: ='[1]D.5 Expenses - FY25'!$12:$12 -> 0 | BJ19: 496 | BM19: ='[1]D.5 Expenses - FY25'!$B$11 -> 5114:MOTOR VEHICLES | BN19: 498
A20: =#REF! -> #REF! | B20: 16 | E20: =#REF! -> #REF! | F20: 494 | M20: =#REF! -> #REF! | N20: 16 | O20: =#REF! -> #REF! | P20: 3377 | Q20: =#REF! -> #REF! | R20: 242 | AQ20: =#REF! -> #REF! | AR20: 44496 | AU20: =#REF! -> #REF! | AV20: 44383 | AW20: ='[1]D.3 Trial Balance - FY25'!$20:$20 -> 0 | AX20: 16 | BA20: ='[1]D.3 Trial Balance - FY25'!$D$12 -> 1030:CASH ON HAND | BB20: 469 | BC20: ='[1]D.4 Revenue - FY25'!$20:$20 -> 0 | BD20: 16 | BE20: ='[1]D.4 Revenue - FY25'!$G:$G -> 0 | BF20: 191 | BG20: ='[1]D.4 Revenue - FY25'!$M$3 -> 4004:INTER-ENTITY SALES | BH20: 210 | BI20: ='[1]D.5 Expenses - FY25'!$14:$14 -> 0 | BJ20: 500 | BM20: ='[1]D.5 Expenses - FY25'!$B$12 -> 5117:RENT & PROPERTY OUTGOINGS | BN20: 499
A21: =#REF! -> #REF! | B21: 17 | E21: =#REF! -> #REF! | F21: 495 | M21: =#REF! -> #REF! | N21: 17 | O21: =#REF! -> #REF! | P21: 3378 | Q21: =#REF! -> #REF! | R21: 243 | AQ21: =#REF! -> #REF! | AR21: 44499 | AU21: =#REF! -> #REF! | AV21: 44384 | AW21: ='[1]D.3 Trial Balance - FY25'!$21:$21 -> 0 | AX21: 17 | BA21: ='[1]D.3 Trial Balance - FY25'!$D$13 -> 1031:PETTY CASH | BB21: 470 | BC21: ='[1]D.4 Revenue - FY25'!$21:$21 -> 0 | BD21: 17 | BE21: ='[1]D.4 Revenue - FY25'!$H:$H -> 0 | BF21: 192 | BG21: ='[1]D.4 Revenue - FY25'!$N$3 -> 4005:REALISED FX GAINS/LOSSES (CUSTOMER RECEIPTS) | BH21: 211 | BI21: ='[1]D.5 Expenses - FY25'!$15:$15 -> 0 | BJ21: 501 | BM21: ='[1]D.5 Expenses - FY25'!$B$14 -> 5124:CORPORATE AFFAIRS | BN21: 503
A22: =#REF! -> #REF! | B22: 18 | E22: =#REF! -> #REF! | F22: 496 | M22: =#REF! -> #REF! | N22: 18 | O22: =#REF! -> #REF! | P22: 3379 | Q22: =#REF! -> #REF! | R22: 244 | AQ22: =#REF! -> #REF! | AR22: 44500 | AU22: =#REF! -> #REF! | AV22: 44385 | AW22: ='[1]D.3 Trial Balance - FY25'!$22:$22 -> 0 | AX22: 18 | BA22: ='[1]D.3 Trial Balance - FY25'!$D$14 -> 1060:CASH CALLS PAID | BB22: 471 | BC22: ='[1]D.4 Revenue - FY25'!$22:$22 -> 0 | BD22: 18 | BE22: ='[1]D.4 Revenue - FY25'!$T:$T -> 0 | BF22: 193 | BG22: ='[1]D.4 Revenue - FY25'!$V$2 -> No code | BH22: 212 | BI22: ='[1]D.5 Expenses - FY25'!$16:$16 -> 0 | BJ22: 502 | BM22: ='[1]D.5 Expenses - FY25'!$B$15 -> 5214:ASSET LICENCES | BN22: 504
A23: =#REF! -> #REF! | B23: 19 | E23: =#REF! -> #REF! | F23: 497 | M23: =#REF! -> #REF! | N23: 19 | O23: =#REF! -> #REF! | P23: 3380 | Q23: =#REF! -> #REF! | R23: 245 | AQ23: =#REF! -> #REF! | AR23: 44501 | AU23: =#REF! -> #REF! | AV23: 44386 | AW23: ='[1]D.3 Trial Balance - FY25'!$23:$23 -> 0 | AX23: 19 | BA23: ='[1]D.3 Trial Balance - FY25'!$D$15 -> 1061:CASH CALLS EQUALISATIONS | BB23: 472 | BC23: ='[1]D.4 Revenue - FY25'!$23:$23 -> 0 | BD23: 19 | BE23: ='[1]D.4 Revenue - FY25'!$U:$U -> 0 | BF23: 194 | BG23: ='[1]D.4 Revenue - FY25'!$V$3 -> Total Income | BH23: 213 | BI23: ='[1]D.5 Expenses - FY25'!$18:$18 -> 0 | BJ23: 506 | BM23: ='[1]D.5 Expenses - FY25'!$B$16 -> 5221:FEES & TAXES | BN23: 505
A24: =#REF! -> #REF! | B24: 20 | E24: =#REF! -> #REF! | F24: 498 | M24: =#REF! -> #REF! | N24: 20 | Q24: =#REF! -> #REF! | R24: 246 | AQ24: =#REF! -> #REF! | AR24: 44505 | AU24: =#REF! -> #REF! | AV24: 44387 | AW24: ='[1]D.3 Trial Balance - FY25'!$24:$24 -> 0 | AX24: 20 | BA24: ='[1]D.3 Trial Balance - FY25'!$D$16 -> 1050:DEPOSITS @ CALL | BB24: 473 | BC24: ='[1]D.4 Revenue - FY25'!$24:$24 -> 0 | BD24: 20 | BG24: ='[1]D.4 Revenue - FY25'!$O$3 -> 4006:UNREALISED FX GAINS/LOSSES (CUSTOMER RECEIPTS) | BH24: 214 | BI24: ='[1]D.5 Expenses - FY25'!$19:$19 -> 0 | BJ24: 507 | BM24: ='[1]D.5 Expenses - FY25'!$B$18 -> 6004:INTER-ENTITY INTEREST PAID | BN24: 509
A25: =#REF! -> #REF! | B25: 21 | E25: =#REF! -> #REF! | F25: 499 | M25: =#REF! -> #REF! | N25: 21 | Q25: =#REF! -> #REF! | R25: 247 | AQ25: =#REF! -> #REF! | AR25: 44506 | AU25: =#REF! -> #REF! | AV25: 44388 | AW25: ='[1]D.3 Trial Balance - FY25'!$25:$25 -> 0 | AX25: 21 | BA25: ='[1]D.3 Trial Balance - FY25'!$D$17 -> 1051:SHORT TERM DEPOSITS | BB25: 474 | BC25: ='[1]D.4 Revenue - FY25'!$25:$25 -> 0 | BD25: 21 | BG25: ='[1]D.4 Revenue - FY25'!$P$3 -> 4007:INTER-ENTITY DIVIDEND | BH25: 215 | BI25: ='[1]D.5 Expenses - FY25'!$20:$20 -> 0 | BJ25: 508 | BM25: ='[1]D.5 Expenses - FY25'!$B$19 -> 6007:REALISED FX GAINS/LOSSES | BN25: 510
A26: =#REF! -> #REF! | B26: 22 | E26: =#REF! -> #REF! | F26: 500 | M26: =#REF! -> #REF! | N26: 22 | Q26: =#REF! -> #REF! | R26: 248 | AQ26: =#REF! -> #REF! | AR26: 44507 | AU26: =#REF! -> #REF! | AV26: 44389 | AW26: ='[1]D.3 Trial Balance - FY25'!$26:$26 -> 0 | AX26: 22 | BA26: ='[1]D.3 Trial Balance - FY25'!$D$18 -> 1306:CURRENT ASSET CONVERSION ACCOUNT | BB26: 475 | BC26: ='[1]D.4 Revenue - FY25'!$26:$26 -> 0 | BD26: 22 | BG26: ='[1]D.4 Revenue - FY25'!$Q$3 -> 4008:FX REALISED GAIN/LOSS (REVENUE HEDGING) | BH26: 216 | BI26: ='[1]D.5 Expenses - FY25'!$22:$22 -> 0 | BJ26: 512 | BM26: ='[1]D.5 Expenses - FY25'!$B$20 -> 6012:INTEREST EXPENSE - MAKEGOOD PROVISION UNWIND | BN26: 511
A27: =#REF! -> #REF! | B27: 23 | E27: =#REF! -> #REF! | F27: 501 | M27: =#REF! -> #REF! | N27: 23 | Q27: =#REF! -> #REF! | R27: 249 | AQ27: =#REF! -> #REF! | AR27: 44508 | AU27: =#REF! -> #REF! | AV27: 44390 | AW27: ='[1]D.3 Trial Balance - FY25'!$27:$27 -> 0 | AX27: 23 | BA27: ='[1]D.3 Trial Balance - FY25'!$D$19 -> 1240:GAS STOCK STORAGE - CURRENT | BB27: 476 | BC27: ='[1]D.4 Revenue - FY25'!$27:$27 -> 0 | BD27: 23 | BG27: ='[1]D.4 Revenue - FY25'!$R$3 -> 4009:FX UNREALISED GAIN/LOSS (REVENUE HEDGING) | BH27: 217 | BI27: ='[1]D.5 Expenses - FY25'!$23:$23 -> 0 | BJ27: 513 | BM27: ='[1]D.5 Expenses - FY25'!$B$22 -> 5105:CONTRACTORS - O&M | BN27: 527
A28: =#REF! -> #REF! | B28: 24 | E28: =#REF! -> #REF! | F28: 502 | M28: =#REF! -> #REF! | N28: 24 | Q28: =#REF! -> #REF! | R28: 250 | AQ28: =#REF! -> #REF! | AR28: 44509 | AU28: =#REF! -> #REF! | AV28: 44489 | AW28: ='[1]D.3 Trial Balance - FY25'!$28:$28 -> 0 | AX28: 24 | BA28: ='[1]D.3 Trial Balance - FY25'!$D$20 -> 1200:INVENTORY (CONTROL) | BB28: 477 | BC28: ='[1]D.4 Revenue - FY25'!$28:$28 -> 0 | BD28: 24 | BG28: ='[1]D.4 Revenue - FY25'!$S$3 -> 4010:WGP REVENUE UNWIND DUE TO DE-DESIGNATION | BH28: 218 | BI28: ='[1]D.5 Expenses - FY25'!$24:$24 -> 0 | BJ28: 514 | BM28: ='[1]D.5 Expenses - FY25'!$B$23 -> 5110:TRAVEL & ENTERTAINMENT | BN28: 528
A29: =#REF! -> #REF! | B29: 25 | E29: =#REF! -> #REF! | F29: 503 | M29: =#REF! -> #REF! | N29: 25 | Q29: =#REF! -> #REF! | R29: 251 | AQ29: =#REF! -> #REF! | AR29: 44510 | AU29: =#REF! -> #REF! | AV29: 44490 | AW29: ='[1]D.3 Trial Balance - FY25'!$29:$29 -> 0 | AX29: 25 | BA29: ='[1]D.3 Trial Balance - FY25'!$D$21 -> 1201:INVENTORY CONVERSION CLEARING | BB29: 478 | BC29: ='[1]D.4 Revenue - FY25'!$29:$29 -> 0 | BD29: 25 | BG29: ='[1]D.4 Revenue - FY25'!$D$3 -> 4300:EQUITY ACCOUNTED PROFITS | BH29: 219 | BI29: ='[1]D.5 Expenses - FY25'!$25:$25 -> 0 | BJ29: 515 | BM29: ='[1]D.5 Expenses - FY25'!$B$24 -> 5111:TRAVEL & ENTERTAINMENT - CLIENT | BN29: 529
A30: =#REF! -> #REF! | B30: 26 | E30: =#REF! -> #REF! | F30: 504 | M30: =#REF! -> #REF! | N30: 26 | Q30: =#REF! -> #REF! | R30: 252 | AQ30: =#REF! -> #REF! | AR30: 44511 | AU30: =#REF! -> #REF! | AV30: 44493 | AW30: ='[1]D.3 Trial Balance - FY25'!$30:$30 -> 0 | AX30: 26 | BA30: ='[1]D.3 Trial Balance - FY25'!$D$22 -> 1202:INVENTORY OFFSETS B/S (GGT) | BB30: 479 | BC30: ='[1]D.4 Revenue - FY25'!$30:$30 -> 0 | BD30: 26 | BG30: ='[1]D.4 Revenue - FY25'!$E$3 -> 4090:HAULAGE REVENUE | BH30: 220 | BI30: ='[1]D.5 Expenses - FY25'!$26:$26 -> 0 | BJ30: 516 | BM30: ='[1]D.5 Expenses - FY25'!$B$25 -> 5113:MATERIALS | BN30: 530
A31: =#REF! -> #REF! | B31: 27 | E31: =#REF! -> #REF! | F31: 505 | M31: =#REF! -> #REF! | N31: 27 | Q31: =#REF! -> #REF! | R31: 253 | AQ31: =#REF! -> #REF! | AR31: 44512 | AU31: =#REF! -> #REF! | AV31: 44494 | AW31: ='[1]D.3 Trial Balance - FY25'!$31:$31 -> 0 | AX31: 27 | BA31: ='[1]D.3 Trial Balance - FY25'!$D$23 -> 1203:ACCUMULATED DIMINUTION - INVENTORY | BB31: 480 | BC31: ='[1]D.4 Revenue - FY25'!$31:$31 -> 0 | BD31: 27 | BG31: ='[1]D.4 Revenue - FY25'!$F$3 -> 4091:NETWORKS FRC REVENUE | BH31: 221 | BI31: ='[1]D.5 Expenses - FY25'!$27:$27 -> 0 | BJ31: 517 | BM31: ='[1]D.5 Expenses - FY25'!$B$26 -> 5115:COMMUNICATIONS | BN31: 531
A32: =#REF! -> #REF! | B32: 28 | E32: =#REF! -> #REF! | F32: 506 | M32: =#REF! -> #REF! | N32: 28 | Q32: =#REF! -> #REF! | R32: 254 | AQ32: =#REF! -> #REF! | AR32: 44513 | AU32: =#REF! -> #REF! | AV32: 44497 | AW32: ='[1]D.3 Trial Balance - FY25'!$32:$32 -> 0 | AX32: 28 | BA32: ='[1]D.3 Trial Balance - FY25'!$D$24 -> 1204:STORES & SPARES | BB32: 481 | BC32: ='[1]D.4 Revenue - FY25'!$32:$32 -> 0 | BD32: 28 | BG32: ='[1]D.4 Revenue - FY25'!$G$3 -> 4092:OTHER NETWORKS REVENUE | BH32: 222 | BI32: ='[1]D.5 Expenses - FY25'!$28:$28 -> 0 | BJ32: 518 | BM32: ='[1]D.5 Expenses - FY25'!$B$27 -> 5116:IT/COMPUTER COSTS | BN32: 532
A33: =#REF! -> #REF! | B33: 29 | E33: =#REF! -> #REF! | F33: 507 | M33: =#REF! -> #REF! | N33: 29 | Q33: =#REF! -> #REF! | R33: 255 | AQ33: =#REF! -> #REF! | AR33: 44514 | AU33: =#REF! -> #REF! | AV33: 44498 | AW33: ='[1]D.3 Trial Balance - FY25'!$33:$33 -> 0 | AX33: 29 | BA33: ='[1]D.3 Trial Balance - FY25'!$D$25 -> 1205:INVENTORY - WIP AT COST | BB33: 482 | BC33: ='[1]D.4 Revenue - FY25'!$33:$33 -> 0 | BD33: 29 | BG33: ='[1]D.4 Revenue - FY25'!$H$3 -> Interest Income | BH33: 223 | BI33: ='[1]D.5 Expenses - FY25'!$29:$29 -> 0 | BJ33: 519 | BM33: ='[1]D.5 Expenses - FY25'!$B$28 -> 5118:OTHER OPERATING COSTS | BN33: 533
A34: =#REF! -> #REF! | B34: 30 | E34: =#REF! -> #REF! | F34: 508 | M34: =#REF! -> #REF! | N34: 30 | Q34: =#REF! -> #REF! | R34: 256 | AQ34: =#REF! -> #REF! | AR34: 44525 | AU34: =#REF! -> #REF! | AV34: 44502 | AW34: ='[1]D.3 Trial Balance - FY25'!$34:$34 -> 0 | AX34: 30 | BA34: ='[1]D.3 Trial Balance - FY25'!$D$26 -> 1206:MAXIMO INVENTORY CLEARING | BB34: 483 | BC34: ='[1]D.4 Revenue - FY25'!$34:$34 -> 0 | BD34: 30 | BG34: ='[1]D.4 Revenue - FY25'!$T$3 -> Operating Income | BH34: 224 | BI34: ='[1]D.5 Expenses - FY25'!$30:$30 -> 0 | BJ34: 520 | BM34: ='[1]D.5 Expenses - FY25'!$B$29 -> 5119:PROFESSIONAL & CONSULTING | BN34: 534
A35: =#REF! -> #REF! | B35: 31 | E35: =#REF! -> #REF! | F35: 509 | M35: =#REF! -> #REF! | N35: 31 | Q35: =#REF! -> #REF! | R35: 257 | AQ35: =#REF! -> #REF! | AR35: 44527 | AU35: =#REF! -> #REF! | AV35: 44503 | AW35: ='[1]D.3 Trial Balance - FY25'!$35:$35 -> 0 | AX35: 31 | BA35: ='[1]D.3 Trial Balance - FY25'!$D$27 -> 1280:PREPAYMENTS - GENERAL | BB35: 484 | BC35: ='[1]D.4 Revenue - FY25'!$35:$35 -> 0 | BD35: 31 | BG35: ='[1]D.4 Revenue - FY25'!$U$3 -> 4100:PASSTHROUGH REVENUE | BH35: 225 | BI35: ='[1]D.5 Expenses - FY25'!$31:$31 -> 0 | BJ35: 521 | BM35: ='[1]D.5 Expenses - FY25'!$B$30 -> 5120:TRAINING | BN35: 535
A36: =#REF! -> #REF! | B36: 32 | E36: =#REF! -> #REF! | F36: 510 | M36: =#REF! -> #REF! | N36: 32 | Q36: =#REF! -> #REF! | R36: 258 | AQ36: =#REF! -> #REF! | AR36: 44528 | AU36: =#REF! -> #REF! | AV36: 44504 | AW36: ='[1]D.3 Trial Balance - FY25'!$36:$36 -> 0 | AX36: 32 | BA36: ='[1]D.3 Trial Balance - FY25'!$D$28 -> 1281:PREPAYMENTS - BORROWING COSTS | BB36: 485 | BC36: ='[1]D.4 Revenue - FY25'!$36:$36 -> 0 | BD36: 32 | BG36: ='[1]D.4 Revenue - FY25'!$D$2 -> 4300 | BH36: 226 | BI36: ='[1]D.5 Expenses - FY25'!$32:$32 -> 0 | BJ36: 522 | BM36: ='[1]D.5 Expenses - FY25'!$B$31 -> 5121:ADVERTISING & PUBLIC RELATIONS | BN36: 536
A37: =#REF! -> #REF! | B37: 33 | E37: =#REF! -> #REF! | F37: 511 | M37: =#REF! -> #REF! | N37: 33 | Q37: =#REF! -> #REF! | R37: 259 | AQ37: =#REF! -> #REF! | AR37: 44529 | AU37: =#REF! -> #REF! | AV37: 44515 | AW37: ='[1]D.3 Trial Balance - FY25'!$37:$37 -> 0 | AX37: 33 | BA37: ='[1]D.3 Trial Balance - FY25'!$D$29 -> 1282:ENVIRONMENTAL INSTRUMENTS ASSETS - STC & LGC | BB37: 486 | BC37: ='[1]D.4 Revenue - FY25'!$37:$37 -> 0 | BD37: 33 | BG37: ='[1]D.4 Revenue - FY25'!$E$2 -> 4090 | BH37: 227 | BI37: ='[1]D.5 Expenses - FY25'!$33:$33 -> 0 | BJ37: 523 | BM37: ='[1]D.5 Expenses - FY25'!$B$32 -> 5123:OFFICE ADMINISTRATION | BN37: 537
A38: =#REF! -> #REF! | B38: 34 | E38: =#REF! -> #REF! | F38: 512 | M38: =#REF! -> #REF! | N38: 34 | Q38: =#REF! -> #REF! | R38: 260 | AQ38: =#REF! -> #REF! | AR38: 44530 | AU38: =#REF! -> #REF! | AV38: 44516 | AW38: ='[1]D.3 Trial Balance - FY25'!$38:$38 -> 0 | AX38: 34 | BA38: ='[1]D.3 Trial Balance - FY25'!$D$30 -> 1283:PREPAYMENTS - COMP LICENCE FEES | BB38: 487 | BC38: ='[1]D.4 Revenue - FY25'!$38:$38 -> 0 | BD38: 34 | BG38: ='[1]D.4 Revenue - FY25'!$F$2 -> 4091 | BH38: 228 | BI38: ='[1]D.5 Expenses - FY25'!$34:$34 -> 0 | BJ38: 524 | BM38: ='[1]D.5 Expenses - FY25'!$B$33 -> 5126:CATHODIC PROTECTION | BN38: 538
A39: =#REF! -> #REF! | B39: 35 | E39: =#REF! -> #REF! | F39: 513 | M39: =#REF! -> #REF! | N39: 35 | Q39: =#REF! -> #REF! | R39: 261 | AQ39: =#REF! -> #REF! | AR39: 44535 | AU39: =#REF! -> #REF! | AV39: 44517 | AW39: ='[1]D.3 Trial Balance - FY25'!$39:$39 -> 0 | AX39: 35 | BA39: ='[1]D.3 Trial Balance - FY25'!$D$31 -> 1284:PREPAYMENTS - CROWN LEASE | BB39: 488 | BC39: ='[1]D.4 Revenue - FY25'!$39:$39 -> 0 | BD39: 35 | BG39: ='[1]D.4 Revenue - FY25'!$G$2 -> 4092 | BH39: 229 | BI39: ='[1]D.5 Expenses - FY25'!$35:$35 -> 0 | BJ39: 525 | BM39: ='[1]D.5 Expenses - FY25'!$B$34 -> 5127:CONTRACTED WORKS | BN39: 539
A40: =#REF! -> #REF! | B40: 36 | E40: =#REF! -> #REF! | F40: 514 | M40: =#REF! -> #REF! | N40: 36 | Q40: =#REF! -> #REF! | R40: 262 | AU40: =#REF! -> #REF! | AV40: 44518 | AW40: ='[1]D.3 Trial Balance - FY25'!$40:$40 -> 0 | AX40: 36 | BA40: ='[1]D.3 Trial Balance - FY25'!$D$32 -> 1285:PREPAYMENTS - INSURANCE | BB40: 489 | BC40: ='[1]D.4 Revenue - FY25'!$40:$40 -> 0 | BD40: 36 | BG40: ='[1]D.4 Revenue - FY25'!$H$2 -> No code | BH40: 230 | BI40: ='[1]D.5 Expenses - FY25'!$36:$36 -> 0 | BJ40: 526 | BM40: ='[1]D.5 Expenses - FY25'!$B$35 -> 5128:SITE SERVICES | BN40: 540
A41: =#REF! -> #REF! | B41: 37 | E41: =#REF! -> #REF! | F41: 515 | M41: =#REF! -> #REF! | N41: 37 | Q41: =#REF! -> #REF! | R41: 263 | AU41: =#REF! -> #REF! | AV41: 44519 | AW41: ='[1]D.3 Trial Balance - FY25'!$41:$41 -> 0 | AX41: 37 | BA41: ='[1]D.3 Trial Balance - FY25'!$D$33 -> 1286:PREPAYMENTS - PIPELINE LICENSES | BB41: 490 | BC41: ='[1]D.4 Revenue - FY25'!$41:$41 -> 0 | BD41: 37 | BG41: ='[1]D.4 Revenue - FY25'!$C$5 -> RC0154 INCOME IN ADVANCE / UPFRONT CHARGE | BH41: 231 | BI41: ='[1]D.5 Expenses - FY25'!$39:$39 -> 0 | BJ41: 542 | BM41: ='[1]D.5 Expenses - FY25'!$B$36 -> 5131:NET ZERO - EMISSION REDUCTION COSTS | BN41: 541
A42: =#REF! -> #REF! | B42: 38 | E42: =#REF! -> #REF! | F42: 516 | M42: =#REF! -> #REF! | N42: 38 | Q42: =#REF! -> #REF! | R42: 264 | AU42: =#REF! -> #REF! | AV42: 44520 | AW42: ='[1]D.3 Trial Balance - FY25'!$42:$42 -> 0 | AX42: 38 | BA42: ='[1]D.3 Trial Balance - FY25'!$D$34 -> 1287:PREPAYMENTS - RATES AND TAXES | BB42: 491 | BC42: ='[1]D.4 Revenue - FY25'!$42:$42 -> 0 | BD42: 38 | BG42: ='[1]D.4 Revenue - FY25'!$C$6 -> RC0155 FORWARD ESTIMATED CHARGE | BH42: 232 | BI42: ='[1]D.5 Expenses - FY25'!$40:$40 -> 0 | BJ42: 543 | BM42: ='[1]D.5 Expenses - FY25'!$B$39 -> 6130:INCOME TAX EXPENSE | BN42: 544
A43: =#REF! -> #REF! | B43: 39 | E43: =#REF! -> #REF! | F43: 517 | M43: =#REF! -> #REF! | N43: 39 | Q43: =#REF! -> #REF! | R43: 265 | AU43: =#REF! -> #REF! | AV43: 44521 | AW43: ='[1]D.3 Trial Balance - FY25'!$43:$43 -> 0 | AX43: 39 | BA43: ='[1]D.3 Trial Balance - FY25'!$D$35 -> 1288:PREPAYMENTS - ACCESS LEASE | BB43: 492 | BC43: ='[1]D.4 Revenue - FY25'!$43:$43 -> 0 | BD43: 39 | BG43: ='[1]D.4 Revenue - FY25'!$C$7 -> RC0156 FINANCE LEASE PAYMENTS RECEIVED | BH43: 233 | BI43: ='[1]D.5 Expenses - FY25'!$42:$42 -> 0 | BJ43: 546 | BM43: ='[1]D.5 Expenses - FY25'!$B$40 -> 6131:INCOME TAX EXPENSE - OVERS & UNDERS | BN43: 545
A44: =#REF! -> #REF! | B44: 40 | E44: =#REF! -> #REF! | F44: 518 | M44: =#REF! -> #REF! | N44: 40 | Q44: =#REF! -> #REF! | R44: 266 | AU44: =#REF! -> #REF! | AV44: 44522 | AW44: ='[1]D.3 Trial Balance - FY25'!$44:$44 -> 0 | AX44: 40 | BA44: ='[1]D.3 Trial Balance - FY25'!$D$36 -> 1250:HEDGE ASSET - CCIRS - INTEREST ACCRUAL | BB44: 493 | BC44: ='[1]D.4 Revenue - FY25'!$44:$44 -> 0 | BD44: 40 | BG44: ='[1]D.4 Revenue - FY25'!$C$8 -> RC0157 CUSTOMER GUARANTEE DEPOSIT - NON-CURRENT | BH44: 234 | BI44: ='[1]D.5 Expenses - FY25'!$43:$43 -> 0 | BJ44: 547 | BM44: ='[1]D.5 Expenses - FY25'!$B$42 -> 5099:DoNotUse_DNU_LABOUR ALLOCATIONS CONVERSION BALANCE (LEGACY) | BN44: 551
A45: =#REF! -> #REF! | B45: 41 | E45: =#REF! -> #REF! | F45: 519 | M45: =#REF! -> #REF! | N45: 41 | Q45: =#REF! -> #REF! | R45: 267 | AU45: =#REF! -> #REF! | AV45: 44523 | AW45: ='[1]D.3 Trial Balance - FY25'!$45:$45 -> 0 | AX45: 41 | BA45: ='[1]D.3 Trial Balance - FY25'!$D$37 -> 1251:HEDGE ASSET - IRS - CURRENT | BB45: 494 | BC45: ='[1]D.4 Revenue - FY25'!$45:$45 -> 0 | BD45: 41 | BG45: ='[1]D.4 Revenue - FY25'!$C$9 -> RC0158 CUSTOMER GUARANTEE DEPOSIT - CURRENT | BH45: 235 | BI45: ='[1]D.5 Expenses - FY25'!$44:$44 -> 0 | BJ45: 548 | BM45: ='[1]D.5 Expenses - FY25'!$B$43 -> 5100:TIME SHEET COSTS - OPEX | BN45: 552
A46: =#REF! -> #REF! | B46: 42 | E46: =#REF! -> #REF! | F46: 520 | M46: =#REF! -> #REF! | N46: 42 | Q46: =#REF! -> #REF! | R46: 268 | AU46: =#REF! -> #REF! | AV46: 44524 | AW46: ='[1]D.3 Trial Balance - FY25'!$46:$46 -> 0 | AX46: 42 | BA46: ='[1]D.3 Trial Balance - FY25'!$D$38 -> 1252:HEDGE ASSET - LTI FVTPL - CURRENT | BB46: 495 | BC46: ='[1]D.4 Revenue - FY25'!$46:$46 -> 0 | BD46: 42 | BG46: ='[1]D.4 Revenue - FY25'!$C$10 -> RC0159 INSURANCE RECHARGE | BH46: 236 | BI46: ='[1]D.5 Expenses - FY25'!$45:$45 -> 0 | BJ46: 549 | BM46: ='[1]D.5 Expenses - FY25'!$B$44 -> 5142:ALLOCATION COST RECOVERIES - CAPEX | BN46: 553
A47: =#REF! -> #REF! | B47: 43 | E47: =#REF! -> #REF! | F47: 521 | M47: =#REF! -> #REF! | N47: 43 | Q47: =#REF! -> #REF! | R47: 269 | AU47: =#REF! -> #REF! | AV47: 44526 | AW47: ='[1]D.3 Trial Balance - FY25'!$47:$47 -> 0 | AX47: 43 | BA47: ='[1]D.3 Trial Balance - FY25'!$D$39 -> 1253:HEDGE ASSET - FEC - CURRENT | BB47: 496 | BC47: ='[1]D.4 Revenue - FY25'!$47:$47 -> 0 | BD47: 43 | BG47: ='[1]D.4 Revenue - FY25'!$C$11 -> RC0160 CAPITAL COST RECOVERY FROM NETWORKS | BH47: 237 | BI47: ='[1]D.5 Expenses - FY25'!$46:$46 -> 0 | BJ47: 550 | BM47: ='[1]D.5 Expenses - FY25'!$B$45 -> 5210:ALLOCATION COST RECOVERIES - RESIDUAL | BN47: 554
A48: =#REF! -> #REF! | B48: 44 | E48: =#REF! -> #REF! | F48: 522 | M48: =#REF! -> #REF! | N48: 44 | Q48: =#REF! -> #REF! | R48: 270 | AU48: =#REF! -> #REF! | AV48: 44531 | AW48: ='[1]D.3 Trial Balance - FY25'!$48:$48 -> 0 | AX48: 44 | BA48: ='[1]D.3 Trial Balance - FY25'!$D$40 -> 1254:REDEEMABLE PREFERENCE SHARES - INTEREST ACCRUAL | BB48: 497 | BC48: ='[1]D.4 Revenue - FY25'!$48:$48 -> 0 | BD48: 44 | BG48: ='[1]D.4 Revenue - FY25'!$C$12 -> RC0161 OPERATING COST RECOVERY FROM NETWORKS | BH48: 238 | BI48: ='[1]D.5 Expenses - FY25'!$8:$8 -> 0 | BJ48: 556 | BM48: ='[1]D.5 Expenses - FY25'!$B$46 -> 5212:MANUAL HCC NON-TIMESHEET RECOVERIES - CAPEX | BN48: 555
A49: =#REF! -> #REF! | B49: 45 | E49: =#REF! -> #REF! | F49: 523 | M49: =#REF! -> #REF! | N49: 45 | Q49: =#REF! -> #REF! | R49: 271 | AU49: =#REF! -> #REF! | AV49: 44532 | AW49: ='[1]D.3 Trial Balance - FY25'!$49:$49 -> 0 | AX49: 45 | BA49: ='[1]D.3 Trial Balance - FY25'!$D$41 -> 1255:HEDGE ASSET - IRS - INTEREST ACCRUAL | BB49: 498 | BC49: ='[1]D.4 Revenue - FY25'!$49:$49 -> 0 | BD49: 45 | BG49: ='[1]D.4 Revenue - FY25'!$C$13 -> RC0162 GST | BH49: 239 | BM49: ='[1]D.5 Expenses - FY25'!$B$8 -> 5220:INSURANCE | BN49: 557
A50: =#REF! -> #REF! | B50: 46 | E50: =#REF! -> #REF! | F50: 524 | M50: =#REF! -> #REF! | N50: 46 | Q50: =#REF! -> #REF! | R50: 272 | AU50: =#REF! -> #REF! | AV50: 44533 | AW50: ='[1]D.3 Trial Balance - FY25'!$50:$50 -> 0 | AX50: 46 | BA50: ='[1]D.3 Trial Balance - FY25'!$D$42 -> 1140:PROVISION FOR DOUBTFUL DEBTS | BB50: 499 | BC50: ='[1]D.4 Revenue - FY25'!$50:$50 -> 0 | BD50: 46 | BG50: ='[1]D.4 Revenue - FY25'!$C$14 -> RC0165 COST RECOVERY FROM GDI | BH50: 240 | BM50: ='[1]D.5 Expenses - FY25'!$N$2 -> 2025 - P12 Jun | BN50: 686
A51: =#REF! -> #REF! | B51: 47 | E51: =#REF! -> #REF! | F51: 525 | M51: =#REF! -> #REF! | N51: 47 | Q51: =#REF! -> #REF! | R51: 273 | AU51: =#REF! -> #REF! | AV51: 44534 | AW51: ='[1]D.3 Trial Balance - FY25'!$51:$51 -> 0 | AX51: 47 | BA51: ='[1]D.3 Trial Balance - FY25'!$D$43 -> 1170:FINANCE LEASE RECEIVABLE - CURRENT | BB51: 500 | BC51: ='[1]D.4 Revenue - FY25'!$51:$51 -> 0 | BD51: 47 | BG51: ='[1]D.4 Revenue - FY25'!$C$15 -> RC0166 INCOME IN ADVANCE / UPFRONT CHARGE - NON-CURRENT | BH51: 241 | BM51: ='[1]D.5 Expenses - FY25'!$M$2 -> 2025 - P11 May | BN51: 687
A52: =#REF! -> #REF! | B52: 48 | E52: =#REF! -> #REF! | F52: 526 | M52: =#REF! -> #REF! | N52: 48 | Q52: =#REF! -> #REF! | R52: 274 | AU52: =#REF! -> #REF! | AV52: 44536 | AW52: ='[1]D.3 Trial Balance - FY25'!$52:$52 -> 0 | AX52: 48 | BA52: ='[1]D.3 Trial Balance - FY25'!$D$44 -> 1171:IE FINANCE LEASE RECEIVABLE - CURRENT | BB52: 501 | BC52: ='[1]D.4 Revenue - FY25'!$52:$52 -> 0 | BD52: 48 | BG52: ='[1]D.4 Revenue - FY25'!$C$16 -> RC0004 ELECTRICITY GENERATION - PASSTHROUGH | BH52: 242 | BM52: ='[1]D.5 Expenses - FY25'!$L$2 -> 2025 - P10 Apr | BN52: 688
A53: =#REF! -> #REF! | B53: 49 | E53: =#REF! -> #REF! | F53: 527 | M53: =#REF! -> #REF! | N53: 49 | Q53: =#REF! -> #REF! | R53: 275 | AW53: ='[1]D.3 Trial Balance - FY25'!$53:$53 -> 0 | AX53: 49 | BA53: ='[1]D.3 Trial Balance - FY25'!$D$45 -> 1180:SECURITY DEPOSITS | BB53: 502 | BC53: ='[1]D.4 Revenue - FY25'!$53:$53 -> 0 | BD53: 49 | BG53: ='[1]D.4 Revenue - FY25'!$C$17 -> RC0003 GASPROCESSING - PASSTHROUGH | BH53: 243 | BM53: ='[1]D.5 Expenses - FY25'!$K$2 -> 2025 - P09 Mar | BN53: 689
A54: =#REF! -> #REF! | B54: 50 | E54: =#REF! -> #REF! | F54: 528 | M54: =#REF! -> #REF! | N54: 50 | Q54: =#REF! -> #REF! | R54: 276 | AW54: ='[1]D.3 Trial Balance - FY25'!$54:$54 -> 0 | AX54: 50 | BA54: ='[1]D.3 Trial Balance - FY25'!$D$46 -> 1181:LOAN RECEIVABLE (PRINCIPAL) (INV) - CURRENT THIRD PARTY | BB54: 503 | BC54: ='[1]D.4 Revenue - FY25'!$54:$54 -> 0 | BD54: 50 | BG54: ='[1]D.4 Revenue - FY25'!$C$18 -> RC0006 ALTERNATIVE FUELS EXCISE - PASSTHROUGH (REV) | BH54: 244 | BM54: ='[1]D.5 Expenses - FY25'!$J$2 -> 2025 - P08 Feb | BN54: 690
A55: =#REF! -> #REF! | B55: 51 | E55: =#REF! -> #REF! | F55: 529 | M55: =#REF! -> #REF! | N55: 51 | Q55: =#REF! -> #REF! | R55: 277 | AW55: ='[1]D.3 Trial Balance - FY25'!$55:$55 -> 0 | AX55: 51 | BA55: ='[1]D.3 Trial Balance - FY25'!$D$47 -> 1150:DEBTORS - ASSOCIATES | BB55: 504 | BC55: ='[1]D.4 Revenue - FY25'!$55:$55 -> 0 | BD55: 51 | BG55: ='[1]D.4 Revenue - FY25'!$C$19 -> RC0005 OTHER INCOME - PASSTHROUGH | BH55: 245 | BM55: ='[1]D.5 Expenses - FY25'!$I$2 -> 2025 - P07 Jan | BN55: 691
A56: =#REF! -> #REF! | B56: 52 | E56: =#REF! -> #REF! | F56: 530 | M56: =#REF! -> #REF! | N56: 52 | Q56: =#REF! -> #REF! | R56: 278 | AW56: ='[1]D.3 Trial Balance - FY25'!$56:$56 -> 0 | AX56: 52 | BA56: ='[1]D.3 Trial Balance - FY25'!$D$48 -> 1151:INTEREST RECEIVABLE (OCF) - CURRENT ASSOCIATE | BB56: 505 | BC56: ='[1]D.4 Revenue - FY25'!$56:$56 -> 0 | BD56: 52 | BG56: ='[1]D.4 Revenue - FY25'!$C$20 -> RC0001 PIPELINE - VOLUME TARIFF (NT GAS) | BH56: 246 | BM56: ='[1]D.5 Expenses - FY25'!$H$2 -> 2025 - P06 Dec | BN56: 692
A57: =#REF! -> #REF! | B57: 53 | E57: =#REF! -> #REF! | F57: 531 | M57: =#REF! -> #REF! | N57: 53 | Q57: =#REF! -> #REF! | R57: 279 | AW57: ='[1]D.3 Trial Balance - FY25'!$57:$57 -> 0 | AX57: 53 | BA57: ='[1]D.3 Trial Balance - FY25'!$D$49 -> 1152:LOAN RECEIVABLE (INV) - CURRENT ASSOCIATE | BB57: 506 | BC57: ='[1]D.4 Revenue - FY25'!$57:$57 -> 0 | BD57: 53 | BG57: ='[1]D.4 Revenue - FY25'!$C$21 -> RC0002 PIPELINE - PASSTHROUGH | BH57: 247 | BM57: ='[1]D.5 Expenses - FY25'!$G$2 -> 2025 - P05 Nov | BN57: 693
A58: =#REF! -> #REF! | B58: 54 | E58: =#REF! -> #REF! | F58: 532 | M58: =#REF! -> #REF! | N58: 54 | Q58: =#REF! -> #REF! | R58: 280 | AW58: ='[1]D.3 Trial Balance - FY25'!$58:$58 -> 0 | AX58: 54 | BA58: ='[1]D.3 Trial Balance - FY25'!$D$50 -> 1100:TRADE DEBTORS (CONTROL) | BB58: 507 | BC58: ='[1]D.4 Revenue - FY25'!$58:$58 -> 0 | BD58: 54 | BG58: ='[1]D.4 Revenue - FY25'!$C$22 -> RC0031 3RD PARTY CONTRACTED - REVENUE - FIXED | BH58: 248 | BM58: ='[1]D.5 Expenses - FY25'!$F$2 -> 2025 - P04 Oct | BN58: 694
A59: =#REF! -> #REF! | B59: 55 | E59: =#REF! -> #REF! | F59: 533 | M59: =#REF! -> #REF! | N59: 55 | Q59: =#REF! -> #REF! | R59: 281 | AW59: ='[1]D.3 Trial Balance - FY25'!$59:$59 -> 0 | AX59: 55 | BA59: ='[1]D.3 Trial Balance - FY25'!$D$51 -> 1101:TRADE DEBTORS (CONTRA) | BB59: 508 | BC59: ='[1]D.4 Revenue - FY25'!$59:$59 -> 0 | BD59: 55 | BG59: ='[1]D.4 Revenue - FY25'!$C$23 -> RC0174 AMORTISATION OF UNEARNED REVENUE (AASB 15) | BH59: 249 | BM59: ='[1]D.5 Expenses - FY25'!$E$2 -> 2025 - P03 Sep | BN59: 695
A60: =#REF! -> #REF! | B60: 56 | E60: =#REF! -> #REF! | F60: 534 | M60: =#REF! -> #REF! | N60: 56 | Q60: =#REF! -> #REF! | R60: 282 | AW60: ='[1]D.3 Trial Balance - FY25'!$60:$60 -> 0 | AX60: 56 | BA60: ='[1]D.3 Trial Balance - FY25'!$D$52 -> 1102:TRADE DEBTORS - FINANCE LEASE PRINCIPAL | BB60: 509 | BC60: ='[1]D.4 Revenue - FY25'!$60:$60 -> 0 | BD60: 56 | BG60: ='[1]D.4 Revenue - FY25'!$C$24 -> RC0014 CAPACITY TRADING - THROUGHPUT (SOLD CAPACITY) | BH60: 250 | BM60: ='[1]D.5 Expenses - FY25'!$D$2 -> 2025 - P02 Aug | BN60: 696
A61: =#REF! -> #REF! | B61: 57 | E61: =#REF! -> #REF! | F61: 535 | M61: =#REF! -> #REF! | N61: 57 | Q61: =#REF! -> #REF! | R61: 283 | AW61: ='[1]D.3 Trial Balance - FY25'!$61:$61 -> 0 | AX61: 57 | BA61: ='[1]D.3 Trial Balance - FY25'!$D$53 -> 1103:TRADE DEBTORS - FINANCE LEASE INTEREST | BB61: 510 | BC61: ='[1]D.4 Revenue - FY25'!$61:$61 -> 0 | BD61: 57 | BG61: ='[1]D.4 Revenue - FY25'!$C$25 -> RC0007 ELECTRICITY GENERATION - FIXED | BH61: 251 | BM61: ='[1]D.5 Expenses - FY25'!$C$2 -> 2025 - P01 Jul | BN61: 697
A62: =#REF! -> #REF! | B62: 58 | E62: =#REF! -> #REF! | F62: 536 | M62: =#REF! -> #REF! | N62: 58 | Q62: =#REF! -> #REF! | R62: 284 | AW62: ='[1]D.3 Trial Balance - FY25'!$62:$62 -> 0 | AX62: 58 | BA62: ='[1]D.3 Trial Balance - FY25'!$D$54 -> 1104:UNAPPLIED RECEIPTS | BB62: 511 | BC62: ='[1]D.4 Revenue - FY25'!$62:$62 -> 0 | BD62: 58 | BG62: ='[1]D.4 Revenue - FY25'!$C$26 -> RC0008 ELECTRICITY TRANSMISSION - FIXED | BH62: 252
A63: =#REF! -> #REF! | B63: 59 | E63: =#REF! -> #REF! | F63: 537 | M63: =#REF! -> #REF! | N63: 59 | Q63: =#REF! -> #REF! | R63: 285 | AW63: ='[1]D.3 Trial Balance - FY25'!$63:$63 -> 0 | AX63: 59 | BA63: ='[1]D.3 Trial Balance - FY25'!$D$55 -> 1105:TRADE DEBTORS - OTHER | BB63: 512 | BC63: ='[1]D.4 Revenue - FY25'!$63:$63 -> 0 | BD63: 59 | BG63: ='[1]D.4 Revenue - FY25'!$C$27 -> RC0015 PIPELINE - LATERAL FEE - FIXED | BH63: 253
A64: =#REF! -> #REF! | B64: 60 | E64: =#REF! -> #REF! | F64: 538 | M64: =#REF! -> #REF! | N64: 60 | Q64: =#REF! -> #REF! | R64: 286 | AW64: ='[1]D.3 Trial Balance - FY25'!$64:$64 -> 0 | AX64: 60 | BA64: ='[1]D.3 Trial Balance - FY25'!$D$56 -> 1106:ACCRUED REVENUE | BB64: 513 | BC64: ='[1]D.4 Revenue - FY25'!$64:$64 -> 0 | BD64: 60 | BG64: ='[1]D.4 Revenue - FY25'!$C$28 -> RC0016 PIPELINE - OPEX CHARGE | BH64: 254
A65: =#REF! -> #REF! | B65: 61 | E65: =#REF! -> #REF! | F65: 539 | M65: =#REF! -> #REF! | N65: 61 | Q65: =#REF! -> #REF! | R65: 287 | AW65: ='[1]D.3 Trial Balance - FY25'!$65:$65 -> 0 | AX65: 61 | BA65: ='[1]D.3 Trial Balance - FY25'!$D$57 -> 1107:ACCRUED REVENUE - FINANCE LEASE PRINCIPAL | BB65: 514 | BC65: ='[1]D.4 Revenue - FY25'!$65:$65 -> 0 | BD65: 61 | BG65: ='[1]D.4 Revenue - FY25'!$C$29 -> RC0017 PIPELINE - NEWCREST PROFIT SHARE | BH65: 255
A66: =#REF! -> #REF! | B66: 62 | E66: =#REF! -> #REF! | F66: 540 | M66: =#REF! -> #REF! | N66: 62 | Q66: =#REF! -> #REF! | R66: 288 | AW66: ='[1]D.3 Trial Balance - FY25'!$66:$66 -> 0 | AX66: 62 | BA66: ='[1]D.3 Trial Balance - FY25'!$D$58 -> 1108:ACCRUED REVENUE - FINANCE LEASE INTEREST | BB66: 515 | BC66: ='[1]D.4 Revenue - FY25'!$66:$66 -> 0 | BD66: 62 | BG66: ='[1]D.4 Revenue - FY25'!$C$30 -> RC0009 CONNECTION SERVICES | BH66: 256
A67: =#REF! -> #REF! | B67: 63 | E67: =#REF! -> #REF! | F67: 541 | M67: =#REF! -> #REF! | N67: 63 | Q67: =#REF! -> #REF! | R67: 289 | AW67: ='[1]D.3 Trial Balance - FY25'!$67:$67 -> 0 | AX67: 63 | BA67: ='[1]D.3 Trial Balance - FY25'!$D$59 -> 1109:ADVANCES MOBILISATION | BB67: 516 | BC67: ='[1]D.4 Revenue - FY25'!$67:$67 -> 0 | BD67: 63 | BG67: ='[1]D.4 Revenue - FY25'!$C$31 -> RC0010 GAS PROCESSING - FIXED | BH67: 257
A68: =#REF! -> #REF! | B68: 64 | E68: =#REF! -> #REF! | F68: 542 | M68: =#REF! -> #REF! | N68: 64 | Q68: =#REF! -> #REF! | R68: 290 | AW68: ='[1]D.3 Trial Balance - FY25'!$68:$68 -> 0 | AX68: 64 | BA68: ='[1]D.3 Trial Balance - FY25'!$D$60 -> 1110:ACCRUED REVENUE - INTEREST INCOME | BB68: 517 | BC68: ='[1]D.4 Revenue - FY25'!$68:$68 -> 0 | BD68: 64 | BG68: ='[1]D.4 Revenue - FY25'!$C$32 -> RC0011 STORAGE - CAPACITY RESERVATION | BH68: 258
A69: =#REF! -> #REF! | B69: 65 | E69: =#REF! -> #REF! | F69: 543 | M69: =#REF! -> #REF! | N69: 65 | Q69: =#REF! -> #REF! | R69: 291 | AW69: ='[1]D.3 Trial Balance - FY25'!$69:$69 -> 0 | AX69: 65 | BA69: ='[1]D.3 Trial Balance - FY25'!$D$61 -> 1111:DEBTORS - CAPEX | BB69: 518 | BC69: ='[1]D.4 Revenue - FY25'!$69:$69 -> 0 | BD69: 65 | BG69: ='[1]D.4 Revenue - FY25'!$C$33 -> RC0012 STORAGE - INJECTION - RESERVATION | BH69: 259
A70: =#REF! -> #REF! | B70: 66 | E70: =#REF! -> #REF! | F70: 544 | M70: =#REF! -> #REF! | N70: 66 | Q70: =#REF! -> #REF! | R70: 292 | AW70: ='[1]D.3 Trial Balance - FY25'!$70:$70 -> 0 | AX70: 66 | BA70: ='[1]D.3 Trial Balance - FY25'!$D$62 -> 1139:IE CURRENT BALANCES (CLEARING ACCOUNT) - CONVERSION BALANCE | BB70: 519 | BC70: ='[1]D.4 Revenue - FY25'!$70:$70 -> 0 | BD70: 66 | BG70: ='[1]D.4 Revenue - FY25'!$C$34 -> RC0013 STORAGE - WITHDRAWL - FIRM | BH70: 260
A71: =#REF! -> #REF! | B71: 67 | E71: =#REF! -> #REF! | F71: 545 | M71: =#REF! -> #REF! | N71: 67 | Q71: =#REF! -> #REF! | R71: 293 | AW71: ='[1]D.3 Trial Balance - FY25'!$71:$71 -> 0 | AX71: 67 | BA71: ='[1]D.3 Trial Balance - FY25'!$D$63 -> 1860:DEFERRED TAX ASSET | BB71: 520 | BC71: ='[1]D.4 Revenue - FY25'!$71:$71 -> 0 | BD71: 67 | BG71: ='[1]D.4 Revenue - FY25'!$C$35 -> RC0018 PIPELINE - MINIMUM BILL | BH71: 261
A72: =#REF! -> #REF! | B72: 68 | E72: =#REF! -> #REF! | F72: 546 | M72: =#REF! -> #REF! | N72: 68 | Q72: =#REF! -> #REF! | R72: 294 | AW72: ='[1]D.3 Trial Balance - FY25'!$72:$72 -> 0 | AX72: 68 | BA72: ='[1]D.3 Trial Balance - FY25'!$D$64 -> 1861:DEFERRED TAX ASSET - NET TAX LOSSES | BB72: 521 | BC72: ='[1]D.4 Revenue - FY25'!$72:$72 -> 0 | BD72: 68 | BG72: ='[1]D.4 Revenue - FY25'!$C$36 -> RC0019 PIPELINE - FIRM CAPACITY LONG TERM | BH72: 262
A73: =#REF! -> #REF! | B73: 69 | E73: =#REF! -> #REF! | F73: 547 | M73: =#REF! -> #REF! | N73: 69 | Q73: =#REF! -> #REF! | R73: 295 | AW73: ='[1]D.3 Trial Balance - FY25'!$73:$73 -> 0 | AX73: 69 | BA73: ='[1]D.3 Trial Balance - FY25'!$D$65 -> 1850:GOODWILL | BB73: 522 | BC73: ='[1]D.4 Revenue - FY25'!$73:$73 -> 0 | BD73: 69 | BG73: ='[1]D.4 Revenue - FY25'!$C$37 -> RC0020 PIPELINE - FIRM CAPACITY SHORT TERM | BH73: 263
A74: =#REF! -> #REF! | B74: 70 | E74: =#REF! -> #REF! | F74: 548 | M74: =#REF! -> #REF! | N74: 70 | Q74: =#REF! -> #REF! | R74: 296 | AW74: ='[1]D.3 Trial Balance - FY25'!$74:$74 -> 0 | AX74: 70 | BA74: ='[1]D.3 Trial Balance - FY25'!$D$66 -> 1851:GOODWILL - ACCUM IMPAIRMENT | BB74: 523 | BC74: ='[1]D.4 Revenue - FY25'!$74:$74 -> 0 | BD74: 70 | BG74: ='[1]D.4 Revenue - FY25'!$C$38 -> RC0021 PIPELINE - STANDING CHARGE | BH74: 264
A75: =#REF! -> #REF! | B75: 71 | E75: =#REF! -> #REF! | F75: 549 | M75: =#REF! -> #REF! | N75: 71 | Q75: =#REF! -> #REF! | R75: 297 | AW75: ='[1]D.3 Trial Balance - FY25'!$75:$75 -> 0 | AX75: 71 | BA75: ='[1]D.3 Trial Balance - FY25'!$D$67 -> 1610:EQUITY ACCOUNTING INVESTMENTS - OPENING BALANCE | BB75: 524 | BC75: ='[1]D.4 Revenue - FY25'!$75:$75 -> 0 | BD75: 71 | BG75: ='[1]D.4 Revenue - FY25'!$C$39 -> RC0022 PIPELINE - TOLL | BH75: 265
A76: =#REF! -> #REF! | B76: 72 | E76: =#REF! -> #REF! | F76: 550 | M76: =#REF! -> #REF! | N76: 72 | Q76: =#REF! -> #REF! | R76: 298 | AW76: ='[1]D.3 Trial Balance - FY25'!$76:$76 -> 0 | AX76: 72 | BA76: ='[1]D.3 Trial Balance - FY25'!$D$68 -> 1611:EQUITY ACCOUNTING INVESTMENTS - SHARE OF PROFITS | BB76: 525 | BC76: ='[1]D.4 Revenue - FY25'!$76:$76 -> 0 | BD76: 72 | BG76: ='[1]D.4 Revenue - FY25'!$C$40 -> RC0023 PIPELINE - SERVICES | BH76: 266
A77: =#REF! -> #REF! | B77: 73 | E77: =#REF! -> #REF! | F77: 551 | M77: =#REF! -> #REF! | N77: 73 | Q77: =#REF! -> #REF! | R77: 299 | AW77: ='[1]D.3 Trial Balance - FY25'!$77:$77 -> 0 | AX77: 73 | BA77: ='[1]D.3 Trial Balance - FY25'!$D$69 -> 1612:EQUITY ACCOUNTING INVESTMENTS - MOVEMENT IN RESERVES | BB77: 526 | BC77: ='[1]D.4 Revenue - FY25'!$77:$77 -> 0 | BD77: 73 | BG77: ='[1]D.4 Revenue - FY25'!$C$41 -> RC0024 PIPELINE - REDIRECTION - FIRM | BH77: 267
A78: =#REF! -> #REF! | B78: 74 | E78: =#REF! -> #REF! | F78: 552 | M78: =#REF! -> #REF! | N78: 74 | Q78: =#REF! -> #REF! | R78: 300 | AW78: ='[1]D.3 Trial Balance - FY25'!$78:$78 -> 0 | AX78: 74 | BA78: ='[1]D.3 Trial Balance - FY25'!$D$70 -> 1613:EQUITY ACCOUNTING INVESTMENTS - DIVIDENDS | BB78: 527 | BC78: ='[1]D.4 Revenue - FY25'!$78:$78 -> 0 | BD78: 74 | BG78: ='[1]D.4 Revenue - FY25'!$C$42 -> RC0025 SALES - EXTERNAL NGV - FIXED | BH78: 268
A79: =#REF! -> #REF! | B79: 75 | E79: =#REF! -> #REF! | F79: 553 | M79: =#REF! -> #REF! | N79: 75 | Q79: =#REF! -> #REF! | R79: 301 | AW79: ='[1]D.3 Trial Balance - FY25'!$79:$79 -> 0 | AX79: 75 | BA79: ='[1]D.3 Trial Balance - FY25'!$D$71 -> 1614:EQUITY ACCOUNTING INVESTMENTS - ACQUISITION | BB79: 528 | BC79: ='[1]D.4 Revenue - FY25'!$79:$79 -> 0 | BD79: 75 | BG79: ='[1]D.4 Revenue - FY25'!$C$43 -> RC0026 PIPELINE - LATERAL FEE | BH79: 269
A80: =#REF! -> #REF! | B80: 76 | E80: =#REF! -> #REF! | F80: 554 | M80: =#REF! -> #REF! | N80: 76 | Q80: =#REF! -> #REF! | R80: 302 | AW80: ='[1]D.3 Trial Balance - FY25'!$80:$80 -> 0 | AX80: 76 | BA80: ='[1]D.3 Trial Balance - FY25'!$D$72 -> 1615:EQUITY ACCOUNTING INVESTMENTS - DISPOSAL | BB80: 529 | BC80: ='[1]D.4 Revenue - FY25'!$80:$80 -> 0 | BD80: 76 | BG80: ='[1]D.4 Revenue - FY25'!$C$44 -> RC0027 PIPELINE - PARKING CHARGE - FIRM | BH80: 270
A81: =#REF! -> #REF! | B81: 77 | E81: =#REF! -> #REF! | F81: 555 | M81: =#REF! -> #REF! | N81: 77 | Q81: =#REF! -> #REF! | R81: 303 | AW81: ='[1]D.3 Trial Balance - FY25'!$81:$81 -> 0 | AX81: 77 | BA81: ='[1]D.3 Trial Balance - FY25'!$D$73 -> 1616:EQUITY ACCOUNTING INVESTMENTS - RECLASS TO SUBSIDIARY | BB81: 530 | BC81: ='[1]D.4 Revenue - FY25'!$81:$81 -> 0 | BD81: 77 | BG81: ='[1]D.4 Revenue - FY25'!$C$45 -> RC0028 PIPELINE - LOAN CHARGE - FIRM | BH81: 271
A82: =#REF! -> #REF! | B82: 78 | E82: =#REF! -> #REF! | F82: 556 | M82: =#REF! -> #REF! | N82: 78 | Q82: =#REF! -> #REF! | R82: 304 | AW82: ='[1]D.3 Trial Balance - FY25'!$82:$82 -> 0 | AX82: 78 | BA82: ='[1]D.3 Trial Balance - FY25'!$D$74 -> 1500:LONG-TERM CASH DEPOSIT | BB82: 531 | BC82: ='[1]D.4 Revenue - FY25'!$82:$82 -> 0 | BD82: 78 | BG82: ='[1]D.4 Revenue - FY25'!$C$46 -> RC0029 PIPELINE - PRESSURE SERVICES - FIRM | BH82: 272
A83: =#REF! -> #REF! | B83: 79 | E83: =#REF! -> #REF! | F83: 557 | M83: =#REF! -> #REF! | N83: 79 | Q83: =#REF! -> #REF! | R83: 305 | AW83: ='[1]D.3 Trial Balance - FY25'!$83:$83 -> 0 | AX83: 79 | BA83: ='[1]D.3 Trial Balance - FY25'!$D$75 -> 1530:FINANCE LEASE - NET INVESTMENT IN LEASE | BB83: 532 | BC83: ='[1]D.4 Revenue - FY25'!$83:$83 -> 0 | BD83: 79 | BG83: ='[1]D.4 Revenue - FY25'!$C$47 -> RC0030 PIPELINE - FIRM COMPRESSION LONG TERM | BH83: 273
A84: =#REF! -> #REF! | B84: 80 | E84: =#REF! -> #REF! | F84: 558 | M84: =#REF! -> #REF! | N84: 80 | Q84: =#REF! -> #REF! | R84: 306 | AW84: ='[1]D.3 Trial Balance - FY25'!$84:$84 -> 0 | AX84: 80 | BA84: ='[1]D.3 Trial Balance - FY25'!$D$76 -> 1531:FINANCE LEASE - PAYMENTS RECEIVED | BB84: 533 | BC84: ='[1]D.4 Revenue - FY25'!$84:$84 -> 0 | BD84: 80 | BG84: ='[1]D.4 Revenue - FY25'!$C$48 -> RC0071 STRETCH - BLUE SKY - FIXED | BH84: 274
A85: =#REF! -> #REF! | B85: 81 | E85: =#REF! -> #REF! | F85: 559 | M85: =#REF! -> #REF! | N85: 81 | Q85: =#REF! -> #REF! | R85: 307 | AW85: ='[1]D.3 Trial Balance - FY25'!$85:$85 -> 0 | AX85: 81 | BA85: ='[1]D.3 Trial Balance - FY25'!$D$77 -> 1532:FINANCE LEASE - CONTINGENT RENTAL RECEIVED | BB85: 534 | BC85: ='[1]D.4 Revenue - FY25'!$85:$85 -> 0 | BD85: 81 | BG85: ='[1]D.4 Revenue - FY25'!$C$49 -> RC0072 STRETCH - NEW CONTRACTS - FIXED | BH85: 275
A86: =#REF! -> #REF! | B86: 82 | E86: =#REF! -> #REF! | F86: 560 | M86: =#REF! -> #REF! | N86: 82 | Q86: =#REF! -> #REF! | R86: 308 | AW86: ='[1]D.3 Trial Balance - FY25'!$86:$86 -> 0 | AX86: 82 | BA86: ='[1]D.3 Trial Balance - FY25'!$D$78 -> 1533:FINANCE LEASE - INTEREST RECOGNISED (CUM.) | BB86: 535 | BC86: ='[1]D.4 Revenue - FY25'!$86:$86 -> 0 | BD86: 82 | BG86: ='[1]D.4 Revenue - FY25'!$C$50 -> RC0073 STRETCH - RECONTRACTING - FIXED | BH86: 276
A87: =#REF! -> #REF! | B87: 83 | E87: =#REF! -> #REF! | F87: 561 | M87: =#REF! -> #REF! | N87: 83 | Q87: =#REF! -> #REF! | R87: 309 | AW87: ='[1]D.3 Trial Balance - FY25'!$87:$87 -> 0 | AX87: 83 | BA87: ='[1]D.3 Trial Balance - FY25'!$D$79 -> 1534:FINANCE LEASE - TRSFR TO CURRENT (1170) | BB87: 536 | BC87: ='[1]D.4 Revenue - FY25'!$87:$87 -> 0 | BD87: 83 | BG87: ='[1]D.4 Revenue - FY25'!$C$51 -> RC0032 FX REALISED GAIN/LOSS (REC FROM CUST - OCF) | BH87: 277
A88: =#REF! -> #REF! | B88: 84 | E88: =#REF! -> #REF! | F88: 562 | M88: =#REF! -> #REF! | N88: 84 | Q88: =#REF! -> #REF! | R88: 310 | AW88: ='[1]D.3 Trial Balance - FY25'!$88:$88 -> 0 | AX88: 84 | BA88: ='[1]D.3 Trial Balance - FY25'!$D$80 -> 1520:LOAN RECEIVABLE FROM THIRD PARTY | BB88: 537 | BC88: ='[1]D.4 Revenue - FY25'!$88:$88 -> 0 | BD88: 84 | BG88: ='[1]D.4 Revenue - FY25'!$C$52 -> RC0033 FX REALISED GAIN/LOSS (REVENUE HEDGING) | BH88: 278
A89: =#REF! -> #REF! | B89: 85 | E89: =#REF! -> #REF! | F89: 563 | M89: =#REF! -> #REF! | N89: 85 | Q89: =#REF! -> #REF! | R89: 311 | AW89: ='[1]D.3 Trial Balance - FY25'!$89:$89 -> 0 | AX89: 85 | BA89: ='[1]D.3 Trial Balance - FY25'!$D$81 -> 1521:ACCRUED REVENUE - NON-CURRENT | BB89: 538 | BC89: ='[1]D.4 Revenue - FY25'!$89:$89 -> 0 | BD89: 85 | BG89: ='[1]D.4 Revenue - FY25'!$C$53 -> RC0034 FX UNREALISED GAIN/LOSS (REC FROM CUST - OCF) | BH89: 279
A90: =#REF! -> #REF! | B90: 86 | E90: =#REF! -> #REF! | F90: 564 | M90: =#REF! -> #REF! | N90: 86 | Q90: =#REF! -> #REF! | R90: 312 | AW90: ='[1]D.3 Trial Balance - FY25'!$90:$90 -> 0 | AX90: 86 | BA90: ='[1]D.3 Trial Balance - FY25'!$D$82 -> 1522:ACCRUED REVENUE - INTEREST INCOME - NON-CURRENT | BB90: 539 | BC90: ='[1]D.4 Revenue - FY25'!$90:$90 -> 0 | BD90: 86 | BG90: ='[1]D.4 Revenue - FY25'!$C$54 -> RC0035 FX UNREALISED GAIN/LOSS (REVENUE HEDGING) | BH90: 280
A91: =#REF! -> #REF! | B91: 87 | E91: =#REF! -> #REF! | F91: 565 | M91: =#REF! -> #REF! | N91: 87 | Q91: =#REF! -> #REF! | R91: 313 | AW91: ='[1]D.3 Trial Balance - FY25'!$91:$91 -> 0 | AX91: 87 | BA91: ='[1]D.3 Trial Balance - FY25'!$D$83 -> 1840:ACCESS ARRANGEMENTS | BB91: 540 | BC91: ='[1]D.4 Revenue - FY25'!$91:$91 -> 0 | BD91: 87 | BG91: ='[1]D.4 Revenue - FY25'!$C$55 -> RC0036 WGP REVENUE UNWIND DUE TO DE-DESIGNATION | BH91: 281
A92: =#REF! -> #REF! | B92: 88 | E92: =#REF! -> #REF! | F92: 566 | M92: =#REF! -> #REF! | N92: 88 | Q92: =#REF! -> #REF! | R92: 314 | AW92: ='[1]D.3 Trial Balance - FY25'!$92:$92 -> 0 | AX92: 88 | BA92: ='[1]D.3 Trial Balance - FY25'!$D$84 -> 1841:ACCESS ARRANGEMENTS - ACCUM AMORTISATION | BB92: 541 | BC92: ='[1]D.4 Revenue - FY25'!$92:$92 -> 0 | BD92: 88 | BG92: ='[1]D.4 Revenue - FY25'!$C$56 -> RC0090 PIPELINE - INTERRUPTIBLE - AS AVAILABLE | BH92: 282
A93: =#REF! -> #REF! | B93: 89 | E93: =#REF! -> #REF! | F93: 567 | M93: =#REF! -> #REF! | N93: 89 | Q93: =#REF! -> #REF! | R93: 315 | AW93: ='[1]D.3 Trial Balance - FY25'!$93:$93 -> 0 | AX93: 89 | BA93: ='[1]D.3 Trial Balance - FY25'!$D$85 -> 1780:VALUATION OF LICENCES | BB93: 542 | BC93: ='[1]D.4 Revenue - FY25'!$93:$93 -> 0 | BD93: 89 | BG93: ='[1]D.4 Revenue - FY25'!$C$57 -> RC0091 PIPELINE - INTERRUPTIBLE | BH93: 283
A94: =#REF! -> #REF! | B94: 90 | E94: =#REF! -> #REF! | F94: 568 | M94: =#REF! -> #REF! | N94: 90 | Q94: =#REF! -> #REF! | R94: 316 | AW94: ='[1]D.3 Trial Balance - FY25'!$94:$94 -> 0 | AX94: 90 | BA94: ='[1]D.3 Trial Balance - FY25'!$D$86 -> 1781:ACCUM AMORTISATION - LICENCES | BB94: 543 | BC94: ='[1]D.4 Revenue - FY25'!$94:$94 -> 0 | BD94: 90 | BG94: ='[1]D.4 Revenue - FY25'!$C$58 -> RC0092 PIPELINE - PARKING CHARGE - INTERRUPTIBLE | BH94: 284
A95: =#REF! -> #REF! | B95: 91 | E95: =#REF! -> #REF! | F95: 569 | M95: =#REF! -> #REF! | N95: 91 | Q95: =#REF! -> #REF! | R95: 317 | AW95: ='[1]D.3 Trial Balance - FY25'!$95:$95 -> 0 | AX95: 91 | BA95: ='[1]D.3 Trial Balance - FY25'!$D$87 -> 1782:RIGHT TO RECEIVE PIPELINE TARIFF | BB95: 544 | BC95: ='[1]D.4 Revenue - FY25'!$95:$95 -> 0 | BD95: 91 | BG95: ='[1]D.4 Revenue - FY25'!$C$59 -> RC0093 PIPELINE - LOAN CHARGE - INTERRUPTIBLE | BH95: 285
A96: =#REF! -> #REF! | B96: 92 | E96: =#REF! -> #REF! | F96: 570 | M96: =#REF! -> #REF! | N96: 92 | Q96: =#REF! -> #REF! | R96: 318 | AW96: ='[1]D.3 Trial Balance - FY25'!$96:$96 -> 0 | AX96: 92 | BA96: ='[1]D.3 Trial Balance - FY25'!$D$88 -> 1783:CONTRACT INTANGIBLE - COST | BB96: 545 | BC96: ='[1]D.4 Revenue - FY25'!$96:$96 -> 0 | BD96: 92 | BG96: ='[1]D.4 Revenue - FY25'!$C$60 -> RC0094 PIPELINE - PRESSURE SERVICES - INTERRUPTIBLE | BH96: 286
A97: =#REF! -> #REF! | B97: 93 | E97: =#REF! -> #REF! | F97: 571 | M97: =#REF! -> #REF! | N97: 93 | Q97: =#REF! -> #REF! | R97: 319 | AW97: ='[1]D.3 Trial Balance - FY25'!$97:$97 -> 0 | AX97: 93 | BA97: ='[1]D.3 Trial Balance - FY25'!$D$89 -> 1784:CONTRACT INTANGIBLE - ACCUM AMORTISATION AND IMPAIRMENT | BB97: 546 | BC97: ='[1]D.4 Revenue - FY25'!$97:$97 -> 0 | BD97: 93 | BG97: ='[1]D.4 Revenue - FY25'!$C$61 -> RC0095 PIPELINE - REDIRECTION - INTERRUPTIBLE | BH97: 287
A98: =#REF! -> #REF! | B98: 94 | E98: =#REF! -> #REF! | F98: 572 | M98: =#REF! -> #REF! | N98: 94 | Q98: =#REF! -> #REF! | R98: 320 | AW98: ='[1]D.3 Trial Balance - FY25'!$98:$98 -> 0 | AX98: 94 | BA98: ='[1]D.3 Trial Balance - FY25'!$D$90 -> 1785:AMORT RIGHT TO REC PIPELINE TARIFF | BB98: 547 | BC98: ='[1]D.4 Revenue - FY25'!$98:$98 -> 0 | BD98: 94 | BG98: ='[1]D.4 Revenue - FY25'!$C$62 -> RC0096 3RD PARTY CONTRACTED REVENUE - VARIABLE | BH98: 288
A99: =#REF! -> #REF! | B99: 95 | E99: =#REF! -> #REF! | F99: 573 | M99: =#REF! -> #REF! | N99: 95 | Q99: =#REF! -> #REF! | R99: 321 | AW99: ='[1]D.3 Trial Balance - FY25'!$99:$99 -> 0 | AX99: 95 | BA99: ='[1]D.3 Trial Balance - FY25'!$D$91 -> 1786:DEVELOPMENT ASSETS | BB99: 548 | BC99: ='[1]D.4 Revenue - FY25'!$99:$99 -> 0 | BD99: 95 | BG99: ='[1]D.4 Revenue - FY25'!$C$63 -> RC0097 PROJECT REVENUE | BH99: 289
A100: =#REF! -> #REF! | B100: 96 | E100: =#REF! -> #REF! | F100: 574 | M100: =#REF! -> #REF! | N100: 96 | Q100: =#REF! -> #REF! | R100: 322 | AW100: ='[1]D.3 Trial Balance - FY25'!$100:$100 -> 0 | AX100: 96 | BA100: ='[1]D.3 Trial Balance - FY25'!$D$92 -> 1787:AMORT DEVELOPMENT ASSETS | BB100: 549 | BC100: ='[1]D.4 Revenue - FY25'!$100:$100 -> 0 | BD100: 96 | BG100: ='[1]D.4 Revenue - FY25'!$C$64 -> RC0098 RECOVERABLE WORKS - FIXED | BH100: 290
A101: =#REF! -> #REF! | B101: 97 | E101: =#REF! -> #REF! | F101: 575 | M101: =#REF! -> #REF! | N101: 97 | Q101: =#REF! -> #REF! | R101: 323 | AW101: ='[1]D.3 Trial Balance - FY25'!$101:$101 -> 0 | AX101: 97 | BA101: ='[1]D.3 Trial Balance - FY25'!$D$93 -> 1830:CONSTRUCTION IN PROGRESS - INTANGIBLE ASSETS | BB101: 550 | BC101: ='[1]D.4 Revenue - FY25'!$101:$101 -> 0 | BD101: 97 | BG101: ='[1]D.4 Revenue - FY25'!$C$65 -> RC0099 RECOVERABLE WORKS | BH101: 291
A102: =#REF! -> #REF! | B102: 98 | E102: =#REF! -> #REF! | F102: 576 | M102: =#REF! -> #REF! | N102: 98 | Q102: =#REF! -> #REF! | R102: 324 | AW102: ='[1]D.3 Trial Balance - FY25'!$102:$102 -> 0 | AX102: 98 | BA102: ='[1]D.3 Trial Balance - FY25'!$D$94 -> 1831:CONSTRUCTION IN PROGRESS - INTANGIBLE ASSETS (CONTRA) | BB102: 551 | BC102: ='[1]D.4 Revenue - FY25'!$102:$102 -> 0 | BD102: 98 | BG102: ='[1]D.4 Revenue - FY25'!$C$66 -> RC0100 CUSTOMER CONTRIBUTIONS | BH102: 292
...

Sheet OfficeConnectCellHighlights
A3: a75b27de-3cbb-4574-9781-cd0ba0527c5c | B3: 2dec4e6a-58a8-4cf3-9e84-60e2671e300b | C3: 58bbe7f6-0a42-4163-a9ee-8e8f1dd45a47 | D3: 4deeb268-5a4d-4792-8728-4d44180fb789
A4: 7 | B4: 13 | C4: 31 | D4: 37
